Workbook
Name Admon: #REF!
Name Admon: Balanza!$L:$L
Name APENDICE_IVGASTOS: #REF!
Name APENDICE_IVGASTOS: Cat!$AP$42:$AP$84
Name APENDICE_IVINGRESOS: #REF!
Name APENDICE_IVINGRESOS: Cat!$AP$1:$AP$41
Name APENDICE_IX: #REF!
Name APENDICE_IX: Cat!$AT$1:$AT$37
Name APENDICE_TI: #REF!
Name APENDICE_TI: Cat!$AV$1:$AV$9
Name APENDICE_V: #REF!
Name APENDICE_V: Cat!$AQ$1:$AQ$7
Name APENDICE_VI: #REF!
Name APENDICE_VI: Cat!$AR$1:$AR$248
Name APENDICE_VII: #REF!
Name APENDICE_VII: Cat!$AS$1:$AS$48
Name APENDICE_X: #REF!
Name APENDICE_X: Cat!$AU$1:$AU$18
Name B_A_PERSONA_PER_NOM: #REF!
Name B_B_DESPACHO_DES_COL: Contador!$C$16
Name B_B_DESPACHO_DES_NOM: Contador!$C$17
Name B_B_DESPACHO_DES_NUM: Contador!$C$19
Name B_B_DESPACHO_DES_RFC: Contador!$C$18
Name B_B_PERSONA_PER_COD: Contador!$C$11
Name B_B_PERSONA_PER_COL: Contador!$C$10
Name B_B_PERSONA_PER_CURP: Contador!$C$5
Name B_B_PERSONA_PER_DEL: Contador!$C$9
Name B_B_PERSONA_PER_DOM: Contador!$C$12
Name B_B_PERSONA_PER_EDO: Contador!$C$8
Name B_B_PERSONA_PER_EXT: Contador!$C$6
Name B_B_PERSONA_PER_MAIL: Contador!$C$15
Name B_B_PERSONA_PER_NOM: Contador!$C$4
Name B_B_PERSONA_PER_POB: Contador!$C$13
Name B_B_PERSONA_PER_RFC: Contador!$C$3
Name B_B_PERSONA_PER_TEL: Contador!$C$14
Name B_C_PERSONA_PER_NOM: #REF!
Name B_D_CUANTITATIVOS_CUA_ALAF: Generales!$C$5
Name B_D_CUANTITATIVOS_CUA_AUTOCOM: Generales!$C$3
Name B_D_CUANTITATIVOS_CUA_FECFIN: Generales!$C$22
Name B_D_CUANTITATIVOS_CUA_FECINI: Generales!$C$21
Name B_D_CUANTITATIVOS_CUA_FINANT: Generales!$C$24
Name B_D_CUANTITATIVOS_CUA_FRACCION: Generales!$C$8
Name B_D_CUANTITATIVOS_CUA_INIANT: Generales!$C$23
Name B_D_CUANTITATIVOS_CUA_TCUNIFICADO: Generales!$C$13
Name B_D_CUANTITATIVOS_CUA_TIPOOPINION: Generales!$C$34
Name Bal: Balanza!$A:$G
Name Balance: #REF!
Name Balance: Balanza!$G:$G
Name C_1: 'ANEXO - 10'!$C$2
Name C_1: 'ANEXO - 8'!$D$2
Name C_1: 'ANEXO 1'!$D$2
Name C_1: 'ANEXO 11'!$F$2
Name C_1: 'ANEXO 12'!$O$2
Name C_1: 'ANEXO 14'!$M$2
Name C_1: 'ANEXO 15'!$J$2
Name C_1: 'ANEXO 16'!$S$2
Name C_1: 'ANEXO 17'!$C$2
Name C_1: 'ANEXO 2'!$D$2
Name C_1: 'ANEXO 20'!$C$2
Name C_1: 'ANEXO 22'!$E$2

Sheet Inicio
B2: HOJA DE TRABAJO PARA LA CAPTURA DEL DICTAMEN FISCAL 2012
B3: ESTADOS FINANCIEROS GENERAL
B4: DSOFT, S.A. de C.V.
B5: www.dsoft.mx
E9: Soporte | K9: Hoja de Trabajo Adaptada Por:
E11: Consultas
E12: Manual en línea | K12: LCC JULIO DANIEL REYES RIVERO
K13: danielreyes@me.com
K14: @Sipred
K15: Tel. 01 (771) 715 1056
E16: Información y Ventas
E19: Teléfonos
E20: 01 (55) 5677 3812 al 14
E21: 01 (55) 5684 3683
E22: 01 (55) 5679 5836
E23: 01 (55) 6264 5665
E25: Email
E26: ventas@dsoft.mx
E27: contacto@dsoft.mx
I29: Siguenos

Sheet Contador
A1: DATOS DE IDENTIFICACIÓN DEL CONTADOR PÚBLICO
A2: INDICE | B2: CONCEPTO | C2: DATO
A3: 01B000000 | B3: RFC: | C3: GUPC7904061W5
A4: 01B001000 | B4: NOMBRE (APELLIDO PATERNO, APELLIDO MATERNO, NOMBRE(S)) | C4: GUTIERREZ PEREZ CARLOS
A5: 01B002000 | B5: CURP: | C5: GUPC790406HDFTRR03
A6: 01B003000 | B6: NUMERO DE REGISTRO: | C6: 16886
A7: 01B003010 | B7: DOMICILIO FISCAL:
A8: 01B004000 | B8: ENTIDAD FEDERATIVA: | C8: 09 - DISTRITO FEDERAL
A9: 01B005000 | B9: DELEGACION O MUNICIPIO: | C9: Venistiano Carranza
A10: 01B006000 | B10: COLONIA O LOCALIDAD: | C10: COL. 20 DE NOVIEMBRE
A11: 01B007000 | B11: CODIGO POSTAL: | C11: 15300
A12: 01B008000 | B12: CALLE, NUMERO EXTERIOR E INTERIOR: | C12: VULCANIZACION 45
A13: 01B009000 | B13: CIUDAD O POBLACION: | C13: Ciudad de Mexico
A14: 01B010000 | B14: TELEFONO DEL CPR O DESPACHO: | C14: 5526142460
A15: 01B011000 | B15: CORREO ELECTRONICO: | C15: carlosgtz79@yahoo.com.mx
A16: 01B012000 | B16: COLEGIO AL QUE PERTENECE: | C16: COLEGIO DE CONTADORES PUBLICOS DE CUAUTLA
A17: 01B013000 | B17: NOMBRE DEL DESPACHO: | C17: GUTIERREZ ENRIQUEZ CONSULTORES S.C.
A18: 01B014000 | B18: RFC DEL DESPACHO: | C18: GEC0610136LA
A19: 01B015000 | B19: NUMERO DE REGISTRO DEL DESPACHO: | C19: 16886

Sheet Generales
A1: DATOS GENERALES | Y1: =IF(C3="1 - ADMINISTRACION GENERAL DE GRANDES CONTRIBUYENTES",1,IF(C3="2 - ADMINISTRACION LOCAL DE AUDITORIA FISCAL",2,2)) -> 2 | Z1: =IF(C26<>"",VALUE(MID(C26,1,1)),0) -> 3
A2: INDICE | B2: CONCEPTO | C2: DATO
A3: 01D000000 | B3: AUTORIDAD COMPETENTE | C3: 2 - ADMINISTRACION LOCAL DE AUDITORIA FISCAL
A4: 01D000010
A5: 01D001000 | B5: ADMINISTRACION LOCAL | C5: 15 - NAUCALPAN
A6: 01D001010
A7: 01D001011
A8: 01D002000 | B8: OBLIGADO U OPTATIVO
A9: 01D002010
A10: 01D003000 | B10: FORMA PARTE DE UNA ASOCIACION EN PARTICIPACION | C10: NO
A11: 01D004000 | B11: PRIMER DICTAMEN | C11: NO
A12: 01D005000 | B12: INDUSTRIA MAQUILADORA | C12: NO
A13: 01D006000 | B13: TIPO DE CONTRIBUYENTE ESPECIAL | C13: 0 - NINGUNO
A14: 01D007000 | B14: EMPRESA PARAESTATAL | C14: NO
A15: 01D008000 | B15: EMPRESA FILIAL | C15: NO
A16: 01D009000 | B16: EMPRESA SUBSIDIARIA | C16: NO
A17: 01D010000 | B17: ORGANISMO DESCENTRALIZADO | C17: NO
A18: 01D011000 | B18: SOCIEDAD COOPERATIVA | C18: NO
A19: 01D012000 | B19: INICIO DE OPERACIONES | C19: NO
A20: 01D012010
A21: 01D013000 | B21: FECHA DE INICIO DEL EJERCICIO FISCAL | C21: 01/01/2023
A22: 01D014000 | B22: FECHA DE TERMINACION DEL EJERCICIO FISCAL | C22: 31/12/2023
A23: 01D015000 | B23: FECHA DE INICIO DEL EJERCICIO FISCAL ANTERIOR | C23: 01/01/2022
A24: 01D016000 | B24: FECHA DE TERMINACION DEL EJERCICIO FISCAL ANTERIOR | C24: 31/12/2022
A25: 01D016010
A26: 01D017000 | B26: SELECCIONE EL SISTEMA DE COSTEO QUE UTILIZA PARA EFECTOS FISCALES: | C26: 3 - COSTEO ABSORBENTE [COSTOS HISTORICOS]
A27: 01D017010 | B27: EN CASO DE HABER SELECCIONADO ALGUN SISTEMA DE COSTEO, ESTARA A LO SIGUIENTE:
A28: 01D017011
A29: 01D018000 | B29: COSTO DE VENTAS: UTILIZA EL SISTEMA DE COSTEO DIRECTO (COSTOS HISTORICOS) PARA EFECTOS FISCALES (EN CASO AFIRMATIVO DEBE LLENAR DEL INDICE 01060000000000 AL 01060026000000 DEL ANEXO 6) | C29: =IF(siscosteoselec<>0,IF(siscosteoselec=1,"SI",IF(siscosteoselec=6,"NO","NO")),"") -> NO
A30: 01D019000 | B30: COSTO DE VENTAS: UTILIZA EL SISTEMA DE COSTEO ABSORBENTE PARA EFECTOS FISCALES Y EL METODO DE VALUACION DE COSTO DE ADQUISICION PARA EFECTOS CONTABLES (COSTOS HISTORICOS) (EN CASO AFIRMATIVO DEBE LLENAR DEL INDICE 01060027000000 AL 01060056000000 DEL ANEXO 6) | C30: =IF(siscosteoselec<>0,IF(siscosteoselec=3,"SI",IF(siscosteoselec=6,"NO","NO")),"") -> SI
A31: 01D020000 | B31: COSTO DE VENTAS: UTILIZA EL SISTEMA DE COSTEO ABSORBENTE PARA EFECTOS FISCALES (COSTOS PREDETERMINADOS ESTIMADOS) (EN CASO AFIRMATIVO DEBE LLENAR DEL INDICE 01060027000000 AL 01060056000000 DEL ANEXO 6) | C31: =IF(siscosteoselec<>0,IF(siscosteoselec=4,"SI",IF(siscosteoselec=6,"NO","NO")),"") -> NO
A32: 01D021000 | B32: COSTO DE VENTAS: UTILIZA EL SISTEMA DE COSTEO ABSORBENTE PARA EFECTOS FISCALES Y EL METODO DE VALUACION DE COSTO ESTANDAR PARA EFECTOS CONTABLES (EN CASO AFIRMATIVO DEBE LLENAR DEL INDICE 01060027000000 AL 01060056000000 DEL ANEXO 6) | C32: =IF(siscosteoselec<>0,IF(siscosteoselec=5,"SI",IF(siscosteoselec=6,"NO","NO")),"") -> NO
A33: 01D022000 | B33: COSTO DE VENTAS: UTILIZA UN SISTEMA DISTINTO A LOS ANTERIORES (EN CASO AFIRMATIVO DEBE LLENAR DEL INDICE 01060057000000 AL 01060066000000 DEL ANEXO 6) | C33: =IF(siscosteoselec<>0,IF(siscosteoselec=6,"SI",IF(siscosteoselec=7,"NO","NO")),"") -> NO
A34: 01D023000 | B34: TIPO DE OPINION
A35: 01D023010
A36: 01D024000 | B36: ESTADO DE FLUJOS DE EFECTIVO. UTILIZO EL METODO INDIRECTO (EN CASO AFIRMATIVO DEBE LLENAR DEL INDICE 01040000000000 AL 01040048000000 DEL ANEXO 4) | C36: SI
A37: 01D025000 | B37: ESTADO DE FLUJOS DE EFECTIVO. UTILIZO EL METODO DIRECTO (EN CASO AFIRMATIVO DEBE LLENAR DEL INDICE 01040049000000 AL 01040085000000 DEL ANEXO 4) | C37: =IF(C36<>"",IF(C36="SI","NO","SI"),"") -> NO
A38: 01D026000 | B38: ES RECAUDADOR DEL IMPUESTO A LOS DEPOSITOS EN EFECTIVO (EN CASO AFIRMATIVO DEBE LLENAR EL ANEXO 17) | C38: NO
A39: 01D026010
A40: 01D026011 | B40: RFC DE LA PERSONA FISICA O MORAL QUE ASESORO(ARON) FISCALMENTE AL CONTRIBUYENTE:
A41: 01D027000 | B41: RFC 1
A42: 01D028000 | B42: RFC 2
A43: 01D029000 | B43: RFC 3
A44: 01D030000 | B44: RFC 4
A45: 01D031000 | B45: RFC 5
A46: 01D031010
A47: 01D031011 | B47: EFECTOS FISCALES
A48: 01D031012
A49: 01D032000 | B49: EN EL EJERCICIO RECONOCIO EFECTOS DEL INVENTARIO ACUMULABLE AL 31 DE DICIEMBRE DE 2004 (EN CASO AFIRMATIVO DEBE LLENAR EL ANEXO 20)
A50: 01D033000 | B50: EN EL EJERCICIO DISMINUYO PERDIDAS FISCALES DE EJERCICIOS ANTERIORES, O BIEN, PARTICIPO EN ALGUNA FUSION O ESCISION (EN CASO AFIRMATIVO DEBE LLENAR EL ANEXO 21)
A51: 01D034000 | B51: EFECTUO OPERACIONES CON FIDEICOMISOS (EN CASO AFIRMATIVO DEBE LLENAR EL ANEXO 38)
A52: 01D035000 | B52: REALIZO OPERACIONES CON PARTES RELACIONADAS (EN CASO AFIRMATIVO DEBE LLENAR LOS ANEXOS 32 Y 33)
A53: 01D036000 | B53: REALIZO OPERACIONES CON PARTES RELACIONADAS NACIONALES
A54: 01D037000 | B54: REALIZO OPERACIONES CON PARTES RELACIONADAS EXTRANJERAS
A55: 01D038000 | B55: DETERMINO RENTA GRAVABLE PARA EFECTOS DE LA PARTICIPACION DE LOS TRABAJADORES EN LAS UTILIDADES
A56: 01D039000 | B56: LA RENTA GRAVABLE SE DETERMINO CON BASE EN LO DISPUESTO POR EL ARTICULO 16 DE LA L.I.S.R. (PERSONAS MORALES. EN CASO AFIRMATIVO DEBE LLENAR EL ANEXO 35)
A57: 01D039010
A58: 01D039011 | B58: OTROS ASPECTOS
A59: 01D040000 | B59: EL CONTRIBUYENTE APLICO CRITERIOS CONTRARIOS A LOS PUBLICADOS EN EL D.O.F. COMO CRITERIOS NO VINCULATIVOS DE LAS DISPOSICIONES FISCALES Y ADUANERAS
A60: 01D041000 | B60: ESPECIFIQUE EL O LOS NUMERO(S) DE CRITERIO(S)
A61: 01D041010
A62: 01D042000 | B62: OBTUVO ALGUNA RESOLUCION POR PARTE DEL SAT O DE LA SHCP QUE HAYA AFECTADO SU SITUACION FISCAL DURANTE EL EJERCICIO
A63: 01D042010
A64: 01D042011 | B64: EN CASO AFIRMATIVO INDIQUE LO SIGUIENTE:
A65: 01D043000 | B65: SE TRATA DE:
A66: 01D043010
A67: 01D044000 | B67: SE CUMPLIERON LOS REQUISITOS ESTABLECIDOS EN LA RESOLUCION (AUTORIZACION O CONSULTA)
A68: 01D045000 | B68: NÚMERO DE OFICIO 1
A69: 01D046000 | B69: FECHA DEL OFICIO 1
A70: 01D047000 | B70: NÚMERO DE OFICIO 2
A71: 01D048000 | B71: FECHA DEL OFICIO 2
A72: 01D049000 | B72: NÚMERO DE OFICIO 3
A73: 01D050000 | B73: FECHA DEL OFICIO 3
A74: 01D050010
A75: 01D051000 | B75: OBTUVO ALGUNA RESOLUCION FAVORABLE POR PARTE DE AUTORIDADES JURISDICCIONALES QUE HAYA AFECTADO SU SITUACION FISCAL DURANTE EL EJERCICIO
A76: 01D052000 | B76: NUMERO DE RESOLUCION 1
A77: 01D053000 | B77: FECHA DE LA RESOLUCION 1
A78: 01D054000 | B78: NUMERO DE RESOLUCION 2
A79: 01D055000 | B79: FECHA DE LA RESOLUCION 2
A80: 01D056000 | B80: NUMERO DE RESOLUCION 3
A81: 01D057000 | B81: FECHA DE LA RESOLUCION 3
A82: 01D057010
A83: 01D058000 | B83: FECHA DE ENVIO DE LA DECLARACION INFORMATIVA MULTIPLE. (NORMAL)
A84: 01D059000 | B84: FECHA DE ENVIO DE LA DECLARACION INFORMATIVA MULTIPLE. (ULTIMA COMPLEMENTARIA)
A85: 01D059010
A86: 01D059011 | B86: OPERACIONES CON RESIDENTES EN EL EXTRANJERO
A87: 01D059012
A88: 01D060000 | B88: REALIZO OPERACIONES AFECTAS A RETENCION DEL IMPUESTO SOBRE LA RENTA. (EN CASO AFIRMATIVO DEBE LLENAR EL ANEXO 14)
A89: 01D061000 | B89: FUE RESPONSABLE SOLIDARIO EN EL IMPUESTO SOBRE LA RENTA EN ALGUNA ENAJENACION DE ACCIONES EFECTUADA POR RESIDENTES EN EL EXTRANJERO. (EN CASO AFIRMATIVO DEBE LLENAR EL ANEXO 15)
A90: 01D062000 | B90: CELEBRO OPERACIONES FINANCIERAS DERIVADAS QUE TUVIERAN EFECTOS FISCALES DURANTE EL EJERCICIO EN EL IMPUESTO SOBRE LA RENTA (EN CASO AFIRMATIVO DEBE LLENAR EL ANEXO 24)
A91: 01D063000 | B91: MANTUVO SALDOS POR COBRAR Y POR PAGAR EN MONEDA EXTRANJERA DURANTE EL EJERCICIO (EN CASO AFIRMATIVO DEBE LLENAR EL ANEXO 25)
A92: 01D064000 | B92: CELEBRO PRESTAMOS QUE TUVIERAN EFECTOS FISCALES DURANTE EL EJERCICIO EN EL IMPUESTO SOBRE LA RENTA (EN CASO AFIRMATIVO DEBE LLENAR EL ANEXO 26)
A93: 01D065000 | B93: MANTUVO INVERSIONES PERMANENTES EN SUBSIDIARIAS, ASOCIADAS Y AFILIADAS DURANTE EL EJERCICIO (EN CASO AFIRMATIVO DEBE LLENAR EL ANEXO 27)
A94: 01D066000 | B94: OBTUVO INGRESOS SUJETOS A REGIMENES FISCALES PREFERENTES (EN CASO AFIRMATIVO DEBE LLENAR EL ANEXO 29)
A95: 01D067000 | B95: EFECTUO OPERACIONES DE COMERCIO EXTERIOR (EN CASO AFIRMATIVO DEBE LLENAR EL ANEXO 37)
A96: 01D067010
A97: 01D067011 | B97: DIAGNOSTICO FISCAL DEL CONTRIBUYENTE
A98: 01D067012
A99: 01D067013 | B99: GENERALIDADES FISCALES
A100: 01D067014
...

Sheet Balanza
A1: Area de Asignación de Indices | D1: Area de Colocación de Balanza | H1: =IF(I1<>0,"Descuadre por:","") | I1: =SUM(I3:I27464) -> 0 | J1: F | K1: V | L1: A | M1: G
A2: Indice | B2: A | C2: Concepto | D2: No.Cuenta | E2: N | F2: Descripción | G2: Saldo Final | H2: Partes Relacionadas | J2: Fab | K2: Vta | L2: Admon | M2: Gral
C3: =IF(ISERROR(VLOOKUP(A3,ResBal,2,FALSE)),"",VLOOKUP(A3,ResBal,2,FALSE)) -> 0 | F3: ACTIVO | I3: =IF(ISTEXT(A3)=TRUE,G3,0) -> 0 | J3: =IF($B3="F",$G3,"") | K3: =IF($B3="V",$G3,"") | L3: =IF($B3="A",$G3,"") | M3: =IF($B3="G",$G3,"")
C4: =IF(ISERROR(VLOOKUP(A4,ResBal,2,FALSE)),"",VLOOKUP(A4,ResBal,2,FALSE)) -> 0 | I4: =IF(ISTEXT(A4)=TRUE,G4,0) -> 0 | J4: =IF($B4="F",$G4,"") | K4: =IF($B4="V",$G4,"") | L4: =IF($B4="A",$G4,"") | M4: =IF($B4="G",$G4,"")
A5: 01010000000000 | C5: =IF(ISERROR(VLOOKUP(A5,ResBal,2,FALSE)),"",VLOOKUP(A5,ResBal,2,FALSE)) -> EFECTIVO EN CAJA Y BANCOS | I5: =IF(ISTEXT(A5)=TRUE,G5,0) -> 0 | J5: =IF($B5="F",$G5,"") | K5: =IF($B5="V",$G5,"") | L5: =IF($B5="A",$G5,"") | M5: =IF($B5="G",$G5,"")
A6: 01010005000000 | C6: =IF(ISERROR(VLOOKUP(A6,ResBal,2,FALSE)),"",VLOOKUP(A6,ResBal,2,FALSE)) -> CLIENTES | I6: =IF(ISTEXT(A6)=TRUE,G6,0) -> 0 | J6: =IF($B6="F",$G6,"") | K6: =IF($B6="V",$G6,"") | L6: =IF($B6="A",$G6,"") | M6: =IF($B6="G",$G6,"")
A7: 01010013000000 | C7: =IF(ISERROR(VLOOKUP(A7,ResBal,2,FALSE)),"",VLOOKUP(A7,ResBal,2,FALSE)) -> DEUDORES DIVERSOS | I7: =IF(ISTEXT(A7)=TRUE,G7,0) -> 0 | J7: =IF($B7="F",$G7,"") | K7: =IF($B7="V",$G7,"") | L7: =IF($B7="A",$G7,"") | M7: =IF($B7="G",$G7,"")
A8: 01010013000000 | C8: =IF(ISERROR(VLOOKUP(A8,ResBal,2,FALSE)),"",VLOOKUP(A8,ResBal,2,FALSE)) -> DEUDORES DIVERSOS | I8: =IF(ISTEXT(A8)=TRUE,G8,0) -> 0 | J8: =IF($B8="F",$G8,"") | K8: =IF($B8="V",$G8,"") | L8: =IF($B8="A",$G8,"") | M8: =IF($B8="G",$G8,"")
A9: 01010008000000 | C9: =IF(ISERROR(VLOOKUP(A9,ResBal,2,FALSE)),"",VLOOKUP(A9,ResBal,2,FALSE)) -> IMPUESTO AL VALOR AGREGADO POR RECUPERAR | I9: =IF(ISTEXT(A9)=TRUE,G9,0) -> 0 | J9: =IF($B9="F",$G9,"") | K9: =IF($B9="V",$G9,"") | L9: =IF($B9="A",$G9,"") | M9: =IF($B9="G",$G9,"")
A10: 01010008000000 | C10: =IF(ISERROR(VLOOKUP(A10,ResBal,2,FALSE)),"",VLOOKUP(A10,ResBal,2,FALSE)) -> IMPUESTO AL VALOR AGREGADO POR RECUPERAR | I10: =IF(ISTEXT(A10)=TRUE,G10,0) -> 0 | J10: =IF($B10="F",$G10,"") | K10: =IF($B10="V",$G10,"") | L10: =IF($B10="A",$G10,"") | M10: =IF($B10="G",$G10,"")
A11: 01010026000000 | C11: =IF(ISERROR(VLOOKUP(A11,ResBal,2,FALSE)),"",VLOOKUP(A11,ResBal,2,FALSE)) -> PAGOS PROVISIONALES DE IMPUESTOS | I11: =IF(ISTEXT(A11)=TRUE,G11,0) -> 0 | J11: =IF($B11="F",$G11,"") | K11: =IF($B11="V",$G11,"") | L11: =IF($B11="A",$G11,"") | M11: =IF($B11="G",$G11,"")
A12: 01010026000000 | C12: =IF(ISERROR(VLOOKUP(A12,ResBal,2,FALSE)),"",VLOOKUP(A12,ResBal,2,FALSE)) -> PAGOS PROVISIONALES DE IMPUESTOS | I12: =IF(ISTEXT(A12)=TRUE,G12,0) -> 0 | J12: =IF($B12="F",$G12,"") | K12: =IF($B12="V",$G12,"") | L12: =IF($B12="A",$G12,"") | M12: =IF($B12="G",$G12,"")
A13: 01010019000000 | C13: =IF(ISERROR(VLOOKUP(A13,ResBal,2,FALSE)),"",VLOOKUP(A13,ResBal,2,FALSE)) -> MATERIAS PRIMAS Y MATERIALES | I13: =IF(ISTEXT(A13)=TRUE,G13,0) -> 0 | J13: =IF($B13="F",$G13,"") | K13: =IF($B13="V",$G13,"") | L13: =IF($B13="A",$G13,"") | M13: =IF($B13="G",$G13,"")
A14: 01060043000000 | C14: =IF(ISERROR(VLOOKUP(A14,ResBal,2,FALSE)),"",VLOOKUP(A14,ResBal,2,FALSE)) -> INVENTARIO FINAL DE PRODUCTOS TERMINADOS | I14: =IF(ISTEXT(A14)=TRUE,G14,0) -> 0 | J14: =IF($B14="F",$G14,"") | K14: =IF($B14="V",$G14,"") | L14: =IF($B14="A",$G14,"") | M14: =IF($B14="G",$G14,"")
A15: 01060043000000 | C15: =IF(ISERROR(VLOOKUP(A15,ResBal,2,FALSE)),"",VLOOKUP(A15,ResBal,2,FALSE)) -> INVENTARIO FINAL DE PRODUCTOS TERMINADOS | I15: =IF(ISTEXT(A15)=TRUE,G15,0) -> 0 | J15: =IF($B15="F",$G15,"") | K15: =IF($B15="V",$G15,"") | L15: =IF($B15="A",$G15,"") | M15: =IF($B15="G",$G15,"")
A16: 01060043000000 | C16: =IF(ISERROR(VLOOKUP(A16,ResBal,2,FALSE)),"",VLOOKUP(A16,ResBal,2,FALSE)) -> INVENTARIO FINAL DE PRODUCTOS TERMINADOS | I16: =IF(ISTEXT(A16)=TRUE,G16,0) -> 0 | J16: =IF($B16="F",$G16,"") | K16: =IF($B16="V",$G16,"") | L16: =IF($B16="A",$G16,"") | M16: =IF($B16="G",$G16,"")
... A54: 01010063000000 | C54: =IF(ISERROR(VLOOKUP(A54,ResBal,2,FALSE)),"",VLOOKUP(A54,ResBal,2,FALSE)) -> GASTOS PREOPERATIVOS | I54: =IF(ISTEXT(A54)=TRUE,G54,0) -> 0 | J54: =IF($B54="F",$G54,"") | K54: =IF($B54="V",$G54,"") | L54: =IF($B54="A",$G54,"") | M54: =IF($B54="G",$G54,"")
C55: =IF(ISERROR(VLOOKUP(A55,ResBal,2,FALSE)),"",VLOOKUP(A55,ResBal,2,FALSE)) -> 0 | I55: =IF(ISTEXT(A55)=TRUE,G55,0) -> 0 | J55: =IF($B55="F",$G55,"") | K55: =IF($B55="V",$G55,"") | L55: =IF($B55="A",$G55,"") | M55: =IF($B55="G",$G55,"")
A56: 01010085000000 | C56: =IF(ISERROR(VLOOKUP(A56,ResBal,2,FALSE)),"",VLOOKUP(A56,ResBal,2,FALSE)) -> NACIONALES | I56: =IF(ISTEXT(A56)=TRUE,G56,0) -> 0 | J56: =IF($B56="F",$G56,"") | K56: =IF($B56="V",$G56,"") | L56: =IF($B56="A",$G56,"") | M56: =IF($B56="G",$G56,"")
A57: 01010082000000 | C57: =IF(ISERROR(VLOOKUP(A57,ResBal,2,FALSE)),"",VLOOKUP(A57,ResBal,2,FALSE)) -> ACREEDORES NACIONALES | I57: =IF(ISTEXT(A57)=TRUE,G57,0) -> 0 | J57: =IF($B57="F",$G57,"") | K57: =IF($B57="V",$G57,"") | L57: =IF($B57="A",$G57,"") | M57: =IF($B57="G",$G57,"")
A58: 01010104000000 | C58: =IF(ISERROR(VLOOKUP(A58,ResBal,2,FALSE)),"",VLOOKUP(A58,ResBal,2,FALSE)) -> ANTICIPOS DE CLIENTES NACIONALES | I58: =IF(ISTEXT(A58)=TRUE,G58,0) -> 0 | J58: =IF($B58="F",$G58,"") | K58: =IF($B58="V",$G58,"") | L58: =IF($B58="A",$G58,"") | M58: =IF($B58="G",$G58,"")
A59: 01010104000000 | C59: =IF(ISERROR(VLOOKUP(A59,ResBal,2,FALSE)),"",VLOOKUP(A59,ResBal,2,FALSE)) -> ANTICIPOS DE CLIENTES NACIONALES | I59: =IF(ISTEXT(A59)=TRUE,G59,0) -> 0 | J59: =IF($B59="F",$G59,"") | K59: =IF($B59="V",$G59,"") | L59: =IF($B59="A",$G59,"") | M59: =IF($B59="G",$G59,"")
A60: 01010090000000 | C60: =IF(ISERROR(VLOOKUP(A60,ResBal,2,FALSE)),"",VLOOKUP(A60,ResBal,2,FALSE)) -> IMPUESTO AL VALOR AGREGADO | I60: =IF(ISTEXT(A60)=TRUE,G60,0) -> 0 | J60: =IF($B60="F",$G60,"") | K60: =IF($B60="V",$G60,"") | L60: =IF($B60="A",$G60,"") | M60: =IF($B60="G",$G60,"")
A61: 01010102000000 | C61: =IF(ISERROR(VLOOKUP(A61,ResBal,2,FALSE)),"",VLOOKUP(A61,ResBal,2,FALSE)) -> IMPUESTO AL VALOR AGREGADO NO COBRADO | I61: =IF(ISTEXT(A61)=TRUE,G61,0) -> 0 | J61: =IF($B61="F",$G61,"") | K61: =IF($B61="V",$G61,"") | L61: =IF($B61="A",$G61,"") | M61: =IF($B61="G",$G61,"")
A62: 01010113000000 | C62: =IF(ISERROR(VLOOKUP(A62,ResBal,2,FALSE)),"",VLOOKUP(A62,ResBal,2,FALSE)) -> DOCUMENTOS POR PAGAR NACIONALES | I62: =IF(ISTEXT(A62)=TRUE,G62,0) -> 0 | J62: =IF($B62="F",$G62,"") | K62: =IF($B62="V",$G62,"") | L62: =IF($B62="A",$G62,"") | M62: =IF($B62="G",$G62,"")
A63: 01010095000000 | C63: =IF(ISERROR(VLOOKUP(A63,ResBal,2,FALSE)),"",VLOOKUP(A63,ResBal,2,FALSE)) -> CUOTAS PATRONALES SEGURO SOCIAL | I63: =IF(ISTEXT(A63)=TRUE,G63,0) -> 0 | J63: =IF($B63="F",$G63,"") | K63: =IF($B63="V",$G63,"") | L63: =IF($B63="A",$G63,"") | M63: =IF($B63="G",$G63,"")
A64: 01010095000000 | C64: =IF(ISERROR(VLOOKUP(A64,ResBal,2,FALSE)),"",VLOOKUP(A64,ResBal,2,FALSE)) -> CUOTAS PATRONALES SEGURO SOCIAL | I64: =IF(ISTEXT(A64)=TRUE,G64,0) -> 0 | J64: =IF($B64="F",$G64,"") | K64: =IF($B64="V",$G64,"") | L64: =IF($B64="A",$G64,"") | M64: =IF($B64="G",$G64,"")
A65: 01010098000000 | C65: =IF(ISERROR(VLOOKUP(A65,ResBal,2,FALSE)),"",VLOOKUP(A65,ResBal,2,FALSE)) -> APORTACIONES AL SAR | I65: =IF(ISTEXT(A65)=TRUE,G65,0) -> 0 | J65: =IF($B65="F",$G65,"") | K65: =IF($B65="V",$G65,"") | L65: =IF($B65="A",$G65,"") | M65: =IF($B65="G",$G65,"")
A66: 01010100000100 | C66: =IF(ISERROR(VLOOKUP(A66,ResBal,2,FALSE)),"",VLOOKUP(A66,ResBal,2,FALSE)) -> APORTACIONES CyV | I66: =IF(ISTEXT(A66)=TRUE,G66,0) -> 0 | J66: =IF($B66="F",$G66,"") | K66: =IF($B66="V",$G66,"") | L66: =IF($B66="A",$G66,"") | M66: =IF($B66="G",$G66,"")
A67: 01010097000000 | C67: =IF(ISERROR(VLOOKUP(A67,ResBal,2,FALSE)),"",VLOOKUP(A67,ResBal,2,FALSE)) -> APORTACIONES AL INFONAVIT | I67: =IF(ISTEXT(A67)=TRUE,G67,0) -> 0 | J67: =IF($B67="F",$G67,"") | K67: =IF($B67="V",$G67,"") | L67: =IF($B67="A",$G67,"") | M67: =IF($B67="G",$G67,"")
C68: =IF(ISERROR(VLOOKUP(A68,ResBal,2,FALSE)),"",VLOOKUP(A68,ResBal,2,FALSE)) -> 0 | I68: =IF(ISTEXT(A68)=TRUE,G68,0) -> 0 | J68: =IF($B68="F",$G68,"") | K68: =IF($B68="V",$G68,"") | L68: =IF($B68="A",$G68,"") | M68: =IF($B68="G",$G68,"")
A69: 01010090000000 | C69: =IF(ISERROR(VLOOKUP(A69,ResBal,2,FALSE)),"",VLOOKUP(A69,ResBal,2,FALSE)) -> IMPUESTO AL VALOR AGREGADO | I69: =IF(ISTEXT(A69)=TRUE,G69,0) -> 0 | J69: =IF($B69="F",$G69,"") | K69: =IF($B69="V",$G69,"") | L69: =IF($B69="A",$G69,"") | M69: =IF($B69="G",$G69,"")
A70: 01010088000000 | C70: =IF(ISERROR(VLOOKUP(A70,ResBal,2,FALSE)),"",VLOOKUP(A70,ResBal,2,FALSE)) -> IMPUESTO SOBRE LA RENTA | I70: =IF(ISTEXT(A70)=TRUE,G70,0) -> 0 | J70: =IF($B70="F",$G70,"") | K70: =IF($B70="V",$G70,"") | L70: =IF($B70="A",$G70,"") | M70: =IF($B70="G",$G70,"")
A71: 01010094000000 | C71: =IF(ISERROR(VLOOKUP(A71,ResBal,2,FALSE)),"",VLOOKUP(A71,ResBal,2,FALSE)) -> IMPUESTOS LOCALES | I71: =IF(ISTEXT(A71)=TRUE,G71,0) -> 0 | J71: =IF($B71="F",$G71,"") | K71: =IF($B71="V",$G71,"") | L71: =IF($B71="A",$G71,"") | M71: =IF($B71="G",$G71,"")
A72: 01010094000000 | C72: =IF(ISERROR(VLOOKUP(A72,ResBal,2,FALSE)),"",VLOOKUP(A72,ResBal,2,FALSE)) -> IMPUESTOS LOCALES | I72: =IF(ISTEXT(A72)=TRUE,G72,0) -> 0 | J72: =IF($B72="F",$G72,"") | K72: =IF($B72="V",$G72,"") | L72: =IF($B72="A",$G72,"") | M72: =IF($B72="G",$G72,"")
A73: 01010088000000 | C73: =IF(ISERROR(VLOOKUP(A73,ResBal,2,FALSE)),"",VLOOKUP(A73,ResBal,2,FALSE)) -> IMPUESTO SOBRE LA RENTA | I73: =IF(ISTEXT(A73)=TRUE,G73,0) -> 0 | J73: =IF($B73="F",$G73,"") | K73: =IF($B73="V",$G73,"") | L73: =IF($B73="A",$G73,"") | M73: =IF($B73="G",$G73,"")
C74: =IF(ISERROR(VLOOKUP(A74,ResBal,2,FALSE)),"",VLOOKUP(A74,ResBal,2,FALSE)) -> 0 | I74: =IF(ISTEXT(A74)=TRUE,G74,0) -> 0 | J74: =IF($B74="F",$G74,"") | K74: =IF($B74="V",$G74,"") | L74: =IF($B74="A",$G74,"") | M74: =IF($B74="G",$G74,"")
A75: 01010096000000 | C75: =IF(ISERROR(VLOOKUP(A75,ResBal,2,FALSE)),"",VLOOKUP(A75,ResBal,2,FALSE)) -> CUOTAS OBRERAS SEGURO SOCIAL | I75: =IF(ISTEXT(A75)=TRUE,G75,0) -> 0 | J75: =IF($B75="F",$G75,"") | K75: =IF($B75="V",$G75,"") | L75: =IF($B75="A",$G75,"") | M75: =IF($B75="G",$G75,"")
A76: 01010099000000 | C76: =IF(ISERROR(VLOOKUP(A76,ResBal,2,FALSE)),"",VLOOKUP(A76,ResBal,2,FALSE)) -> IMPUESTOS RETENIDOS | I76: =IF(ISTEXT(A76)=TRUE,G76,0) -> 0 | J76: =IF($B76="F",$G76,"") | K76: =IF($B76="V",$G76,"") | L76: =IF($B76="A",$G76,"") | M76: =IF($B76="G",$G76,"")
A77: 01010099000000 | C77: =IF(ISERROR(VLOOKUP(A77,ResBal,2,FALSE)),"",VLOOKUP(A77,ResBal,2,FALSE)) -> IMPUESTOS RETENIDOS | I77: =IF(ISTEXT(A77)=TRUE,G77,0) -> 0 | J77: =IF($B77="F",$G77,"") | K77: =IF($B77="V",$G77,"") | L77: =IF($B77="A",$G77,"") | M77: =IF($B77="G",$G77,"")
A78: 01010099000000 | C78: =IF(ISERROR(VLOOKUP(A78,ResBal,2,FALSE)),"",VLOOKUP(A78,ResBal,2,FALSE)) -> IMPUESTOS RETENIDOS | I78: =IF(ISTEXT(A78)=TRUE,G78,0) -> 0 | J78: =IF($B78="F",$G78,"") | K78: =IF($B78="V",$G78,"") | L78: =IF($B78="A",$G78,"") | M78: =IF($B78="G",$G78,"")
A79: 01010099000000 | C79: =IF(ISERROR(VLOOKUP(A79,ResBal,2,FALSE)),"",VLOOKUP(A79,ResBal,2,FALSE)) -> IMPUESTOS RETENIDOS | I79: =IF(ISTEXT(A79)=TRUE,G79,0) -> 0 | J79: =IF($B79="F",$G79,"") | K79: =IF($B79="V",$G79,"") | L79: =IF($B79="A",$G79,"") | M79: =IF($B79="G",$G79,"")
A80: 01010099000000 | C80: =IF(ISERROR(VLOOKUP(A80,ResBal,2,FALSE)),"",VLOOKUP(A80,ResBal,2,FALSE)) -> IMPUESTOS RETENIDOS | I80: =IF(ISTEXT(A80)=TRUE,G80,0) -> 0 | J80: =IF($B80="F",$G80,"") | K80: =IF($B80="V",$G80,"") | L80: =IF($B80="A",$G80,"") | M80: =IF($B80="G",$G80,"")
A81: 01010099000000 | C81: =IF(ISERROR(VLOOKUP(A81,ResBal,2,FALSE)),"",VLOOKUP(A81,ResBal,2,FALSE)) -> IMPUESTOS RETENIDOS | I81: =IF(ISTEXT(A81)=TRUE,G81,0) -> 0 | J81: =IF($B81="F",$G81,"") | K81: =IF($B81="V",$G81,"") | L81: =IF($B81="A",$G81,"") | M81: =IF($B81="G",$G81,"")
A82: 01010099000000 | C82: =IF(ISERROR(VLOOKUP(A82,ResBal,2,FALSE)),"",VLOOKUP(A82,ResBal,2,FALSE)) -> IMPUESTOS RETENIDOS | I82: =IF(ISTEXT(A82)=TRUE,G82,0) -> 0 | J82: =IF($B82="F",$G82,"") | K82: =IF($B82="V",$G82,"") | L82: =IF($B82="A",$G82,"") | M82: =IF($B82="G",$G82,"")
A83: 01010099000000 | C83: =IF(ISERROR(VLOOKUP(A83,ResBal,2,FALSE)),"",VLOOKUP(A83,ResBal,2,FALSE)) -> IMPUESTOS RETENIDOS | I83: =IF(ISTEXT(A83)=TRUE,G83,0) -> 0 | J83: =IF($B83="F",$G83,"") | K83: =IF($B83="V",$G83,"") | L83: =IF($B83="A",$G83,"") | M83: =IF($B83="G",$G83,"")
A84: 01010099000000 | C84: =IF(ISERROR(VLOOKUP(A84,ResBal,2,FALSE)),"",VLOOKUP(A84,ResBal,2,FALSE)) -> IMPUESTOS RETENIDOS | I84: =IF(ISTEXT(A84)=TRUE,G84,0) -> 0 | J84: =IF($B84="F",$G84,"") | K84: =IF($B84="V",$G84,"") | L84: =IF($B84="A",$G84,"") | M84: =IF($B84="G",$G84,"")
A85: 01010099000000 | C85: =IF(ISERROR(VLOOKUP(A85,ResBal,2,FALSE)),"",VLOOKUP(A85,ResBal,2,FALSE)) -> IMPUESTOS RETENIDOS | I85: =IF(ISTEXT(A85)=TRUE,G85,0) -> 0 | J85: =IF($B85="F",$G85,"") | K85: =IF($B85="V",$G85,"") | L85: =IF($B85="A",$G85,"") | M85: =IF($B85="G",$G85,"")
A86: 01010099000000 | C86: =IF(ISERROR(VLOOKUP(A86,ResBal,2,FALSE)),"",VLOOKUP(A86,ResBal,2,FALSE)) -> IMPUESTOS RETENIDOS | I86: =IF(ISTEXT(A86)=TRUE,G86,0) -> 0 | J86: =IF($B86="F",$G86,"") | K86: =IF($B86="V",$G86,"") | L86: =IF($B86="A",$G86,"") | M86: =IF($B86="G",$G86,"")
... A91: 01010099000000 | C91: =IF(ISERROR(VLOOKUP(A91,ResBal,2,FALSE)),"",VLOOKUP(A91,ResBal,2,FALSE)) -> IMPUESTOS RETENIDOS | I91: =IF(ISTEXT(A91)=TRUE,G91,0) -> 0 | J91: =IF($B91="F",$G91,"") | K91: =IF($B91="V",$G91,"") | L91: =IF($B91="A",$G91,"") | M91: =IF($B91="G",$G91,"")
C92: =IF(ISERROR(VLOOKUP(A92,ResBal,2,FALSE)),"",VLOOKUP(A92,ResBal,2,FALSE)) -> 0 | I92: =IF(ISTEXT(A92)=TRUE,G92,0) -> 0 | J92: =IF($B92="F",$G92,"") | K92: =IF($B92="V",$G92,"") | L92: =IF($B92="A",$G92,"") | M92: =IF($B92="G",$G92,"")
A93: 01010129000000 | C93: =IF(ISERROR(VLOOKUP(A93,ResBal,2,FALSE)),"",VLOOKUP(A93,ResBal,2,FALSE)) -> CAPITAL SOCIAL PROVENIENTE DE APORTACIONES | I93: =IF(ISTEXT(A93)=TRUE,G93,0) -> 0 | J93: =IF($B93="F",$G93,"") | K93: =IF($B93="V",$G93,"") | L93: =IF($B93="A",$G93,"") | M93: =IF($B93="G",$G93,"")
A94: 01010129000000 | C94: =IF(ISERROR(VLOOKUP(A94,ResBal,2,FALSE)),"",VLOOKUP(A94,ResBal,2,FALSE)) -> CAPITAL SOCIAL PROVENIENTE DE APORTACIONES | I94: =IF(ISTEXT(A94)=TRUE,G94,0) -> 0 | J94: =IF($B94="F",$G94,"") | K94: =IF($B94="V",$G94,"") | L94: =IF($B94="A",$G94,"") | M94: =IF($B94="G",$G94,"")
A95: 01010129000000 | C95: =IF(ISERROR(VLOOKUP(A95,ResBal,2,FALSE)),"",VLOOKUP(A95,ResBal,2,FALSE)) -> CAPITAL SOCIAL PROVENIENTE DE APORTACIONES | I95: =IF(ISTEXT(A95)=TRUE,G95,0) -> 0 | J95: =IF($B95="F",$G95,"") | K95: =IF($B95="V",$G95,"") | L95: =IF($B95="A",$G95,"") | M95: =IF($B95="G",$G95,"")
A96: 01010129000000 | C96: =IF(ISERROR(VLOOKUP(A96,ResBal,2,FALSE)),"",VLOOKUP(A96,ResBal,2,FALSE)) -> CAPITAL SOCIAL PROVENIENTE DE APORTACIONES | I96: =IF(ISTEXT(A96)=TRUE,G96,0) -> 0 | J96: =IF($B96="F",$G96,"") | K96: =IF($B96="V",$G96,"") | L96: =IF($B96="A",$G96,"") | M96: =IF($B96="G",$G96,"") | O96: SEPARADO
A97: 01010129000000 | C97: =IF(ISERROR(VLOOKUP(A97,ResBal,2,FALSE)),"",VLOOKUP(A97,ResBal,2,FALSE)) -> CAPITAL SOCIAL PROVENIENTE DE APORTACIONES | I97: =IF(ISTEXT(A97)=TRUE,G97,0) -> 0 | J97: =IF($B97="F",$G97,"") | K97: =IF($B97="V",$G97,"") | L97: =IF($B97="A",$G97,"") | M97: =IF($B97="G",$G97,"")
A98: 01010129000000 | C98: =IF(ISERROR(VLOOKUP(A98,ResBal,2,FALSE)),"",VLOOKUP(A98,ResBal,2,FALSE)) -> CAPITAL SOCIAL PROVENIENTE DE APORTACIONES | I98: =IF(ISTEXT(A98)=TRUE,G98,0) -> 0 | J98: =IF($B98="F",$G98,"") | K98: =IF($B98="V",$G98,"") | L98: =IF($B98="A",$G98,"") | M98: =IF($B98="G",$G98,"")
A99: 01010129000000 | C99: =IF(ISERROR(VLOOKUP(A99,ResBal,2,FALSE)),"",VLOOKUP(A99,ResBal,2,FALSE)) -> CAPITAL SOCIAL PROVENIENTE DE APORTACIONES | I99: =IF(ISTEXT(A99)=TRUE,G99,0) -> 0 | J99: =IF($B99="F",$G99,"") | K99: =IF($B99="V",$G99,"") | L99: =IF($B99="A",$G99,"") | M99: =IF($B99="G",$G99,"")
A100: 01010136000000 | C100: =IF(ISERROR(VLOOKUP(A100,ResBal,2,FALSE)),"",VLOOKUP(A100,ResBal,2,FALSE)) -> UTILIDADES RETENIDAS DE EJERCICIOS ANTERIORES | I100: =IF(ISTEXT(A100)=TRUE,G100,0) -> 0 | J100: =IF($B100="F",$G100,"") | K100: =IF($B100="V",$G100,"") | L100: =IF($B100="A",$G100,"") | M100: =IF($B100="G",$G100,"")
A101: 01010136000000 | C101: =IF(ISERROR(VLOOKUP(A101,ResBal,2,FALSE)),"",VLOOKUP(A101,ResBal,2,FALSE)) -> UTILIDADES RETENIDAS DE EJERCICIOS ANTERIORES | I101: =IF(ISTEXT(A101)=TRUE,G101,0) -> 0 | J101: =IF($B101="F",$G101,"") | K101: =IF($B101="V",$G101,"") | L101: =IF($B101="A",$G101,"") | M101: =IF($B101="G",$G101,"")
C102: =IF(ISERROR(VLOOKUP(A102,ResBal,2,FALSE)),"",VLOOKUP(A102,ResBal,2,FALSE)) -> 0 | I102: =IF(ISTEXT(A102)=TRUE,G102,0) -> 0 | J102: =IF($B102="F",$G102,"") | K102: =IF($B102="V",$G102,"") | L102: =IF($B102="A",$G102,"") | M102: =IF($B102="G",$G102,"")
I103: =IF(ISTEXT(A103)=TRUE,G103,0) -> 0 | J103: =IF($B103="F",$G103,"") | K103: =IF($B103="V",$G103,"") | L103: =IF($B103="A",$G103,"") | M103: =IF($B103="G",$G103,"")
A104: 01050003000000 | C104: =IF(ISERROR(VLOOKUP(A104,ResBal,2,FALSE)),"",VLOOKUP(A104,ResBal,2,FALSE)) -> VENTAS TOTALES NACIONALES DE INVENTARIOS ADQUIRIDOS PARA SU DISTRIBUCION | I104: =IF(ISTEXT(A104)=TRUE,G104,0) -> 0 | J104: =IF($B104="F",$G104,"") | K104: =IF($B104="V",$G104,"") | L104: =IF($B104="A",$G104,"") | M104: =IF($B104="G",$G104,"")
A105: 01050003000000 | C105: =IF(ISERROR(VLOOKUP(A105,ResBal,2,FALSE)),"",VLOOKUP(A105,ResBal,2,FALSE)) -> VENTAS TOTALES NACIONALES DE INVENTARIOS ADQUIRIDOS PARA SU DISTRIBUCION | I105: =IF(ISTEXT(A105)=TRUE,G105,0) -> 0 | J105: =IF($B105="F",$G105,"") | K105: =IF($B105="V",$G105,"") | L105: =IF($B105="A",$G105,"") | M105: =IF($B105="G",$G105,"")
A106: 01050016000000 | C106: =IF(ISERROR(VLOOKUP(A106,ResBal,2,FALSE)),"",VLOOKUP(A106,ResBal,2,FALSE)) -> ARRENDAMIENTO | I106: =IF(ISTEXT(A106)=TRUE,G106,0) -> 0 | J106: =IF($B106="F",$G106,"") | K106: =IF($B106="V",$G106,"") | L106: =IF($B106="A",$G106,"") | M106: =IF($B106="G",$G106,"") | O106: =+G106 -> 0
C107: =IF(ISERROR(VLOOKUP(A107,ResBal,2,FALSE)),"",VLOOKUP(A107,ResBal,2,FALSE)) -> 0 | I107: =IF(ISTEXT(A107)=TRUE,G107,0) -> 0 | J107: =IF($B107="F",$G107,"") | K107: =IF($B107="V",$G107,"") | L107: =IF($B107="A",$G107,"") | M107: =IF($B107="G",$G107,"")
A108: 01060042000000 | C108: =IF(ISERROR(VLOOKUP(A108,ResBal,2,FALSE)),"",VLOOKUP(A108,ResBal,2,FALSE)) -> COMPRAS DE PRODUCTOS TERMINADOS | I108: =IF(ISTEXT(A108)=TRUE,G108,0) -> 0 | J108: =IF($B108="F",$G108,"") | K108: =IF($B108="V",$G108,"") | L108: =IF($B108="A",$G108,"") | M108: =IF($B108="G",$G108,"")
A109: 01060042000000 | C109: =IF(ISERROR(VLOOKUP(A109,ResBal,2,FALSE)),"",VLOOKUP(A109,ResBal,2,FALSE)) -> COMPRAS DE PRODUCTOS TERMINADOS | I109: =IF(ISTEXT(A109)=TRUE,G109,0) -> 0 | J109: =IF($B109="F",$G109,"") | K109: =IF($B109="V",$G109,"") | L109: =IF($B109="A",$G109,"") | M109: =IF($B109="G",$G109,"")
A110: 01060042000000 | C110: =IF(ISERROR(VLOOKUP(A110,ResBal,2,FALSE)),"",VLOOKUP(A110,ResBal,2,FALSE)) -> COMPRAS DE PRODUCTOS TERMINADOS | I110: =IF(ISTEXT(A110)=TRUE,G110,0) -> 0 | J110: =IF($B110="F",$G110,"") | K110: =IF($B110="V",$G110,"") | L110: =IF($B110="A",$G110,"") | M110: =IF($B110="G",$G110,"")
A111: 01060042000000 | C111: =IF(ISERROR(VLOOKUP(A111,ResBal,2,FALSE)),"",VLOOKUP(A111,ResBal,2,FALSE)) -> COMPRAS DE PRODUCTOS TERMINADOS | I111: =IF(ISTEXT(A111)=TRUE,G111,0) -> 0 | J111: =IF($B111="F",$G111,"") | K111: =IF($B111="V",$G111,"") | L111: =IF($B111="A",$G111,"") | M111: =IF($B111="G",$G111,"")
A112: 01060042000000 | C112: =IF(ISERROR(VLOOKUP(A112,ResBal,2,FALSE)),"",VLOOKUP(A112,ResBal,2,FALSE)) -> COMPRAS DE PRODUCTOS TERMINADOS | I112: =IF(ISTEXT(A112)=TRUE,G112,0) -> 0 | J112: =IF($B112="F",$G112,"") | K112: =IF($B112="V",$G112,"") | L112: =IF($B112="A",$G112,"") | M112: =IF($B112="G",$G112,"")
A113: 01060042000000 | C113: =IF(ISERROR(VLOOKUP(A113,ResBal,2,FALSE)),"",VLOOKUP(A113,ResBal,2,FALSE)) -> COMPRAS DE PRODUCTOS TERMINADOS | I113: =IF(ISTEXT(A113)=TRUE,G113,0) -> 0 | J113: =IF($B113="F",$G113,"") | K113: =IF($B113="V",$G113,"") | L113: =IF($B113="A",$G113,"") | M113: =IF($B113="G",$G113,"")
A114: 01060042000000 | C114: =IF(ISERROR(VLOOKUP(A114,ResBal,2,FALSE)),"",VLOOKUP(A114,ResBal,2,FALSE)) -> COMPRAS DE PRODUCTOS TERMINADOS | I114: =IF(ISTEXT(A114)=TRUE,G114,0) -> 0 | J114: =IF($B114="F",$G114,"") | K114: =IF($B114="V",$G114,"") | L114: =IF($B114="A",$G114,"") | M114: =IF($B114="G",$G114,"")
A115: 01060042000000 | C115: =IF(ISERROR(VLOOKUP(A115,ResBal,2,FALSE)),"",VLOOKUP(A115,ResBal,2,FALSE)) -> COMPRAS DE PRODUCTOS TERMINADOS | I115: =IF(ISTEXT(A115)=TRUE,G115,0) -> 0 | J115: =IF($B115="F",$G115,"") | K115: =IF($B115="V",$G115,"") | L115: =IF($B115="A",$G115,"") | M115: =IF($B115="G",$G115,"")
A116: 01060042000000 | C116: =IF(ISERROR(VLOOKUP(A116,ResBal,2,FALSE)),"",VLOOKUP(A116,ResBal,2,FALSE)) -> COMPRAS DE PRODUCTOS TERMINADOS | I116: =IF(ISTEXT(A116)=TRUE,G116,0) -> 0 | J116: =IF($B116="F",$G116,"") | K116: =IF($B116="V",$G116,"") | L116: =IF($B116="A",$G116,"") | M116: =IF($B116="G",$G116,"")
A117: 01060042000000 | C117: =IF(ISERROR(VLOOKUP(A117,ResBal,2,FALSE)),"",VLOOKUP(A117,ResBal,2,FALSE)) -> COMPRAS DE PRODUCTOS TERMINADOS | I117: =IF(ISTEXT(A117)=TRUE,G117,0) -> 0 | J117: =IF($B117="F",$G117,"") | K117: =IF($B117="V",$G117,"") | L117: =IF($B117="A",$G117,"") | M117: =IF($B117="G",$G117,"")
A118: 01060042000000 | C118: =IF(ISERROR(VLOOKUP(A118,ResBal,2,FALSE)),"",VLOOKUP(A118,ResBal,2,FALSE)) -> COMPRAS DE PRODUCTOS TERMINADOS | I118: =IF(ISTEXT(A118)=TRUE,G118,0) -> 0 | J118: =IF($B118="F",$G118,"") | K118: =IF($B118="V",$G118,"") | L118: =IF($B118="A",$G118,"") | M118: =IF($B118="G",$G118,"")
A119: 01060042000000 | C119: =IF(ISERROR(VLOOKUP(A119,ResBal,2,FALSE)),"",VLOOKUP(A119,ResBal,2,FALSE)) -> COMPRAS DE PRODUCTOS TERMINADOS | I119: =IF(ISTEXT(A119)=TRUE,G119,0) -> 0 | J119: =IF($B119="F",$G119,"") | K119: =IF($B119="V",$G119,"") | L119: =IF($B119="A",$G119,"") | M119: =IF($B119="G",$G119,"")
... A125: 01060042000000 | C125: =IF(ISERROR(VLOOKUP(A125,ResBal,2,FALSE)),"",VLOOKUP(A125,ResBal,2,FALSE)) -> COMPRAS DE PRODUCTOS TERMINADOS | I125: =IF(ISTEXT(A125)=TRUE,G125,0) -> 0 | J125: =IF($B125="F",$G125,"") | K125: =IF($B125="V",$G125,"") | L125: =IF($B125="A",$G125,"") | M125: =IF($B125="G",$G125,"")
C126: =IF(ISERROR(VLOOKUP(A126,ResBal,2,FALSE)),"",VLOOKUP(A126,ResBal,2,FALSE)) -> 0 | I126: =IF(ISTEXT(A126)=TRUE,G126,0) -> 0 | J126: =IF($B126="F",$G126,"") | K126: =IF($B126="V",$G126,"") | L126: =IF($B126="A",$G126,"") | M126: =IF($B126="G",$G126,"")
C127: =IF(ISERROR(VLOOKUP(A127,ResBal,2,FALSE)),"",VLOOKUP(A127,ResBal,2,FALSE)) -> 0 | I127: =IF(ISTEXT(A127)=TRUE,G127,0) -> 0 | J127: =IF($B127="F",$G127,"") | K127: =IF($B127="V",$G127,"") | L127: =IF($B127="A",$G127,"") | M127: =IF($B127="G",$G127,"")
A128: 01070000000000 | B128: A | C128: =IF(ISERROR(VLOOKUP(A128,ResBal,2,FALSE)),"",VLOOKUP(A128,ResBal,2,FALSE)) -> SUELDOS Y SALARIOS | I128: =IF(ISTEXT(A128)=TRUE,G128,0) -> 0 | J128: =IF($B128="F",$G128,"") | K128: =IF($B128="V",$G128,"") | L128: =IF($B128="A",$G128,"") -> 0 | M128: =IF($B128="G",$G128,"")
A129: 01070004000000 | B129: A | C129: =IF(ISERROR(VLOOKUP(A129,ResBal,2,FALSE)),"",VLOOKUP(A129,ResBal,2,FALSE)) -> PRIMA VACACIONAL | I129: =IF(ISTEXT(A129)=TRUE,G129,0) -> 0 | J129: =IF($B129="F",$G129,"") | K129: =IF($B129="V",$G129,"") | L129: =IF($B129="A",$G129,"") -> 0 | M129: =IF($B129="G",$G129,"")
A130: 01070004000000 | B130: A | C130: =IF(ISERROR(VLOOKUP(A130,ResBal,2,FALSE)),"",VLOOKUP(A130,ResBal,2,FALSE)) -> PRIMA VACACIONAL | I130: =IF(ISTEXT(A130)=TRUE,G130,0) -> 0 | J130: =IF($B130="F",$G130,"") | K130: =IF($B130="V",$G130,"") | L130: =IF($B130="A",$G130,"") -> 0 | M130: =IF($B130="G",$G130,"")
A131: 01070005000000 | B131: A | C131: =IF(ISERROR(VLOOKUP(A131,ResBal,2,FALSE)),"",VLOOKUP(A131,ResBal,2,FALSE)) -> GRATIFICACIONES | I131: =IF(ISTEXT(A131)=TRUE,G131,0) -> 0 | J131: =IF($B131="F",$G131,"") | K131: =IF($B131="V",$G131,"") | L131: =IF($B131="A",$G131,"") -> 0 | M131: =IF($B131="G",$G131,"")
A132: 01070005000000 | B132: A | C132: =IF(ISERROR(VLOOKUP(A132,ResBal,2,FALSE)),"",VLOOKUP(A132,ResBal,2,FALSE)) -> GRATIFICACIONES | I132: =IF(ISTEXT(A132)=TRUE,G132,0) -> 0 | J132: =IF($B132="F",$G132,"") | K132: =IF($B132="V",$G132,"") | L132: =IF($B132="A",$G132,"") -> 0 | M132: =IF($B132="G",$G132,"")
A133: 01070015000000 | B133: A | C133: =IF(ISERROR(VLOOKUP(A133,ResBal,2,FALSE)),"",VLOOKUP(A133,ResBal,2,FALSE)) -> CUOTAS AL I.M.S.S. | I133: =IF(ISTEXT(A133)=TRUE,G133,0) -> 0 | J133: =IF($B133="F",$G133,"") | K133: =IF($B133="V",$G133,"") | L133: =IF($B133="A",$G133,"") -> 0 | M133: =IF($B133="G",$G133,"")
A134: 01070016000000 | B134: A | C134: =IF(ISERROR(VLOOKUP(A134,ResBal,2,FALSE)),"",VLOOKUP(A134,ResBal,2,FALSE)) -> APORTACIONES AL INFONAVIT | I134: =IF(ISTEXT(A134)=TRUE,G134,0) -> 0 | J134: =IF($B134="F",$G134,"") | K134: =IF($B134="V",$G134,"") | L134: =IF($B134="A",$G134,"") -> 0 | M134: =IF($B134="G",$G134,"")
A135: 01070018000000 | B135: A | C135: =IF(ISERROR(VLOOKUP(A135,ResBal,2,FALSE)),"",VLOOKUP(A135,ResBal,2,FALSE)) -> SEGURO DE RETIRO | I135: =IF(ISTEXT(A135)=TRUE,G135,0) -> 0 | J135: =IF($B135="F",$G135,"") | K135: =IF($B135="V",$G135,"") | L135: =IF($B135="A",$G135,"") -> 0 | M135: =IF($B135="G",$G135,"")
A136: 01070018000000 | B136: A | C136: =IF(ISERROR(VLOOKUP(A136,ResBal,2,FALSE)),"",VLOOKUP(A136,ResBal,2,FALSE)) -> SEGURO DE RETIRO | I136: =IF(ISTEXT(A136)=TRUE,G136,0) -> 0 | J136: =IF($B136="F",$G136,"") | K136: =IF($B136="V",$G136,"") | L136: =IF($B136="A",$G136,"") -> 0 | M136: =IF($B136="G",$G136,"")
A137: 01070017000000 | B137: A | C137: =IF(ISERROR(VLOOKUP(A137,ResBal,2,FALSE)),"",VLOOKUP(A137,ResBal,2,FALSE)) -> IMPUESTO SOBRE NOMINAS | I137: =IF(ISTEXT(A137)=TRUE,G137,0) -> 0 | J137: =IF($B137="F",$G137,"") | K137: =IF($B137="V",$G137,"") | L137: =IF($B137="A",$G137,"") -> 0 | M137: =IF($B137="G",$G137,"")
A138: 01070025000000 | B138: A | C138: =IF(ISERROR(VLOOKUP(A138,ResBal,2,FALSE)),"",VLOOKUP(A138,ResBal,2,FALSE)) -> AL CONSEJO DE ADMINISTRACION | I138: =IF(ISTEXT(A138)=TRUE,G138,0) -> 0 | J138: =IF($B138="F",$G138,"") | K138: =IF($B138="V",$G138,"") | L138: =IF($B138="A",$G138,"") -> 0 | M138: =IF($B138="G",$G138,"")
C139: =IF(ISERROR(VLOOKUP(A139,ResBal,2,FALSE)),"",VLOOKUP(A139,ResBal,2,FALSE)) -> 0 | I139: =IF(ISTEXT(A139)=TRUE,G139,0) -> 0 | J139: =IF($B139="F",$G139,"") | K139: =IF($B139="V",$G139,"") | L139: =IF($B139="A",$G139,"") | M139: =IF($B139="G",$G139,"")
A140: 01070040000000 | B140: G | C140: =IF(ISERROR(VLOOKUP(A140,ResBal,2,FALSE)),"",VLOOKUP(A140,ResBal,2,FALSE)) -> TELEFONO | I140: =IF(ISTEXT(A140)=TRUE,G140,0) -> 0 | J140: =IF($B140="F",$G140,"") | K140: =IF($B140="V",$G140,"") | L140: =IF($B140="A",$G140,"") | M140: =IF($B140="G",$G140,"") -> 0
A141: 01070044000000 | B141: G | C141: =IF(ISERROR(VLOOKUP(A141,ResBal,2,FALSE)),"",VLOOKUP(A141,ResBal,2,FALSE)) -> MATERIALES DE OFICINA | I141: =IF(ISTEXT(A141)=TRUE,G141,0) -> 0 | J141: =IF($B141="F",$G141,"") | K141: =IF($B141="V",$G141,"") | L141: =IF($B141="A",$G141,"") | M141: =IF($B141="G",$G141,"") -> 0
A142: 01070069000200 | B142: G | C142: =IF(ISERROR(VLOOKUP(A142,ResBal,2,FALSE)),"",VLOOKUP(A142,ResBal,2,FALSE)) -> SERVICIOS ADMINISTRATIVOS, FINANCIEROS Y CONTABLES | I142: =IF(ISTEXT(A142)=TRUE,G142,0) -> 0 | J142: =IF($B142="F",$G142,"") | K142: =IF($B142="V",$G142,"") | L142: =IF($B142="A",$G142,"") | M142: =IF($B142="G",$G142,"") -> 0
A143: 01070069000200 | B143: G | C143: =IF(ISERROR(VLOOKUP(A143,ResBal,2,FALSE)),"",VLOOKUP(A143,ResBal,2,FALSE)) -> SERVICIOS ADMINISTRATIVOS, FINANCIEROS Y CONTABLES | I143: =IF(ISTEXT(A143)=TRUE,G143,0) -> 0 | J143: =IF($B143="F",$G143,"") | K143: =IF($B143="V",$G143,"") | L143: =IF($B143="A",$G143,"") | M143: =IF($B143="G",$G143,"") -> 0
A144: 01070043000000 | B144: G | C144: =IF(ISERROR(VLOOKUP(A144,ResBal,2,FALSE)),"",VLOOKUP(A144,ResBal,2,FALSE)) -> VIGILANCIA Y LIMPIEZA | I144: =IF(ISTEXT(A144)=TRUE,G144,0) -> 0 | J144: =IF($B144="F",$G144,"") | K144: =IF($B144="V",$G144,"") | L144: =IF($B144="A",$G144,"") | M144: =IF($B144="G",$G144,"") -> 0
A145: 01070047000000 | B145: G | C145: =IF(ISERROR(VLOOKUP(A145,ResBal,2,FALSE)),"",VLOOKUP(A145,ResBal,2,FALSE)) -> SEGUROS Y FIANZAS | I145: =IF(ISTEXT(A145)=TRUE,G145,0) -> 0 | J145: =IF($B145="F",$G145,"") | K145: =IF($B145="V",$G145,"") | L145: =IF($B145="A",$G145,"") | M145: =IF($B145="G",$G145,"") -> 0
A146: 01070069000200 | B146: G | C146: =IF(ISERROR(VLOOKUP(A146,ResBal,2,FALSE)),"",VLOOKUP(A146,ResBal,2,FALSE)) -> SERVICIOS ADMINISTRATIVOS, FINANCIEROS Y CONTABLES | I146: =IF(ISTEXT(A146)=TRUE,G146,0) -> 0 | J146: =IF($B146="F",$G146,"") | K146: =IF($B146="V",$G146,"") | L146: =IF($B146="A",$G146,"") | M146: =IF($B146="G",$G146,"") -> 0
...

Sheet Sumas
A1: =[0]!B_A_PERSONA_PER_NOM -> #REF! | C1: 2023 | H1: =IF(H2<>0,"Descuadre por:","Cuadre Correcto") -> Cuadre Correcto
A2: RESUMEN DE BALANZA DE COMPROBACION PARA SIPRED | C2: 2023 | H2: =H363 -> 0
A3: Indice | B3: Descripción | C3: Bal y Rdo | D3: Fabricación | E3: Venta | F3: Admon. | G3: Generales | H3: Total | I3: Partes Relacionadas
A5: ACTIVO
A6: EFECTIVO E INVERSIONES TEMPORALES
A7: 01010000000000 | B7: EFECTIVO EN CAJA Y BANCOS | C7: =ROUND(SUMIF(Indice,$A7,Balance),) -> 0 | H7: =SUM(C7:G7) -> 0 | I7: =ROUND(SUMIF(Indice,$A7,PartesRel),) -> 0
A8: 01010001000000 | B8: VALORES DE INMEDIATA REALIZACION | C8: =ROUND(SUMIF(Indice,$A8,Balance),) -> 0 | H8: =SUM(C8:G8) -> 0 | I8: =ROUND(SUMIF(Indice,$A8,PartesRel),) -> 0
A9: 01010002000000 | B9: INVERSIONES EN RENTA FIJA | C9: =ROUND(SUMIF(Indice,$A9,Balance),) -> 0 | H9: =SUM(C9:G9) -> 0 | I9: =ROUND(SUMIF(Indice,$A9,PartesRel),) -> 0
A10: 01010003000100 | B10: OTROS INSTRUMENTOS FINANCIEROS DEFINIR | C10: =ROUND(SUMIF(Indice,$A10,Balance),) -> 0 | H10: =SUM(C10:G10) -> 0 | I10: =ROUND(SUMIF(Indice,$A10,PartesRel),) -> 0
A11: CUENTAS POR COBRAR
A12: 01010005000000 | B12: CLIENTES | C12: =ROUND(SUMIF(Indice,$A12,Balance),) -> 0 | H12: =SUM(C12:G12) -> 0 | I12: =ROUND(SUMIF(Indice,$A12,PartesRel),) -> 0
A13: 01010006000000 | B13: DOCUMENTOS POR COBRAR | C13: =ROUND(SUMIF(Indice,$A13,Balance),) -> 0 | H13: =SUM(C13:G13) -> 0 | I13: =ROUND(SUMIF(Indice,$A13,PartesRel),) -> 0
A14: 01010007000000 | B14: PARTES RELACIONADAS | C14: =ROUND(SUMIF(Indice,$A14,Balance),) -> 0 | H14: =SUM(C14:G14) -> 0 | I14: =ROUND(SUMIF(Indice,$A14,PartesRel),) -> 0
A15: 01010008000000 | B15: IMPUESTO AL VALOR AGREGADO POR RECUPERAR | C15: =ROUND(SUMIF(Indice,$A15,Balance),) -> 0 | H15: =SUM(C15:G15) -> 0 | I15: =ROUND(SUMIF(Indice,$A15,PartesRel),) -> 0
A16: 01010009000000 | B16: IMPUESTO SOBRE LA RENTA POR RECUPERAR | C16: =ROUND(SUMIF(Indice,$A16,Balance),) -> 0 | H16: =SUM(C16:G16) -> 0 | I16: =ROUND(SUMIF(Indice,$A16,PartesRel),) -> 0
A17: 01010010000000 | B17: IMPUESTO EMPRESARIAL A LA TASA UNICA POR RECUPERAR | C17: =ROUND(SUMIF(Indice,$A17,Balance),) -> 0 | H17: =SUM(C17:G17) -> 0 | I17: =ROUND(SUMIF(Indice,$A17,PartesRel),) -> 0
A18: 01010011000000 | B18: IMPUESTO A LOS DEPOSITOS EN EFECTIVO POR RECUPERAR | C18: =ROUND(SUMIF(Indice,$A18,Balance),) -> 0 | H18: =SUM(C18:G18) -> 0 | I18: =ROUND(SUMIF(Indice,$A18,PartesRel),) -> 0
A19: 01010012000000 | B19: OTROS IMPUESTOS POR RECUPERAR | C19: =ROUND(SUMIF(Indice,$A19,Balance),) -> 0 | H19: =SUM(C19:G19) -> 0 | I19: =ROUND(SUMIF(Indice,$A19,PartesRel),) -> 0
A20: 01010013000000 | B20: DEUDORES DIVERSOS | C20: =ROUND(SUMIF(Indice,$A20,Balance),) -> 0 | H20: =SUM(C20:G20) -> 0 | I20: =ROUND(SUMIF(Indice,$A20,PartesRel),) -> 0
A21: 01010014000000 | B21: ESTIMACION DE CUENTAS INCOBRABLES | C21: =ROUND(SUMIF(Indice,$A21,Balance),) -> 0 | H21: =SUM(C21:G21) -> 0 | I21: =ROUND(SUMIF(Indice,$A21,PartesRel),) -> 0
A22: 01010015000100 | B22: OTRAS CUENTAS POR COBRAR DEFINIR | C22: =ROUND(SUMIF(Indice,$A22,Balance),) -> 0 | H22: =SUM(C22:G22) -> 0 | I22: =ROUND(SUMIF(Indice,$A22,PartesRel),) -> 0
A23: INVENTARIOS
A24: 01010017000000 | B24: PRODUCTOS TERMINADOS | C24: =ROUND(SUMIF(Indice,$A24,Balance),) -> 0 | H24: =SUM(C24:G24) -> 0 | I24: =ROUND(SUMIF(Indice,$A24,PartesRel),) -> 0
A25: 01010018000000 | B25: PRODUCCION EN PROCESO | C25: =ROUND(SUMIF(Indice,$A25,Balance),) -> 0 | H25: =SUM(C25:G25) -> 0 | I25: =ROUND(SUMIF(Indice,$A25,PartesRel),) -> 0
A26: 01010019000000 | B26: MATERIAS PRIMAS Y MATERIALES | C26: =ROUND(SUMIF(Indice,$A26,Balance),) -> 0 | H26: =SUM(C26:G26) -> 0 | I26: =ROUND(SUMIF(Indice,$A26,PartesRel),) -> 0
A27: 01010020000000 | B27: ESTIMACION DE OBSOLESCENCIA | C27: =ROUND(SUMIF(Indice,$A27,Balance),) -> 0 | H27: =SUM(C27:G27) -> 0 | I27: =ROUND(SUMIF(Indice,$A27,PartesRel),) -> 0
A28: 01010021000000 | B28: PERDIDA POR DETERIORO | C28: =ROUND(SUMIF(Indice,$A28,Balance),) -> 0 | H28: =SUM(C28:G28) -> 0 | I28: =ROUND(SUMIF(Indice,$A28,PartesRel),) -> 0
A29: 01010022000100 | B29: OTROS INVENTARIOS DEFINIR | C29: =ROUND(SUMIF(Indice,$A29,Balance),) -> 0 | H29: =SUM(C29:G29) -> 0 | I29: =ROUND(SUMIF(Indice,$A29,PartesRel),) -> 0
A30: PAGOS ANTICIPADOS
A31: 01010024000000 | B31: RENTAS PAGADAS POR ANTICIPADO | C31: =ROUND(SUMIF(Indice,$A31,Balance),) -> 0 | H31: =SUM(C31:G31) -> 0 | I31: =ROUND(SUMIF(Indice,$A31,PartesRel),) -> 0
A32: 01010025000000 | B32: ANTICIPO A PROVEEDORES | C32: =ROUND(SUMIF(Indice,$A32,Balance),) -> 0 | H32: =SUM(C32:G32) -> 0
A33: 01010026000000 | B33: PAGOS PROVISIONALES DE IMPUESTOS | C33: =ROUND(SUMIF(Indice,$A33,Balance),) -> 0 | H33: =SUM(C33:G33) -> 0 | I33: =ROUND(SUMIF(Indice,$A33,PartesRel),) -> 0
A34: 01010026000200 | B34: IVA RETENIDO NO DECLARADO | C34: =ROUND(SUMIF(Indice,$A34,Balance),) -> 0 | H34: =SUM(C34:G34) -> 0 | I34: =ROUND(SUMIF(Indice,$A34,PartesRel),) -> 0
A35: 01010027000000 | B35: PERDIDA POR DETERIORO DE PAGOS ANTICIPADOS | C35: =ROUND(SUMIF(Indice,$A35,Balance),) -> 0
A36: 01010029000100 | B36: OTROS ACTIVOS | C36: =ROUND(SUMIF(Indice,$A36,Balance),) -> 0 | H36: =SUM(C36:G36) -> 0 | I36: =ROUND(SUMIF(Indice,$A36,PartesRel),) -> 0
A37: 01010030000000 | B37: IMPUESTO AL VALOR AGREGADO NO PAGADO | C37: =ROUND(SUMIF(Indice,$A37,Balance),) -> 0 | H37: =SUM(C37:G37) -> 0 | I37: =ROUND(SUMIF(Indice,$A37,PartesRel),) -> 0
A38: CUENTAS POR COBRAR A LARGO PLAZO
A39: 01010032000000 | B39: CUENTAS POR COBRAR A LARGO PLAZO PARTES RELACIONADAS | C39: =ROUND(SUMIF(Indice,$A39,Balance),) -> 0 | H39: =SUM(C39:G39) -> 0 | I39: =ROUND(SUMIF(Indice,$A39,PartesRel),) -> 0
A40: 01010033000000 | B40: CUENTAS POR COBRAR A LARGO PLAZO PARTES NO RELACIONADAS | C40: =ROUND(SUMIF(Indice,$A40,Balance),) -> 0 | H40: =SUM(C40:G40) -> 0 | I40: =ROUND(SUMIF(Indice,$A40,PartesRel),) -> 0
A41: PAGOS ANTICIPADOS A LARGO PLAZO
A42: 01010035000000 | B42: ANTICIPO A PROVEEDORES A LARGO PLAZO | C42: =ROUND(SUMIF(Indice,$A42,Balance),) -> 0 | H42: =SUM(C42:G42) -> 0
A43: 01010036000100 | B43: OTROS PAGOS ANTICIPADOS | C43: =ROUND(SUMIF(Indice,$A43,Balance),) -> 0 | H43: =SUM(C43:G43) -> 0
A44: INVERSIONES PERMANENTES
A45: 01010038000000 | B45: INVERSIONES PERMANENTES | C45: =ROUND(SUMIF(Indice,$A45,Balance),) -> 0 | H45: =SUM(C45:G45) -> 0 | I45: =ROUND(SUMIF(Indice,$A45,PartesRel),) -> 0
A46: INMUEBLES, MAQUINARIA Y EQUIPO
A47: 01010040000000 | B47: TERRENOS | C47: =ROUND(SUMIF(Indice,$A47,Balance),) -> 0 | H47: =SUM(C47:G47) -> 0 | I47: =ROUND(SUMIF(Indice,$A47,PartesRel),) -> 0
A48: 01010041000000 | B48: EDIFICIOS | C48: =ROUND(SUMIF(Indice,$A48,Balance),) -> 0 | H48: =SUM(C48:G48) -> 0 | I48: =ROUND(SUMIF(Indice,$A48,PartesRel),) -> 0
A49: 01010042000000 | B49: MAQUINARIA | C49: =ROUND(SUMIF(Indice,$A49,Balance),) -> 0 | H49: =SUM(C49:G49) -> 0 | I49: =ROUND(SUMIF(Indice,$A49,PartesRel),) -> 0
A50: 01010043000000 | B50: EQUIPO DE TRANSPORTE | C50: =ROUND(SUMIF(Indice,$A50,Balance),) -> 0 | H50: =SUM(C50:G50) -> 0 | I50: =ROUND(SUMIF(Indice,$A50,PartesRel),) -> 0
A51: 01010044000000 | B51: MOBILIARIO Y EQUIPO | C51: =ROUND(SUMIF(Indice,$A51,Balance),) -> 0 | H51: =SUM(C51:G51) -> 0 | I51: =ROUND(SUMIF(Indice,$A51,PartesRel),) -> 0
A52: 01010045000000 | B52: EQUIPO DE COMPUTO | C52: =ROUND(SUMIF(Indice,$A52,Balance),) -> 0 | H52: =SUM(C52:G52) -> 0 | I52: =ROUND(SUMIF(Indice,$A52,PartesRel),) -> 0
A53: 01010046000100 | B53: EQ. INALAMBRICO | C53: =ROUND(SUMIF(Indice,$A53,Balance),) -> 0 | H53: =SUM(C53:G53) -> 0 | I53: =ROUND(SUMIF(Indice,$A53,PartesRel),) -> 0
A54: DEPRECIACIONES
A55: 01010048000000 | B55: DEPRECIACION ACUMULADA DE EDIFICIOS | C55: =ROUND(SUMIF(Indice,$A55,Balance),) -> 0 | H55: =SUM(C55:G55) -> 0 | I55: =ROUND(SUMIF(Indice,$A55,PartesRel),) -> 0
A56: 01010049000000 | B56: DEPRECIACION ACUMULADA DE MAQUINARIA | C56: =ROUND(SUMIF(Indice,$A56,Balance),) -> 0 | H56: =SUM(C56:G56) -> 0 | I56: =ROUND(SUMIF(Indice,$A56,PartesRel),) -> 0
A57: 01010050000000 | B57: DEPRECIACION ACUMULADA DE EQUIPO DE TRANSPORTE | C57: =ROUND(SUMIF(Indice,$A57,Balance),) -> 0 | H57: =SUM(C57:G57) -> 0 | I57: =ROUND(SUMIF(Indice,$A57,PartesRel),) -> 0
A58: 01010051000000 | B58: DEPRECIACION ACUMULADA DE MOBILIARIO Y EQUIPO | C58: =ROUND(SUMIF(Indice,$A58,Balance),) -> 0 | H58: =SUM(C58:G58) -> 0 | I58: =ROUND(SUMIF(Indice,$A58,PartesRel),) -> 0
A59: 01010052000000 | B59: DEPRECIACION ACUMULADA DE EQUIPO DE COMPUTO | C59: =ROUND(SUMIF(Indice,$A59,Balance),) -> 0 | H59: =SUM(C59:G59) -> 0 | I59: =ROUND(SUMIF(Indice,$A59,PartesRel),) -> 0
A60: 01010053000100 | B60: DEPRECIACION ACUMULADA EQ INALAMBRICO | C60: =ROUND(SUMIF(Indice,$A60,Balance),) -> 0 | H60: =SUM(C60:G60) -> 0 | I60: =ROUND(SUMIF(Indice,$A60,PartesRel),) -> 0
A61: PERDIDA POR DETERIORO ACUMULADO
A62: 01010055000000 | B62: PERDIDA POR DETERIORO ACUMULADO DE EDIFICIOS | C62: =ROUND(SUMIF(Indice,$A62,Balance),) -> 0 | H62: =SUM(C62:G62) -> 0 | I62: =ROUND(SUMIF(Indice,$A62,PartesRel),) -> 0
A63: 01010056000000 | B63: PERDIDA POR DETERIORO ACUMULADO DE MAQUINARIA | C63: =ROUND(SUMIF(Indice,$A63,Balance),) -> 0 | H63: =SUM(C63:G63) -> 0 | I63: =ROUND(SUMIF(Indice,$A63,PartesRel),) -> 0
A64: 01010057000000 | B64: PERDIDA POR DETERIORO ACUMULADO DE EQUIPO DE TRANSPORTE | C64: =ROUND(SUMIF(Indice,$A64,Balance),) -> 0 | H64: =SUM(C64:G64) -> 0 | I64: =ROUND(SUMIF(Indice,$A64,PartesRel),) -> 0
A65: 01010058000000 | B65: PERDIDA POR DETERIORO ACUMULADO DE MOBILIARIO Y EQUIPO | C65: =ROUND(SUMIF(Indice,$A65,Balance),) -> 0 | H65: =SUM(C65:G65) -> 0 | I65: =ROUND(SUMIF(Indice,$A65,PartesRel),) -> 0
A66: 01010059000000 | B66: PERDIDA POR DETERIORO ACUMULADO DE EQUIPO DE COMPUTO | C66: =ROUND(SUMIF(Indice,$A66,Balance),) -> 0 | H66: =SUM(C66:G66) -> 0 | I66: =ROUND(SUMIF(Indice,$A66,PartesRel),) -> 0
A67: 01010060000100 | B67: PERDIDA POR DETERIORO ACUMULADO DE OTROS ACTIVOS FIJOS | C67: =ROUND(SUMIF(Indice,$A67,Balance),) -> 0 | H67: =SUM(C67:G67) -> 0 | I67: =ROUND(SUMIF(Indice,$A67,PartesRel),) -> 0
A68: ACTIVOS INTANGIBLES
A69: 01010063000000 | B69: GASTOS PREOPERATIVOS | C69: =ROUND(SUMIF(Indice,$A69,Balance),) -> 0 | H69: =SUM(C69:G69) -> 0 | I69: =ROUND(SUMIF(Indice,$A69,PartesRel),) -> 0
A70: 01010064000000 | B70: INVESTIGACION DE MERCADO | C70: =ROUND(SUMIF(Indice,$A70,Balance),) -> 0 | H70: =SUM(C70:G70) -> 0 | I70: =ROUND(SUMIF(Indice,$A70,PartesRel),) -> 0
A71: 01010065000000 | B71: PATENTES Y MARCAS | C71: =ROUND(SUMIF(Indice,$A71,Balance),) -> 0 | H71: =SUM(C71:G71) -> 0 | I71: =ROUND(SUMIF(Indice,$A71,PartesRel),) -> 0
A72: 01010066000000 | B72: AMORTIZACIONES | C72: =ROUND(SUMIF(Indice,$A72,Balance),) -> 0 | H72: =SUM(C72:G72) -> 0 | I72: =ROUND(SUMIF(Indice,$A72,PartesRel),) -> 0
A73: 01010067000000 | B73: PERDIDA POR DETERIORO INTANGIBLES | C73: =ROUND(SUMIF(Indice,$A73,Balance),) -> 0
A74: 01010068000100 | B74: OTROS ACTIVOS INTANGIBLES | C74: =ROUND(SUMIF(Indice,$A74,Balance),) -> 0 | H74: =SUM(C74:G74) -> 0 | I74: =ROUND(SUMIF(Indice,$A74,PartesRel),) -> 0
A75: OTROS ACTIVOS
A76: 01010070000000 | B76: CREDITO MERCANTIL | C76: =ROUND(SUMIF(Indice,$A76,Balance),) -> 0 | H76: =SUM(C76:G76) -> 0 | I76: =ROUND(SUMIF(Indice,$A76,PartesRel),) -> 0
A77: 01010071000000 | B77: PERDIDA POR DETERIORO OTROS ACTIVOS | C77: =ROUND(SUMIF(Indice,$A77,Balance),) -> 0
A78: 01010072000000 | B78: IMPUESTO SOBRE LA RENTA DIFERIDO | C78: =ROUND(SUMIF(Indice,$A78,Balance),) -> 0 | H78: =SUM(C78:G78) -> 0 | I78: =ROUND(SUMIF(Indice,$A78,PartesRel),) -> 0
A79: 01010073000000 | B79: PARTICIPACION DE LOS TRABAJADORES EN LAS UTILIDADES DIFERIDA | C79: =ROUND(SUMIF(Indice,$A79,Balance),) -> 0 | H79: =SUM(C79:G79) -> 0 | I79: =ROUND(SUMIF(Indice,$A79,PartesRel),) -> 0
A80: 01010074000000 | B80: DEPOSITOS EN GARANTIA | C80: =ROUND(SUMIF(Indice,$A80,Balance),) -> 0 | H80: =SUM(C80:G80) -> 0 | I80: =ROUND(SUMIF(Indice,$A80,PartesRel),) -> 0
A81: 01010075000100 | B81: DEPOSITOS EN GARANTIA | C81: =ROUND(SUMIF(Indice,$A81,Balance),) -> 0 | H81: =SUM(C81:G81) -> 0 | I81: =ROUND(SUMIF(Indice,$A81,PartesRel),) -> 0
A82: 01010075000200 | B82: POR DEFINIR | C82: =ROUND(SUMIF(Indice,$A82,Balance),) -> 0 | H82: =SUM(C82:G82) -> 0 | I82: =ROUND(SUMIF(Indice,$A82,PartesRel),) -> 0
A83: PASIVO
A84: DOCUMENTOS POR PAGAR
A85: 01010079000000 | B85: DOCTOS NACIONALES | C85: =ROUND(SUMIF(Indice,$A85,Balance),) -> 0 | H85: =SUM(C85:G85) -> 0 | I85: =ROUND(SUMIF(Indice,$A85,PartesRel),) -> 0
A86: 01010080000000 | B86: DEL EXTRANJERO | C86: =ROUND(SUMIF(Indice,$A86,Balance),) -> 0 | H86: =SUM(C86:G86) -> 0 | I86: =ROUND(SUMIF(Indice,$A86,PartesRel),) -> 0
A87: ACREEDORES DIVERSOS
A88: 01010082000000 | B88: ACREEDORES NACIONALES | C88: =ROUND(SUMIF(Indice,$A88,Balance),) -> 0 | H88: =SUM(C88:G88) -> 0 | I88: =ROUND(SUMIF(Indice,$A88,PartesRel),) -> 0
A89: 01010083000000 | B89: DEL EXTRANJERO | C89: =ROUND(SUMIF(Indice,$A89,Balance),) -> 0 | H89: =SUM(C89:G89) -> 0 | I89: =ROUND(SUMIF(Indice,$A89,PartesRel),) -> 0
A90: PROVEEDORES
A91: 01010085000000 | B91: NACIONALES | C91: =ROUND(SUMIF(Indice,$A91,Balance),) -> 0 | H91: =SUM(C91:G91) -> 0 | I91: =ROUND(SUMIF(Indice,$A91,PartesRel),) -> 0
A92: 01010086000000 | B92: DEL EXTRANJERO | C92: =ROUND(SUMIF(Indice,$A92,Balance),) -> 0 | H92: =SUM(C92:G92) -> 0 | I92: =ROUND(SUMIF(Indice,$A92,PartesRel),) -> 0
A93: IMPUESTOS POR PAGAR
A94: 01010088000000 | B94: IMPUESTO SOBRE LA RENTA | C94: =ROUND(SUMIF(Indice,$A94,Balance),) -> 0 | H94: =SUM(C94:G94) -> 0 | I94: =ROUND(SUMIF(Indice,$A94,PartesRel),) -> 0
A95: 01010089000000 | B95: IMPUESTO AL ACTIVO | C95: =ROUND(SUMIF(Indice,$A95,Balance),) -> 0 | H95: =SUM(C95:G95) -> 0 | I95: =ROUND(SUMIF(Indice,$A95,PartesRel),) -> 0
A96: 01010090000000 | B96: IMPUESTO AL VALOR AGREGADO | C96: =ROUND(SUMIF(Indice,$A96,Balance),) -> 0 | H96: =SUM(C96:G96) -> 0 | I96: =ROUND(SUMIF(Indice,$A96,PartesRel),) -> 0
A97: 01010091000000 | B97: IMPUESTO EMPRESARIAL A TASA UNICA | C97: =ROUND(SUMIF(Indice,$A97,Balance),) -> 0 | H97: =SUM(C97:G97) -> 0 | I97: =ROUND(SUMIF(Indice,$A97,PartesRel),) -> 0
A98: 01010092000000 | B98: IMPUESTO SOBRE PRODUCCION Y SERVICIOS | C98: =ROUND(SUMIF(Indice,$A98,Balance),) -> 0 | H98: =SUM(C98:G98) -> 0 | I98: =ROUND(SUMIF(Indice,$A98,PartesRel),) -> 0
A99: 01010093000000 | B99: IMPUESTO SOBRE AUTOMOVILES NUEVOS | C99: =ROUND(SUMIF(Indice,$A99,Balance),) -> 0 | H99: =SUM(C99:G99) -> 0 | I99: =ROUND(SUMIF(Indice,$A99,PartesRel),) -> 0
A100: 01010094000000 | B100: IMPUESTOS LOCALES | C100: =ROUND(SUMIF(Indice,$A100,Balance),) -> 0 | H100: =SUM(C100:G100) -> 0 | I100: =ROUND(SUMIF(Indice,$A100,PartesRel),) -> 0
A101: 01010095000000 | B101: CUOTAS PATRONALES SEGURO SOCIAL | C101: =ROUND(SUMIF(Indice,$A101,Balance),) -> 0 | H101: =SUM(C101:G101) -> 0 | I101: =ROUND(SUMIF(Indice,$A101,PartesRel),) -> 0
...

Sheet Monitor
A1: MONITOR DE DIFERENCIAS
A3: INDICE | B3: CRUCES | C3: IMPORTES
A5: DEPRECIACIONES
A6: 01070031000000 | B6: EN GASTO CONTABILIDAD | C6: =VLOOKUP(A6,ResBal,8,FALSE) -> 0
A7: 01070033000000 | B7: EN GASTO AMORTIZACION | C7: =VLOOKUP(A7,ResBal,8,FALSE) -> 0
B8: SUMA DEPRECIACION Y AMORTIZACION | C8: =C6+C7 -> 0
A9: 01040002000000 | B9: DEPRECIACIONES Y AMORTIZACIONES | C9: ='ANEXO 4'!C15 -> 0
A10: 01190041000000 | B10: EN CONCILIACION DEPRECIACION | C10: =#REF! -> #REF!
A11: 01190047000000 | B11: EN CONCILIACION AMORTIZACION | C11: =#REF! -> #REF!
B12: SUMA DEPRECIACION Y AMORTIZACION | C12: =C10+C11 -> #REF!
B13: DIFERENCIA | C13: =+C8-C12 -> #REF!
A15: IMPUESTOS POR PAGAR
A16: 01010101000000 | B16: EN BALANCE | C16: ='ANEXO 1'!C170 -> 0
A17: 01180051000000 | B17: EN ANEXO 10 | C17: ='ANEXO - 10'!C227 -> 0
B18: DIFERENCIA | C18: =C17-C16 -> 0
A20: ADQUISICIÓN DE BIENES
A21: 01040022000000 | B21: EN ANEXO 4 | C21: =-'ANEXO 4'!C48 -> 0
A22: 01340013000000 | B22: EN ANEXO 34 | C22: =#REF!-#REF! -> #REF!
B23: DIFERENCIA | C23: =C22-C21 -> #REF!
B26: DIFERENCIA EN BALANCE 2025 | C26: ='ANEXO 1'!C241-'ANEXO 1'!C132 -> 0
B27: DIFERENCIA EN BALANCE 2024 | C27: ='ANEXO 1'!D241-'ANEXO 1'!D132 -> 0
B29: VARIACIONES EN EL CAPITAL | C29: =SUM('ANEXO 3'!C38:M38) -> 0
B31: DIFERENCIA EN FLUJO DE EFECTIVO | C31: =+'ANEXO 1'!C_225 -> 2025 | D31: =+'ANEXO 1'!C_1 -> 2024
B32: EFECTIVO EN CAJA Y BANCOS | C32: ='ANEXO 1'!C15 -> 0 | D32: ='ANEXO 1'!D15 -> 0
B33: EFECTIVO AL FINAL DEL PERIODO | C33: ='ANEXO 4'!C85 -> 0 | D33: ='ANEXO 4'!D85 -> 0
B34: DIFERENCIA | C34: =C32-C33 -> 0 | D34: =D32-D33 -> 0
B35: MITAD | C35: =C34/2 -> 0 | D35: =D34/2 -> 0
B36: DOBLE | C36: =C34*2 -> 0 | D36: =D34*2 -> 0

Sheet ANEXO 1
B1: 1.- ESTADO DE POSICION FINANCIERA
A2: INDICE | B2: CONCEPTO | C2: 2025 | D2: 2024
A3: 01010000000010
A4: 01010000000011 | B4: (CIFRAS EN PESOS)
A5: 01010000000012 | B5: ACTIVO
A6: 01010000000013
A7: 01010000000014 | B7: ACTIVO CIRCULANTE
A8: 01010000000015
A9: 01010000000016 | B9: EFECTIVO E INSTRUMENTOS FINANCIEROS
A10: 01010000000017
A11: 01010000000000 | B11: EFECTIVO EN CAJA Y BANCOS | C11: =VLOOKUP(A11,ResBal,8,FALSE) -> 0 | D11: 0
A12: 01010001000000 | B12: VALORES DE INMEDIATA REALIZACION | C12: =VLOOKUP(A12,ResBal,8,FALSE) -> 0 | D12: 0 | G12: =C12-D12 -> 0
A13: 01010002000000 | B13: INVERSIONES EN RENTA FIJA | C13: =VLOOKUP(A13,ResBal,8,FALSE) -> 0 | D13: 0
A14: 01010003000000 | B14: OTROS INSTRUMENTOS FINANCIEROS | C14: =Sumas!C10 -> 0 | D14: 0
A15: 01010004000000 | B15: TOTAL DE EFECTIVO E INSTRUMENTOS FINANCIEROS | C15: =TRUNC(SUM(C11:C13)+C14,0) -> 0 | D15: =TRUNC(SUM(D11:D13)+D14,0) -> 0
A16: 01010004000010
A17: 01010004000011 | B17: CUENTAS POR COBRAR
A18: 01010004000012
A19: 01010005000000 | B19: CLIENTES | C19: =VLOOKUP(A19,ResBal,8,FALSE) -> 0 | D19: 0
A20: 01010006000000 | B20: DOCUMENTOS POR COBRAR | C20: =VLOOKUP(A20,ResBal,8,FALSE) -> 0 | D20: 0
A21: 01010007000000 | B21: PARTES RELACIONADAS | C21: =VLOOKUP(A21,ResBal,8,FALSE) -> 0 | D21: 0
A22: 01010008000000 | B22: IMPUESTO AL VALOR AGREGADO POR RECUPERAR | C22: =VLOOKUP(A22,ResBal,8,FALSE) -> 0 | D22: 0
A23: 01010009000000 | B23: IMPUESTO SOBRE LA RENTA POR RECUPERAR | C23: =VLOOKUP(A23,ResBal,8,FALSE) -> 0 | D23: 0
A24: 01010010000000 | B24: IMPUESTO EMPRESARIAL A TASA UNICA POR RECUPERAR | C24: =VLOOKUP(A24,ResBal,8,FALSE) -> 0 | D24: 0
A25: 01010011000000 | B25: IMPUESTO A LOS DEPOSITOS EN EFECTIVO POR RECUPERAR | C25: =VLOOKUP(A25,ResBal,8,FALSE) -> 0 | D25: 0
A26: 01010012000000 | B26: OTROS IMPUESTOS POR RECUPERAR | C26: =VLOOKUP(A26,ResBal,8,FALSE) -> 0 | D26: 0
A27: 01010013000000 | B27: DEUDORES DIVERSOS | C27: =VLOOKUP(A27,ResBal,8,FALSE) -> 0 | D27: 0
A28: 01010014000000 | B28: ESTIMACION DE CUENTAS INCOBRABLES | C28: =VLOOKUP(A28,ResBal,8,FALSE) -> 0 | D28: 0
A29: 01010015000000 | B29: OTRAS CUENTAS POR COBRAR
A30: 01010016000000 | B30: TOTAL DE CUENTAS POR COBRAR | C30: =TRUNC(SUM(C19:C26)+C28+C27+C29,0) -> 0 | D30: =TRUNC(SUM(D19:D26)+D28+D27+D29,0) -> 0
A31: 01010016000010
A32: 01010016000011 | B32: INVENTARIOS
A33: 01010016000012
A34: 01060043000000 | B34: PRODUCTOS TERMINADOS | C34: =VLOOKUP(A34,ResBal,8,FALSE) -> 0 | D34: 0
A35: 01010018000000 | B35: PRODUCCION EN PROCESO | C35: =VLOOKUP(A35,ResBal,8,FALSE) -> 0 | D35: 0
A36: 01010019000000 | B36: MATERIAS PRIMAS Y MATERIALES | C36: =VLOOKUP(A36,ResBal,8,FALSE) -> 0 | D36: 0
A37: 01010020000000 | B37: ESTIMACION DE OBSOLESCENCIA | C37: =VLOOKUP(A37,ResBal,8,FALSE) -> 0 | D37: 0
A38: 01010021000000 | B38: PERDIDA POR DETERIORO | C38: =VLOOKUP(A38,ResBal,8,FALSE) -> 0 | D38: 0
A39: 01010022000000 | B39: OTROS
A40: 01010023000000 | B40: TOTAL DE INVENTARIOS | C40: =TRUNC(SUM(C34:C39),0) -> 0 | D40: =TRUNC(SUM(D34:D39),0) -> 0
A41: 01010023000010
A42: 01010023000011 | B42: PAGOS ANTICIPADOS
A43: 01010023000012
A44: 01010024000000 | B44: SEGUROS POR ANTICIPADO | C44: =VLOOKUP(A44,ResBal,8,FALSE) -> 0 | D44: 0
A45: 01010025000000 | B45: ANTICIPO A PROVEEDORES | C45: =VLOOKUP(A45,ResBal,8,FALSE) -> 0 | D45: 0 | G45: =C45-D45 -> 0
A46: 01010026000000 | B46: OTROS PAGOS ANTICIPADOS | C46: =VLOOKUP(A46,ResBal,8,FALSE)+Sumas!C34 -> 0 | D46: 0 | G46: =D46-C46 -> 0
A47: 01010027000000 | B47: PERDIDA POR DETERIORO DE PAGOS ANTICIPADOS | C47: =VLOOKUP(A47,ResBal,8,FALSE) -> 0 | D47: 0
A48: 01010028000000 | B48: TOTAL DE PAGOS ANTICIPADOS | C48: =TRUNC(SUM(C44:C46)+C47,0) -> 0 | D48: =TRUNC(SUM(D44:D46)+D47,0) -> 0 | G48: =C48-D48 -> 0
A49: 01010028000010
A50: 01010029000000 | B50: OTROS ACTIVOS CIRCULANTES
A51: 01010029000010
A52: 01010030000000 | B52: IMPUESTO AL VALOR AGREGADO NO PAGADO | C52: =VLOOKUP(A52,ResBal,8,FALSE) -> 0 | D52: 0
A53: 01010030000010
A54: 01010031000000 | B54: TOTAL DEL ACTIVO CIRCULANTE | C54: =TRUNC(C15+C30+C40+C48+C50+C52,0) -> 0 | D54: =TRUNC(D15+D30+D40+D48+D50+D52,0) -> 0
A55: 01010031000010
A56: 01010031000011 | B56: ACTIVO NO CIRCULANTE
A57: 01010031000012
A58: 01010031000013 | B58: CUENTAS POR COBRAR A LARGO PLAZO
A59: 01010031000014
A60: 01010032000000 | B60: CUENTAS POR COBRAR A LARGO PLAZO PARTES RELACIONADAS | C60: =VLOOKUP(A60,ResBal,8,FALSE) -> 0 | D60: 0
A61: 01010033000000 | B61: CUENTAS POR COBRAR A LARGO PLAZO PARTES NO RELACIONADAS | C61: =VLOOKUP(A61,ResBal,8,FALSE) -> 0 | D61: 0
A62: 01010034000000 | B62: TOTAL DE CUENTAS POR COBRAR A LARGO PLAZO | C62: =TRUNC(SUM(C60:C61),0) -> 0 | D62: 0
A63: 01010034000010
A64: 01010034000011 | B64: PAGOS ANTICIPADOS A LARGO PLAZO
A65: 01010034000012
A66: 01010035000000 | B66: ANTICIPO A PROVEEDORES
A67: 01010036000000 | B67: OTROS PAGOS ANTICIPADOS
A68: 01010037000000 | B68: TOTAL DE PAGOS ANTICIPADOS A LARGO PLAZO | C68: =TRUNC(C66+C67,0) -> 0 | D68: 0
A69: 01010037000010
A70: 01010037000011 | B70: INVERSIONES PERMANENTES
A71: 01010037000012
A72: 01010038000000 | B72: INVERSIONES PERMANENTES | C72: =VLOOKUP(A72,ResBal,8,FALSE) -> 0 | D72: 0
A73: 01010039000000 | B73: TOTAL DE INVERSIONES PERMANENTES | C73: =TRUNC(SUM(C72:C72),0) -> 0 | D73: 0
A74: 01010039000010
A75: 01010039000011 | B75: ACTIVO FIJO
A76: 01010039000012
A77: 01010039000013 | B77: INMUEBLES, MAQUINARIA Y EQUIPO
A78: 01010039000014
A79: 01010040000000 | B79: TERRENOS | C79: =VLOOKUP(A79,ResBal,8,FALSE) -> 0 | D79: 0
A80: 01010041000000 | B80: EDIFICIOS | C80: =VLOOKUP(A80,ResBal,8,FALSE) -> 0 | D80: 0
A81: 01010042000000 | B81: MAQUINARIA | C81: =VLOOKUP(A81,ResBal,8,FALSE) -> 0 | D81: 0 | F81: ok | G81: =C81-D81 -> 0
A82: 01010043000000 | B82: EQUIPO DE TRANSPORTE | C82: =VLOOKUP(A82,ResBal,8,FALSE) -> 0 | D82: 0 | F82: ok | G82: =C82-D82 -> 0
A83: 01010044000000 | B83: MOBILIARIO Y EQUIPO | C83: =VLOOKUP(A83,ResBal,8,FALSE) -> 0 | D83: 0 | F83: ok | G83: =C83-D83 -> 0
A84: 01010045000000 | B84: EQUIPO DE COMPUTO | C84: =VLOOKUP(A84,ResBal,8,FALSE) -> 0 | D84: 0 | F84: ok | G84: =C84-D84 -> 0
A85: 01010046000100 | B85: OTROS ACTIVOS FIJOS | C85: =VLOOKUP(A85,ResBal,8,FALSE) -> 0 | D85: 0 | F85: ok | G85: =C85-D85 -> 0
A86: 01010047000000 | B86: TOTAL DE INMUEBLES, MAQUINARIA Y EQUIPO | C86: =TRUNC(SUM(C79:C85),0) -> 0 | D86: =TRUNC(SUM(D79:D85),0) -> 0 | G86: =C86-D86 -> 0 | H86: OK
A87: 01010047000010
A88: 01010047000011 | B88: DEPRECIACIONES ACUMULADAS
A89: 01010047000012
A90: 01010048000000 | B90: DEPRECIACION ACUMULADA DE EDIFICIOS | C90: =-VLOOKUP(A90,ResBal,8,FALSE) -> 0 | D90: 0
A91: 01010049000000 | B91: DEPRECIACION ACUMULADA DE MAQUINARIA | C91: =-VLOOKUP(A91,ResBal,8,FALSE) -> 0 | D91: 0
A92: 01010050000000 | B92: DEPRECIACION ACUMULADA DE EQUIPO DE TRANSPORTE | C92: =-VLOOKUP(A92,ResBal,8,FALSE) -> 0 | D92: 0
A93: 01010051000000 | B93: DEPRECIACION ACUMULADA DE MOBILIARIO Y EQUIPO | C93: =-VLOOKUP(A93,ResBal,8,FALSE) -> 0 | D93: 0
A94: 01010052000000 | B94: DEPRECIACION ACUMULADA DE EQUIPO DE COMPUTO | C94: =-VLOOKUP(A94,ResBal,8,FALSE) -> 0 | D94: 0
A95: 01010053000100 | B95: DEPRECIACION ACUMULADA DE OTROS ACTIVOS FIJOS | C95: =-VLOOKUP(A95,ResBal,8,FALSE) -> 0 | D95: 0
A96: 01010054000000 | B96: TOTAL DE DEPRECIACION ACUMULADA | C96: =TRUNC(SUM(C90:C95),0) -> 0 | D96: =TRUNC(SUM(D90:D95),0) -> 0 | G96: =C96-D96 -> 0
A97: 01010054000010
A98: 01010054000011 | B98: PERDIDA POR DETERIORO ACUMULADO
A99: 01010054000012
A100: 01010055000000 | B100: PERDIDA POR DETERIORO ACUMULADO DE EDIFICIOS | C100: =-VLOOKUP(A100,ResBal,8,FALSE) -> 0 | D100: 0
...

Sheet ANEXO 2
B1: 2.- ESTADO DE RESULTADOS
A2: INDICE | B2: CONCEPTO | C2: 2025 | D2: 2024
A3: 01020000000010
A4: 01020000000011 | B4: (CIFRAS EN PESOS)
A5: 01020000000012 | B5: NOTA: PARA EL LLENADO DE ESTE ANEXO ES NECESARIO CAPTURAR PRIMERO LA INFORMACION DE LOS ANEXOS 5, 6 (CUANDO SE ESTE OBLIGADO AL LLENADO DE ESTE ANEXO), 7, 8 Y 9. | F5: INGRESOS | G5: DEDUCCIONES | I5: BALANZA | J5: DIFERENCIA
A6: 01020000000013
A7: 01020000000000 | B7: TOTAL DE VENTAS O INGRESOS NETOS PROPIOS DE LA ACTIVIDAD | C7: =TRUNC('ANEXO 5'!C43,0) -> 0 | D7: 0 | F7: =C7 -> 0 | I7: 8.0355416e+08 | J7: =+C7-I7 -> -8.0355416e+08 | L7: 69979440
A8: 01020000000010
A9: 01020000000011 | B9: MENOS:
A10: 01020000000012
A11: 01020001000000 | B11: COSTO DE VENTAS | C11: =TRUNC('ANEXO 6'!C49+'ANEXO 6'!C117+'ANEXO 6'!C142,0) -> 0 | D11: 0 | G11: =C11 -> 0 | I11: 7.0691713e+08 | J11: =+C11-I11 -> -7.0691713e+08
A12: 01020001000010
A13: 01020002000000 | B13: PERDIDA BRUTA | C13: =TRUNC(IF(C7-C11<0,-C7+C11, 0),0) -> 0 | D13: =TRUNC(IF(D7-D11<0,-D7+D11, 0),0) -> 0
A14: 01020003000000 | B14: UTILIDAD BRUTA | C14: =TRUNC(IF(C7-C11>0,C7-C11, 0),0) -> 0 | D14: =TRUNC(IF(D7-D11>0,D7-D11, 0),0) -> 0 | I14: =TRUNC(IF(I7-I11>0,I7-I11, 0),0) -> 96637025
A15: 01020003000010
A16: 01020003000011 | B16: MENOS:
A17: 01020003000012
A18: 01020003000013 | B18: GASTOS DE OPERACION
A19: 01020003000014
A20: 01020004000000 | B20: GASTOS GENERALES | C20: =TRUNC('ANEXO 7'!I116,0) -> 0 | D20: 0 | G20: =C20 -> 0 | I20: 4739246.8 | J20: =+C20-I20 -> -4739246.8
A21: 01020005000000 | B21: GASTOS DE ADMINISTRACION | C21: =TRUNC('ANEXO 7'!G116,0) -> 0 | D21: 0 | G21: =C21 -> 0
A22: 01020006000000 | B22: GASTOS DE VENTA | C22: =TRUNC('ANEXO 7'!E116,0) -> 0 | D22: 0 | G22: =C22 -> 0
A23: 01020007000000 | B23: TOTAL | C23: =TRUNC(SUM(C20:C22),0) -> 0 | D23: =TRUNC(SUM(D20:D22),0) -> 0 | I23: =TRUNC(SUM(I20:I22),0) -> 4739246
A24: 01020007000010
A25: 01020008000000 | B25: PERDIDA DE OPERACION | C25: =TRUNC(IF(C14-C13-C23<0,C13-C14+C23, 0),0) -> 0 | D25: =TRUNC(IF(D14-D13-D23<0,D13-D14+D23, 0),0) -> 0
A26: 01020009000000 | B26: UTILIDAD DE OPERACIÓN | C26: =TRUNC(IF(C14-C13-C23>0,-C13+C14-C23, 0),0) -> 0 | D26: =TRUNC(IF(D14-D13-D23>0,-D13+D14-D23, 0),0) -> 0 | I26: =TRUNC(IF(I14-I13-I23>0,-I13+I14-I23, 0),0) -> 91897779 | J26: =+C26-I26 -> -91897779
A27: 01020009000010
A28: 01020009000011 | B28: MAS (MENOS):
A29: 01020009000012
A30: 01020009000013 | B30: OTROS INGRESOS Y OTROS GASTOS
A31: 01020009000014
A32: 01020010000000 | B32: OTROS INGRESOS | C32: =TRUNC('ANEXO 5'!D43,0) -> 0 | D32: 0 | F32: =C32 -> 0 | I32: 0 | J32: =+C32-I32 -> 0
A33: 01020011000000 | B33: OTROS GASTOS | C33: =TRUNC('OTROS GASTOS'!C20,0) -> 0 | D33: 0 | G33: =C33 -> 0
A34: 01020012000000 | B34: TOTAL | C34: =TRUNC(C32-C33,0) -> 0 | D34: =TRUNC(D32-D33,0) -> 0 | I34: =TRUNC(I32-I33,0) -> 0
A35: 01020012000010
A36: 01020012000011 | B36: MAS (MENOS):
A37: 01020012000012
A38: 01020012000013 | B38: RESULTADO INTEGRAL DE FINANCIAMIENTO
A39: 01020012000014
A40: 01020013000000 | B40: INTERESES A FAVOR | C40: =TRUNC('ANEXO - 8'!C20,0) -> 0 | D40: 0 | F40: =C40 -> 0
A41: 01020014000000 | B41: INTERESES A CARGO | C41: =TRUNC('ANEXO - 8'!C36,0) -> 0 | D41: 0 | G41: =C41 -> 0
A42: 01020015000000 | B42: UTILIDAD CAMBIARIA | C42: =TRUNC('ANEXO - 8'!C42+'ANEXO - 8'!C43,0) -> 0 | D42: 0 | F42: =C42 -> 0
A43: 01020016000000 | B43: PERDIDA CAMBIARIA | C43: =TRUNC('ANEXO - 8'!C40+'ANEXO - 8'!C41,0) -> 0 | D43: 0 | G43: =-C43 -> 0
A44: 01020017000000 | B44: RESULTADO POR POSICION MONETARIA FAVORABLE | C44: =TRUNC('ANEXO - 8'!C48+'ANEXO - 8'!C49,0) -> 0 | D44: 0 | F44: =C44 -> 0
A45: 01020018000000 | B45: RESULTADO POR POSICION MONETARIA DESFAVORABLE | C45: =TRUNC('ANEXO - 8'!C50+'ANEXO - 8'!C51,0) -> 0 | D45: 0 | G45: =C45 -> 0
A46: 01020019000000 | B46: CAMBIOS EN EL VALOR RAZONABLE DE ACTIVOS Y PASIVOS FINANCIEROS | C46: =TRUNC('ANEXO - 8'!C52+'ANEXO - 8'!C53,0) -> 0 | D46: 0
A47: 01020020000000 | B47: OTROS CONCEPTOS FINANCIEROS A FAVOR | C47: =TRUNC('ANEXO - 8'!C58+'ANEXO - 8'!C59,0) -> 0 | D47: 0 | F47: =C47 -> 0
A48: 01020021000000 | B48: OTROS CONCEPTOS FINANCIEROS A CARGO | C48: =TRUNC('ANEXO - 8'!C60+'ANEXO - 8'!C61,0) -> 0 | D48: 0 | G48: =C48 -> 0 | I48: 542 | J48: =+C48-I48 -> -542
A49: 01020022000000 | B49: TOTAL | C49: =TRUNC(C40+C42+C44-C41+C43+C45+C46+C47+C48,0) -> 0 | D49: 0 | I49: =TRUNC(I40+I42+I44-I41+I43+I45+I46+I47+I48,0) -> 542
A50: 01020022000010
A51: 01020022000011 | B51: MAS (MENOS):
A52: 01020022000012
A53: 01020023000000 | B53: PERDIDA NETA POR PARTICIPACION EN LOS RESULTADOS DE SUBSIDIARIAS NO CONSOLIDADAS Y ASOCIADAS | G53: =C53 -> 0
A54: 01020024000000 | B54: UTILIDAD NETA POR PARTICIPACION EN LOS RESULTADOS DE SUBSIDIARIAS NO CONSOLIDADAS Y ASOCIADAS | F54: =C54 -> 0
A55: 01020024000010
A56: 01020024000011 | B56: MAS (MENOS):
A57: 01020024000012
A58: 01020025000000 | B58: PARTIDAS NO ORDINARIAS | C58: 0 | D58: 0
A59: 01020025000010
A60: 01020026000000 | B60: PERDIDA ANTES DE IMPUESTOS A LA UTILIDAD | C60: =TRUNC(IF(C26-C25+C34+C49-C53+C54+C58<0,C25-C26-C34-C49+C53-C54-C58, 0),0) -> 0 | D60: =TRUNC(IF(D26-D25+D34+D49-D53+D54+D58<0,D25-D26-D34-D49+D53-D54-D58, 0),0) -> 0
A61: 01020027000000 | B61: UTILIDAD ANTES DE IMPUESTOS A LA UTILIDAD | C61: =TRUNC(IF(C26-C25+C34+C49-C53+C54+C58>0,C26-C25+C34+C49-C53+C54+C58, 0),0) -> 0 | D61: =TRUNC(IF(D26-D25+D34+D49-D53+D54+D58>0,D26-D25+D34+D49-D53+D54+D58, 0),0) -> 0 | I61: =TRUNC(IF(I26-I25+I34+I49-I53+I54+I58>0,I26-I25+I34+I49-I53+I54+I58, 0),0) -> 91898321 | J61: =+C61-I61 -> -91898321
A62: 01020027000010
A63: 01020027000011 | B63: MENOS:
A64: 01020027000012
A65: 01020027000013 | B65: IMPUESTOS A LA UTILIDAD
A66: 01020027000014
A67: 01020028000000 | B67: IMPUESTO SOBRE LA RENTA | C67: =VLOOKUP(A67,ResBal,8,FALSE) -> 0 | D67: 0 | I67: 30949109 | J67: =+C67-I67 -> -30949109
A68: 01020029000000 | B68: IMPUESTO EMPRESARIAL A TASA UNICA | C68: =VLOOKUP(A68,ResBal,8,FALSE) -> 0 | D68: 0
A69: 01020030000000 | B69: IMPUESTO SOBRE LA RENTA DIFERIDO | C69: =VLOOKUP(A69,ResBal,8,FALSE) -> 0 | D69: 0
A70: 01020031000000 | B70: IMPUESTO EMPRESARIAL A TASA UNICA DIFERIDO | C70: =VLOOKUP(A70,ResBal,8,FALSE) -> 0 | D70: 0
A71: 01020032000000 | B71: OTRAS PROVISIONES
A72: 01020033000000 | B72: TOTAL | C72: =TRUNC(SUM(C67:C70)+C71,0) -> 0 | D72: =TRUNC(SUM(D67:D70)+D71,0) -> 0 | G72: =C72 -> 0 | I72: =TRUNC(SUM(I67:I70)+I71,0) -> 30949109
A73: 01020033000010
A74: 01020034000000 | B74: PERDIDA ANTES DE LAS OPERACIONES DISCONTINUADAS | C74: =TRUNC(IF(C61-C60-C72<0,C60-C61+C72, 0),0) -> 0 | D74: =TRUNC(IF(D61-D60-D72<0,D60-D61+D72, 0),0) -> 0
A75: 01020035000000 | B75: UTILIDAD ANTES DE LAS OPERACIONES DISCONTINUADAS | C75: =TRUNC(IF(C61-C60-C72>0,C61-C60-C72, 0),0) -> 0 | D75: =TRUNC(IF(D61-D60-D72>0,D61-D60-D72, 0),0) -> 0 | I75: =TRUNC(IF(I61-I60-I72>0,I61-I60-I72, 0),0) -> 60949212 | J75: =+C75-I75 -> -60949212
A76: 01020035000010
A77: 01020035000011 | B77: MAS (MENOS):
A78: 01020035000012
A79: 01020036000000 | B79: OPERACIONES DISCONTINUADAS
A80: 01020036000010
A81: 01020037000000 | B81: PERDIDA NETA | C81: =TRUNC(IF(C75-C74+SUM(C79:C79)<0,C74-C75-SUM(C79:C79), 0),0) -> 0 | D81: =TRUNC(IF(D75-D74+SUM(D79:D79)<0,D74-D75-SUM(D79:D79), 0),0) -> 0
A82: 01020038000000 | B82: UTILIDAD NETA | C82: =TRUNC(IF(C75-C74+SUM(C79:C79)>0,C75-C74+SUM(C79:C79), 0),0) -> 0 | D82: =TRUNC(IF(D75-D74+SUM(D79:D79)>0,D75-D74+SUM(D79:D79), 0),0) -> 0 | I82: =TRUNC(IF(I75-I74+SUM(I79:I79)>0,I75-I74+SUM(I79:I79), 0),0) -> 60949212
A83: 01020038000010
A84: 01020038000011 | B84: LAS NOTAS ADJUNTAS SON PARTE INTEGRANTE DE ESTE ESTADO FINANCIERO | F84: =SUM(F7:F83) -> 0 | G84: =SUM(G7:G83) -> 0
C87: 1663890 | F87: 1.6711624e+08 | G87: 1.6545234e+08
C88: =C82-C87 -> -1663890 | F88: =F84-F87 -> -1.6711624e+08 | G88: =G84-G87 -> -1.6545234e+08

Sheet ANEXO 3
B1: 3.- ESTADO DE VARIACIONES EN EL CAPITAL CONTABLE
A2: INDICE | B2: CONCEPTO | C2: CAPITAL SOCIAL NOMINAL | D2: CAPITAL SOCIAL ACTUALIZADO | E2: APORTACIONES PARA FUTUROS AUMENTOS DE CAPITAL | F2: PRIMA EN SUSCRIPCION DE ACCIONES | G2: RESERVA LEGAL | H2: UTILIDAD NETA | I2: PERDIDA NETA | J2: UTILIDADES RETENIDAS DE EJERCICIOS ANTERIORES | K2: PERDIDAS ACUMULADAS DE EJERCICIOS ANTERIORES | L2: EXCESO O INSUFICIENCIA | M2: OTRAS CUENTAS DE CAPITAL | N2: TOTAL
A3: 01030000000010
A4: 01030000000011 | B4: (CIFRAS EN PESOS)
A5: 01030000000012
A6: 01030000000000 | B6: SALDOS AL 31 DE DICIEMBRE DE 2021 | C6: 0 | E6: 0 | F6: 0 | G6: 0 | H6: 0 | M6: 0 | N6: =SUM(C6:M6) -> 0
A7: 01030001000000 | B7: APLICACION DE LA UTILIDAD DEL EJERCICIO 2021 | H7: 0 | K7: 0 | N7: 0
A8: 01030002000000 | B8: AUMENTO O DISMINUCION DEL CAPITAL SOCIAL | C8: 0 | E8: 0 | N8: =SUM(C8:M8) -> 0
A9: 01030003000000 | B9: DIVIDENDOS PAGADOS | N9: 0
A10: 01030004000000 | B10: UTILIDAD NETA DE 2022 | H10: =+'ANEXO 1'!D226 -> 0 | N10: =SUM(C10:M10) -> 0
A11: 01030005000000 | B11: PERDIDA NETA DE 2022 | N11: 0
A12: 01030006000000 | B12: RESULTADO POR TENENCIA DE ACTIVOS NO MONETARIOS | N12: 0
A13: 01030007000000 | B13: RECOMPRA DE ACCIONES | N13: 0
A14: 01030008000000 | B14: EFECTO DE VALUACION DE EJERCICIO DE INSTRUMENTOS FINANCIEROS | N14: 0
A15: 01030009000000 | B15: EFECTO DE CONVERSION DEL EJERCICIO DE OPERACIONES EXTRANJERAS | N15: 0
A16: 01030010000000 | B16: UTILIDAD (PERDIDA) CONTABLE POR ENAJENACION DE ACCIONES | N16: 0
A17: 01030011000000 | B17: OTROS | N17: 0
A18: 01030011000010 | Q18: ANEXO 1 | R18: DIFERENCIAS
A19: 01030012000000 | B19: SALDOS AL 31 DE DICIEMBRE DE 2022 | C19: =SUM(C6:C17) -> 0 | D19: =SUM(D6:D17) -> 0 | E19: =SUM(E6:E17) -> 0 | F19: =SUM(F6:F17) -> 0 | G19: =SUM(G6:G17) -> 0 | H19: =SUM(H6:H17) -> 0 | I19: =SUM(I6:I17) -> 0 | J19: =SUM(J6:J17) -> 0 | ... M19: =SUM(M6:M17) -> 0 | N19: =SUM(N6:N18) -> 0 | Q19: =+'ANEXO 1'!D239 -> 0 | R19: =+N19-Q19 -> 0
A20: 01030013000000 | B20: APLICACION DE LA UTILIDAD DEL EJERCICIO 2022 | H20: =-H19 -> 0 | J20: =+H19 -> 0 | N20: =SUM(C20:M20) -> 0
A21: 01030014000000 | B21: AUMENTO O DISMINUCION DEL CAPITAL SOCIAL | N21: =SUM(C21:M21) -> 0
A22: 01030015000000 | B22: DIVIDENDOS PAGADOS | N22: =SUM(C22:M22) -> 0
A23: 01030016000000 | B23: UTILIDAD NETA DE 2023 | H23: ='ANEXO 1'!C226 -> 0 | N23: =SUM(C23:M23) -> 0
A24: 01030017000000 | B24: PERDIDA NETA DE 2023 | N24: =SUM(C24:M24) -> 0
A25: 01030018000000 | B25: RESULTADO POR TENENCIA DE ACTIVOS NO MONETARIOS | N25: =SUM(C25:M25) -> 0
A26: 01030019000000 | B26: RECOMPRA DE ACCIONES | N26: =SUM(C26:M26) -> 0
A27: 01030020000000 | B27: EFECTO DE VALUACION DE EJERCICIO DE INSTRUMENTOS FINANCIEROS | N27: =SUM(C27:M27) -> 0
A28: 01030021000000 | B28: EFECTO DE CONVERSION DEL EJERCICIO DE OPERACIONES EXTRANJERAS | N28: =SUM(C28:M28) -> 0
A29: 01030022000000 | B29: UTILIDAD (PERDIDA) CONTABLE POR ENAJENACION DE ACCIONES | N29: =SUM(C29:M29) -> 0
A30: 01030023000000 | B30: OTROS | N30: =SUM(C30:M30) -> 0
A31: 01030023000010 | Q31: Anexo 1 | R31: DIFERENCIA
A32: 01030024000000 | B32: SALDOS AL 31 DE DICIEMBRE DE 2023 | C32: =SUM(C19:C30) -> 0 | D32: =SUM(D19:D30) -> 0 | E32: =SUM(E19:E30) -> 0 | F32: =SUM(F19:F30) -> 0 | G32: =SUM(G19:G30) -> 0 | H32: =SUM(H19:H30) -> 0 | I32: =SUM(I19:I30) -> 0 | J32: =SUM(J19:J30) -> 0 | ... N32: =SUM(N19:N30) -> 0 | Q32: =+'ANEXO 1'!C239 -> 0 | R32: =+N32-Q32 -> 0
A33: 01030024000010
A34: 01030024000011 | B34: LAS NOTAS ADJUNTAS SON PARTE INTEGRANTE DE ESTE ESTADO FINANCIERO
C37: ='ANEXO 1'!C221 -> 0 | E37: ='ANEXO 1'!C223 -> 0 | F37: ='ANEXO 1'!C224 -> 0 | G37: ='ANEXO 1'!C225 -> 0 | H37: ='ANEXO 1'!C226 -> 0 | I37: ='ANEXO 1'!C227 -> 0 | J37: ='ANEXO 1'!C228 -> 0 | K37: ='ANEXO 1'!C229 -> 0 | L37: ='ANEXO 1'!C230-'ANEXO 1'!C231 -> 0 | M37: ='ANEXO 1'!C236-'ANEXO 1'!C237 -> 0
C38: =C32+D32+G32-C37 -> 0 | E38: =E32-E37 -> 0 | F38: =F32-F37 -> 0 | G38: =G32-G37 -> 0 | H38: =H32-H37 -> 0 | I38: =I32-I37 -> 0 | J38: =J32-J37 -> 0 | K38: =K32-K37 -> 0 | L38: =L32+L37 -> 0 | M38: =M32-M37 -> 0

Sheet ANEXO 4
B1: 4.- ESTADO DE FLUJOS DE EFECTIVO
A2: INDICE | B2: CONCEPTO | C2: 205 | D2: 2024
A3: 01040000000010
A4: 01040000000011 | B4: (CIFRAS EN PESOS)
A5: 01040000000012
A6: 01040000000013 | B6: CONFORME AL METODO INDIRECTO
A7: 01040000000014 | B7: ACTIVIDADES DE OPERACION
A8: 01040000000015
A9: 01040000000000 | B9: UTILIDAD ANTES DE IMPUESTOS A LA UTILIDAD | C9: =IF(Generales!C36="SI",TRUNC('ANEXO 2'!C61,0),0) -> 0 | D9: 0
A10: 01040001000000 | B10: PERDIDA ANTES DE IMPUESTOS A LA UTILIDAD | C10: =IF(Generales!C36="SI",TRUNC('ANEXO 2'!C60,0),0) -> 0 | D10: 0
A11: 01040001000010
A12: 01040001000011 | B12: PARTIDAS RELACIONADAS CON
A13: 01040001000012 | B13: ACTIVIDADES DE INVERSION
A14: 01040001000013
A15: 01040002000000 | B15: DEPRECIACIONES Y AMORTIZACIONES | C15: ='ANEXO 7'!I60+'ANEXO 7'!I64 -> 0 | D15: 0
A16: 01040003000000 | B16: PERDIDA POR DETERIORO DE ACTIVOS | C16: 0 | D16: 0
A17: 01040004000000 | B17: UTILIDAD POR VENTA DE ACTIVO FIJO Y TERRENO | C17: 0 | D17: 0
A18: 01040005000000 | B18: INTERESES A FAVOR | C18: =IF(Generales!C36="SI",-TRUNC('ANEXO - 8'!C20,0),0) -> 0 | D18: 0
A19: 01040006000000 | B19: DIVIDENDOS COBRADOS | C19: =IF(Generales!C36="SI",-TRUNC('ANEXO 5'!G33+'ANEXO 5'!G34,0),0) -> 0 | D19: 0
A20: 01040007000000 | B20: OTRAS PARTIDAS RELACIONADAS CON ACTIVIDADES DE INVERSION
A21: 01040007000010
A22: 01040008000000 | B22: SUMA DE PARTIDAS RELACIONADAS CON ACTIVIDADES DE INVERSION | C22: =TRUNC(SUM(C15:C19)+C20,0) -> 0 | D22: =TRUNC(SUM(D15:D19)+D20,0) -> 0
A23: 01040008000010
A24: 01040008000011 | B24: PARTIDAS RELACIONADAS CON ACTIVIDADES DE FINANCIAMIENTO
A25: 01040008000012
A26: 01040009000000 | B26: INTERESES A CARGO | C26: =IF(Generales!C36="SI",TRUNC('ANEXO - 8'!C36,0),0)*-1 -> 0 | D26: 0
A27: 01040010000000 | B27: OTRAS PARTIDAS RELACIONADAS CON ACTIVIDADES DE FINANCIAMIENTO | C27: =+'ANEXO 1'!H146+'ANEXO 1'!H154 -> 0 | D27: 0
A28: 01040010000010
A29: 01040011000000 | B29: SUMA DE PARTIDAS RELACIONADAS CON ACTIVIDADES DE FINANCIAMIENTO | C29: =TRUNC(SUM(C26:C27),0) -> 0 | D29: =TRUNC(SUM(D26:D27),0) -> 0
A30: 01040011000010
A31: 01040011000011 | B31: MAS (MENOS):
A32: 01040011000012
A33: 01040012000000 | B33: INCREMENTO EN CUENTAS POR COBRAR Y OTROS | C33: =IF(Generales!C36="SI",TRUNC('ANEXO 1'!D30-'ANEXO 1'!C30+'ANEXO 1'!D48-'ANEXO 1'!C48+'ANEXO 1'!D50-'ANEXO 1'!C50+'ANEXO 1'!D52-'ANEXO 1'!C52+'ANEXO 1'!D62-'ANEXO 1'!C62+'ANEXO 1'!D68-'ANEXO 1'!C68+'ANEXO 1'!D73-'ANEXO 1'!C73,0),0) -> 0 | D33: 0
A34: 01040013000000 | B34: DISMINUCION EN INVENTARIOS | C34: =IF(Generales!C36="SI",TRUNC('ANEXO 1'!D40-'ANEXO 1'!C40,0),0) -> 0 | D34: 0
A35: 01040014000000 | B35: DISMINUCION EN PROVEEDORES | C35: =IF(Generales!C36="SI",TRUNC('ANEXO 1'!C154-'ANEXO 1'!D154,0),0) -> 0 | D35: 0
A36: 01040015000000 | B36: IMPUESTO SOBRE LA RENTA PAGADO | C36: =IF(Generales!C36="SI",TRUNC('ANEXO 2'!C67,0),0)*-1 -> 0 | D36: 0
A37: 01040016000000 | B37: IMPUESTO EMPRESARIAL A TASA UNICA PAGADO | C37: =IF(Generales!C36="SI",TRUNC('ANEXO 2'!C68,0),0) -> 0 | D37: 0
A38: 01040017000000 | B38: OTRAS PARTIDAS | C38: =SUM(C39:C39) -> 0 | D38: =SUM(D39:D39) -> 0
A39: 01040017000100 | B39: OTRAS DEUDAS POR PAGAR | C39: ='ANEXO 1'!C142-'ANEXO 1'!D142+'ANEXO 1'!C148-'ANEXO 1'!D148+'ANEXO 1'!C170-'ANEXO 1'!D170+'ANEXO 1'!C182-'ANEXO 1'!D182+'ANEXO 1'!C184-'ANEXO 1'!D184+'ANEXO 1'!C216-'ANEXO 1'!D216 -> 0 | D39: 0
A40: 01040017000010
A41: 01040018000000 | B41: FLUJOS NETOS DE EFECTIVO DE ACTIVIDADES DE OPERACION | C41: =TRUNC(+C9-C10+C22+C29+SUM(C33:C37)+C38,0) -> 0 | D41: =TRUNC(+D9-D10+D22+D29+SUM(D33:D37)+D38,0) -> 0
A42: 01040018000010
A43: 01040018000011 | B43: ACTIVIDADES DE INVERSION
A44: 01040018000012
A45: 01040019000000 | B45: NEGOCIO ADQUIRIDO (CREDITO MERCANTIL Y/O COMERCIAL)
A46: 01040020000000 | B46: INTERESES COBRADOS
A47: 01040021000000 | B47: DIVIDENDOS COBRADOS | C47: =-TRUNC(C19,0) -> 0 | D47: 0
A48: 01040022000000 | B48: ADQUISICION DE ACTIVO FIJO Y TERRENO | C48: ='ANEXO 1'!G86*-1 -> 0 | D48: 0
A49: 01040023000000 | B49: COBROS POR VENTA DE ACTIVO FIJO Y TERRENO
A50: 01040024000000 | B50: ADQUISICION DE ACCIONES
A51: 01040025000000 | B51: ADQUISION DE ACTIVOS INTANGIBLES | C51: 0 | D51: 0
A52: 01040026000000 | B52: ADQUISICION DE OTROS ACTIVOS | C52: =IF(Generales!C36="SI",-('ANEXO 1'!C128-'ANEXO 1'!D128),0) -> 0 | D52: 0
A53: 01040027000000 | B53: OTRAS PARTIDAS RELACIONADAS CON ACTIVIDADES DE INVERSION
A54: 01040027000010
A55: 01040028000000 | B55: FLUJOS NETOS DE EFECTIVO DE ACTIVIDADES DE INVERSION | C55: =TRUNC(SUM(C45:C52)+C53,0) -> 0 | D55: =TRUNC(SUM(D45:D52)+D53,0) -> 0
A56: 01040028000010
A57: 01040029000000 | B57: EFECTIVO EXCEDENTE PARA APLICAR EN ACTIVIDADES DE FINANCIAMIENTO (RESULTADO POSITIVO) | C57: =TRUNC(IF(C41+C55>0,C41+C55,0),0) -> 0 | D57: 0
A58: 01040030000000 | B58: EFECTIVO A OBTENER DE ACTIVIDADES DE FINANCIAMIENTO (RESULTADO NEGATIVO) | C58: =TRUNC(IF(C41+C55<0,C41+C55,0),0) -> 0 | D58: =TRUNC(IF(D41+D55<0,D41+D55,0),0) -> 0
A59: 01040030000010
A60: 01040030000011 | B60: ACTIVIDADES DE FINANCIAMIENTO
A61: 01040030000012
A62: 01040031000000 | B62: ENTRADA DE EFECTIVO POR EMISION DE CAPITAL | C62: 0 | D62: 0
A63: 01040032000000 | B63: ENTRADA DE EFECTIVO POR APORTACIONES PARA FUTUROS AUMENTOS DE CAPITAL
A64: 01040033000000 | B64: OBTENCION DE PRESTAMOS CON PARTES RELACIONADAS | C64: 0 | D64: 0
A65: 01040034000000 | B65: OBTENCION DE PRESTAMOS CON PARTES NO RELACIONADAS | C65: 0 | D65: 0
A66: 01040035000000 | B66: PAGO DE PASIVOS | C66: 0 | D66: 0
A67: 01040036000000 | B67: PAGO DE PRESTAMOS CON PARTES RELACIONADAS | C67: 0 | D67: 0
A68: 01040037000000 | B68: PAGO DE PRESTAMOS CON PARTES NO RELACIONADAS
A69: 01040038000000 | B69: INTERESES PAGADOS | C69: =+C26 -> 0 | D69: 0
A70: 01040039000000 | B70: PAGO DE DIVIDENDOS | C70: =IF(Generales!C36="SI",TRUNC('ANEXO 3'!H22+'ANEXO 3'!J22,0),0) -> 0 | D70: 0
A71: 01040040000000 | B71: OTRAS PARTIDAS RELACIONADAS CON ACTIVIDADES DE FINANCIAMIENTO
A72: 01040040000010
A73: 01040041000000 | B73: FLUJOS NETOS DE EFECTIVO DE ACTIVIDADES DE FINANCIAMIENTO | C73: =TRUNC(SUM(C62:C70)+C71,0) -> 0 | D73: =TRUNC(SUM(D62:D70)+D71,0) -> 0
A74: 01040041000010
A75: 01040042000000 | B75: INCREMENTO NETO DE EFECTIVO Y DEMAS EQUIVALENTES DE EFECTIVO | C75: =TRUNC(C58+C57+C73,0) -> 0 | D75: =TRUNC(D58+D57+D73,0) -> 0
A76: 01040042000010
A77: 01040042000011 | B77: EFECTOS POR CAMBIOS EN EL VALOR DEL EFECTIVO
A78: 01040042000012
A79: 01040043000000 | B79: EFECTOS POR CAMBIOS EN EL VALOR DEL EFECTIVO POR CONVERSION DE LOS SALDOS Y FLUJOS DE EFECTIVO DE SUS OPERACIONES EXTRANJERAS, A LA MONEDA DE INFORME
A80: 01040044000000 | B80: EFECTOS POR CAMBIOS EN EL VALOR DEL EFECTIVO POR INFLACIÓN ASOCIADO CON LOS SALDOS Y FLUJOS DE EFECTIVO DE ENTIDADES QUE CONFORMAN LA ENTIDAD ECONOMICA CONSOLIDADA
A81: 01040045000000 | B81: OTROS EFECTOS POR CAMBIOS EN EL VALOR DEL EFECTIVO
A82: 01040046000000 | B82: TOTAL DE EFECTOS POR CAMBIOS EN EL VALOR DEL EFECTIVO | C82: =TRUNC(SUM(C79:C81),0) -> 0 | D82: 0
A83: 01040047000000 | B83: EFECTIVO AL PRINCIPIO DEL PERIODO | C83: =IF(Generales!C36="SI",TRUNC('ANEXO 1'!D15,0),0) -> 0 | D83: 0
A84: 01040047000010
A85: 01040048000000 | B85: EFECTIVO AL FINAL DEL PERIODO | C85: =TRUNC(C75+C83+C82,0) -> 0 | D85: =TRUNC(D75+D83+D82,0) -> 0
A86: 01040048000010
A87: 01040048000011 | B87: CONFORME AL METODO DIRECTO
A88: 01040048000012
A89: 01040048000013 | B89: ACTIVIDADES DE OPERACION
A90: 01040048000014
A91: 01040049000000 | B91: COBRO A CLIENTES
A92: 01040050000000 | B92: PAGOS A PROVEEDORES
A93: 01040051000000 | B93: PAGO A EMPLEADOS Y OTROS PROVEEDORES DE BIENES Y SERVICIOS
A94: 01040052000000 | B94: IMPUESTO SOBRE LA RENTA PAGADO | C94: =IF(Generales!C37="SI",TRUNC('ANEXO 2'!C67,0),0) -> 0
A95: 01040053000000 | B95: IMPUESTO EMPRESARIAL A TASA UNICA PAGADO | C95: =IF(Generales!C37="SI",TRUNC('ANEXO 2'!C68,0),0) -> 0
A96: 01040054000000 | B96: OTRAS ACTIVIDADES DE OPERACION
A97: 01040055000000 | B97: FLUJOS NETOS DE EFECTIVO DE ACTIVIDADES DE OPERACIÓN | C97: =TRUNC(SUM(C91:C95)+C96,0) -> 0
A98: 01040055000010
A99: 01040055000011 | B99: ACTIVIDADES DE INVERSION
A100: 01040055000012
...

Sheet ANEXO 5
B1: 5.- INTEGRACION ANALITICA DE VENTAS O INGRESOS NETOS
A2: INDICE | B2: CONCEPTO | C2: 2025 OPERATIVOS O PROPIOS DE LA_x000D_ ACTIVIDAD | D2: 2025 NO OPERATIVOS_x000D_ (OTROS INGRESOS) | E2: 2024 OPERATIVOS O PROPIOS DE LA ACTIVIDAD | F2: 2024 NO OPERATIVOS (OTROS INGRESOS) | G2: 2025 TOTAL | H2: 2024 TOTAL
A3: 01050000000010
A4: 01050000000011 | B4: (CIFRAS EN PESOS)
A5: 01050000000012
A6: 01050000000000 | B6: VENTAS TOTALES A NACIONALES DE INVENTARIOS PRODUCIDOS | C6: =-VLOOKUP(A6,ResBal,8,FALSE)-D6 -> 0 | G6: =C6+D6 -> 0
A7: 01050001000000 | B7: VENTAS TOTALES AL EXTRANJERO DE INVENTARIOS PRODUCIDOS | C7: =-VLOOKUP(A7,ResBal,8,FALSE)-D7 -> 0 | E7: 0 | G7: =C7+D7 -> 0 | H7: 0
A8: 01050002000000 | B8: TOTAL DE VENTAS DE INVENTARIOS PRODUCIDOS | C8: =TRUNC(SUM(C6:C7),0) -> 0 | D8: =TRUNC(SUM(D6:D7),0) -> 0 | F8: 0 | G8: =C8+E8 -> 0
A9: 01050002000010
A10: 01050003000000 | B10: VENTAS TOTALES A NACIONALES DE INVENTARIOS ADQUIRIDOS PARA SU DISTRIBUCION | C10: =-VLOOKUP(A10,ResBal,8,FALSE)-D10 -> 0 | E10: 0 | G10: =C10+D10 -> 0 | H10: 0
A11: 01050004000000 | B11: VENTAS TOTALES AL EXTRANJERO DE INVENTARIOS ADQUIRIDOS PARA SU DISTRIBUCION | C11: =-VLOOKUP(A11,ResBal,8,FALSE)-D11 -> 0 | E11: 0 | G11: =C11+D11 -> 0 | H11: 0
A12: 01050005000000 | B12: TOTAL DE VENTAS DE INVENTARIOS PARA SU DISTRIBUCION | C12: =TRUNC(SUM(C10:C11),0) -> 0 | D12: =TRUNC(SUM(D10:D11),0) -> 0 | E12: 0 | F12: 0 | G12: =C12+D12 -> 0 | H12: 0
A13: 01050005000010
A14: 01050006000000 | B14: DEVOLUCIONES, REBAJAS Y BONIFICACIONES SOBRE VENTAS NACIONALES | C14: =VLOOKUP(A14,ResBal,8,FALSE)-D14 -> 0 | G14: =C14+D14 -> 0
A15: 01050007000000 | B15: DEVOLUCIONES, REBAJAS Y BONIFICACIONES SOBRE VENTAS AL EXTRANJERO | C15: =VLOOKUP(A15,ResBal,8,FALSE)-D15 -> 0 | E15: 0 | G15: =C15+D15 -> 0 | H15: 0
A16: 01050007000010 | G16: =C16+D16 -> 0
A17: 01050008000000 | B17: VENTAS NETAS | C17: =TRUNC(C8+C12-C14-C15,0) -> 0 | D17: =TRUNC(D8+D12-D14-D15,0) -> 0 | F17: 0 | G17: =C17+D17 -> 0
A18: 01050008000010 | G18: =C18+D18 -> 0
A19: 01050008000011 | B19: INGRESOS NETOS POR: | G19: =C19+D19 -> 0
A20: 01050008000012 | G20: =C20+D20 -> 0
A21: 01050009000000 | B21: SERVICIOS EN GENERAL | C21: =-VLOOKUP(A21,ResBal,8,FALSE)-D21 -> 0 | E21: 0 | G21: =C21+D21 -> 0 | H21: 0
A22: 01050010000000 | B22: MAQUILA | C22: =-VLOOKUP(A22,ResBal,8,FALSE)-D22 -> 0 | E22: 0 | G22: =C22+D22 -> 0 | H22: 0
A23: 01050011000000 | B23: SERVICIOS ADMINISTRATIVOS | C23: =-VLOOKUP(A23,ResBal,8,FALSE)-D23 -> 0 | E23: 0 | G23: =C23+D23 -> 0 | H23: 0
A24: 01050012000000 | B24: SEGUROS Y REASEGUROS | C24: =-VLOOKUP(A24,ResBal,8,FALSE)-D24 -> 0 | E24: 0 | G24: =C24+D24 -> 0 | H24: 0
A25: 01050013000000 | B25: COMISIONES | C25: =-VLOOKUP(A25,ResBal,8,FALSE)-D25 -> 0 | E25: 0 | G25: =C25+D25 -> 0 | H25: 0
A26: 01050014000000 | B26: REGALIAS | C26: =-VLOOKUP(A26,ResBal,8,FALSE)-D26 -> 0 | E26: 0 | G26: =C26+D26 -> 0 | H26: 0
A27: 01050015000000 | B27: ASISTENCIA TECNICA | C27: =-VLOOKUP(A27,ResBal,8,FALSE)-D27 -> 0 | E27: 0 | G27: =C27+D27 -> 0 | H27: 0
A28: 01050016000000 | B28: ARRENDAMIENTO | C28: =-VLOOKUP(A28,ResBal,8,FALSE)-D28 -> 0 | E28: 0 | G28: =C28+D28 -> 0 | H28: 0
A29: 01050017000000 | B29: GANANCIA EN ENAJENACION DE ACCIONES | C29: =-VLOOKUP(A29,ResBal,8,FALSE)-D29 -> 0 | E29: 0 | G29: =C29+D29 -> 0 | H29: 0
A30: 01050018000000 | B30: UTILIDAD EN VENTA DE ACTIVO FIJO | C30: =-VLOOKUP(A30,ResBal,8,FALSE)-D30 -> 0 | E30: 0 | G30: =C30+D30 -> 0 | H30: 0
A31: 01050019000000 | B31: RECUPERACION DE CUENTAS INCOBRABLES | C31: =-VLOOKUP(A31,ResBal,8,FALSE)-D31 -> 0 | E31: 0 | G31: =C31+D31 -> 0 | H31: 0
A32: 01050020000000 | B32: RECUPERACION POR SEGUROS | C32: =-VLOOKUP(A32,ResBal,8,FALSE)-D32 -> 0 | E32: 0 | G32: =C32+D32 -> 0 | H32: 0
... A34: 01050022000000 | B34: DIVIDENDOS PROVENIENTES DE RESIDENTES EN EL EXTRANJERO | C34: =-VLOOKUP(A34,ResBal,8,FALSE)-D34 -> 0 | E34: 0 | G34: =C34+D34 -> 0 | H34: 0
A35: 01050023000000 | B35: OTROS | C35: =SUM(C36:C36) -> 0 | D35: =SUM(D36:D36) -> 0 | E35: 1 | G35: =C35+D35 -> 0
A36: 01050023000100 | B36: OTROS | C36: =-VLOOKUP(A36,ResBal,8,FALSE) -> 0 | D36: 0 | E36: 1 | G36: =C36+D36 -> 0
A37: 01050024000000 | B37: TOTAL DE INGRESOS NETOS | C37: =TRUNC(SUM(C21:C34)+C35,0) -> 0 | D37: =TRUNC(SUM(D21:D34)+D35,0) -> 0 | E37: 1 | G37: =C37+D37 -> 0
A38: 01050024000010
A39: 01050025000000 | B39: TOTAL DE VENTAS E INGRESOS NETOS | C39: =TRUNC(C17+C37,0) -> 0 | D39: =TRUNC(D17+D37,0) -> 0 | G39: =C39+D39 -> 0
A40: 01050025000010
A41: 01050026000000 | B41: AJUSTE POR ACTUALIZACION
A42: 01050026000010
A43: 01050027000000 | B43: CIFRAS ACTUALIZADAS SEGUN ESTADO DE RESULTADOS. | C43: =TRUNC(C39+C41,0) -> 0 | D43: =TRUNC(D39+D41,0) -> 0 | G43: =C43+D43 -> 0

Sheet ANEXO 6
B1: 6.- DETERMINACION DEL COSTO DE LO VENDIDO PARA EFECTOS CONTABLES Y DEL IMPUESTO SOBRE LA RENTA
A2: INDICE | B2: CONCEPTO | C2: =+'ANEXO 2'!C_85 -> 2025 | D2: =+'ANEXO 2'!C_1 -> 2024
A3: 01060000000010
A4: 01060000000011 | B4: (CIFRAS EN PESOS)
A5: 01060000000012 | B5: NOTA: SOLAMENTE SE CAPTURA LA INFORMACIÓN DE ESTE ANEXO CUANDO SE HAYA ELEGIDO ALGUN TIPO DE COSTO EN EL INDICE "01D017000" DEL ANEXO DE DATOS GENERALES
A6: 01060000000013
A7: 01060000000014 | B7: CONFORME AL SISTEMA DE COSTEO DIRECTO, PARA EFECTOS FISCALES, SOBRE LA BASE DE COSTOS HISTORICOS
A8: 01060000000015
A9: 01060000000000 | B9: INVENTARIO INICIAL DE MATERIA PRIMA | C9: 0 | D9: 0
A10: 01060000000010
A11: 01060000000011 | B11: MAS:
A12: 01060000000012
A13: 01060001000000 | B13: COMPRAS DE MATERIA PRIMA | C13: 0 | D13: 0
A14: 01060001000010
A15: 01060001000011 | B15: MENOS:
A16: 01060001000012
A17: 01060002000000 | B17: INVENTARIO FINAL DE MATERIA PRIMA | C17: 0 | D17: 0
A18: 01060003000000 | B18: MATERIA PRIMA UTILIZADA PARA LA PRODUCCION | C18: =TRUNC(C9+C13-C17,0) -> 0 | D18: 0
A19: 01060003000010
A20: 01060003000011 | B20: MAS:
A21: 01060003000012
A22: 01060004000000 | B22: MANO DE OBRA | C22: =VLOOKUP(A22,ResBal,8,FALSE) -> 0 | D22: 0
A23: 01060005000000 | B23: GASTOS DE FABRICACION | C23: =IF(Generales!C29="SI",TRUNC('ANEXO 7'!C116,0),0) -> 0 | D23: 0
A24: 01060005000010
A25: 01060006000000 | B25: COSTO DE PRODUCCION | C25: =TRUNC(C18+C22+C23,0) -> 0 | D25: 0
A26: 01060006000010
A27: 01060006000011 | B27: MAS:
A28: 01060006000012
A29: 01060007000000 | B29: INVENTARIO INICIAL DE PRODUCCION EN PROCESO | C29: =VLOOKUP(A29,ResBal,8,FALSE) -> 0 | D29: 0
A30: 01060008000000 | B30: COMPRAS DE PRODUCCION EN PROCESO | C30: =VLOOKUP(A30,ResBal,8,FALSE) -> 0 | D30: 0
A31: 01060008000010
A32: 01060008000011 | B32: MENOS:
A33: 01060008000012
A34: 01060009000000 | B34: INVENTARIO FINAL DE PRODUCCION EN PROCESO | C34: =-VLOOKUP(A34,ResBal,8,FALSE) -> 0 | D34: 0
A35: 01060009000010
A36: 01060010000000 | B36: COSTO DE PRODUCCION TERMINADA | C36: =TRUNC(C25+C29+C30-C34,0) -> 0 | D36: 0
A37: 01060010000010
A38: 01060010000011 | B38: MAS:
A39: 01060010000012
A40: 01060011000000 | B40: INVENTARIO INICIAL DE PRODUCTOS TERMINADOS | C40: =VLOOKUP(A40,ResBal,8,FALSE) -> 0 | D40: 0
A41: 01060012000000 | B41: COMPRAS DE PRODUCTOS TERMINADOS | C41: =VLOOKUP(A41,ResBal,8,FALSE) -> 0 | D41: 0
A42: 01060012000010
A43: 01060012000011 | B43: MENOS:
A44: 01060012000012
A45: 01060013000000 | B45: INVENTARIO FINAL DE PRODUCTOS TERMINADOS | C45: =-VLOOKUP(A45,ResBal,8,FALSE) -> 0 | D45: 0
A46: 01060014000000 | B46: EFECTO UEPS ELIMINADO DEL COSTO DE VENTAS
A47: 01060015000000 | B47: OTROS CONCEPTOS DE COSTO DE VENTAS
A48: 01060015000010
A49: 01060016000000 | B49: COSTO DE VENTAS CONTABLE | C49: =TRUNC(C36+C40+C41-C45-C46-C47,0) -> 0 | D49: 0
A50: 01060016000010
A51: 01060017000000 | B51: MAS-MENOS: EFECTO DE LA INFLACION CONFORME A LA NIF B-10
A52: 01060017000010
A53: 01060018000000 | B53: COSTO DE LO VENDIDO CONTABLE HISTORICO | C53: =TRUNC(C49-C51,0) -> 0 | D53: 0
A54: 01060018000010
A55: 01060018000011 | B55: MENOS:
A56: 01060018000012
A57: 01060019000000 | B57: COMPRAS DE MATERIAS PRIMAS, PRODUCCION EN PROCESO Y TERMINADA NO DEDUCIBLES | C57: =VLOOKUP(A57,ResBal,8,FALSE) -> 0 | D57: 0
A58: 01060020000000 | B58: MANO DE OBRA NO DEDUCIBLE | C58: =VLOOKUP(A58,ResBal,8,FALSE) -> 0 | D58: 0
A59: 01060021000000 | B59: GASTOS DE FABRICACION NO DEDUCIBLES | C59: =VLOOKUP(A59,ResBal,8,FALSE) -> 0 | D59: 0
A60: 01060022000000 | B60: DEPRECIACION CONTABLE EN GASTOS DE FABRICACION | C60: =VLOOKUP(A60,ResBal,8,FALSE) -> 0 | D60: 0
A61: 01060023000000 | B61: OTROS CONCEPTOS NO DEDUCIBLES | C61: 0 | D61: 0
A62: 01060023000010 | B62: MAS:
A63: 01060023000011
A64: 01060024000000 | B64: DEPRECIACION FISCAL DE INVERSIONES RELACIONADAS CON LA PRODUCCION | C64: =VLOOKUP(A64,ResBal,8,FALSE) -> 0 | D64: 0
A65: 01060025000000 | B65: OTROS CONCEPTOS DEDUCIBLES
A66: 01060025000010
A67: 01060026000000 | B67: COSTO DE LO VENDIDO DEDUCIBLE PARA IMPUESTO SOBRE LA RENTA | C67: =TRUNC(C53-C57-C58-C59-C60-C61+C64+C65,0) -> 0 | D67: 0
A68: 01060026000010
A69: 01060026000011 | B69: CONFORME AL SISTEMA DE COSTEO ABSORBENTE, SOBRE LA BASE DE COSTOS HISTORICOS O PREDETERMINADOS PARA EFECTOS FISCALES Y CON LOS METODOS DE VALUACION DE COSTO DE ADQUISICION Y COSTO ESTANDAR PARA EFECTOS CONTABLES
A70: 01060026000012
A71: 01060027000000 | B71: INVENTARIO INICIAL DE MATERIA PRIMA | C71: =VLOOKUP(A71,ResBal,8,FALSE) -> 0 | D71: 0
A72: 01060027000010
A73: 01060027000011 | B73: MAS:
A74: 01060027000012
A75: 01060028000000 | B75: COMPRAS DE MATERIA PRIMA | C75: =VLOOKUP(A75,ResBal,8,FALSE) -> 0 | D75: 0
A76: 01060028000010
A77: 01060028000011 | B77: MENOS:
A78: 01060028000012
A79: 01060029000000 | B79: INVENTARIO FINAL DE MATERIA PRIMA | C79: =-VLOOKUP(A79,ResBal,8,FALSE) -> 0 | D79: 0
A80: 01060030000000 | B80: MATERIA PRIMA DIRECTA UTILIZADA PARA LA PRODUCCION | C80: =TRUNC(C71+C75-C79,0) -> 0 | D80: 0
A81: 01060030000010
A82: 01060030000011 | B82: MAS:
A83: 01060030000012
A84: 01060031000000 | B84: MANO DE OBRA DIRECTA | C84: =VLOOKUP(A84,ResBal,8,FALSE) -> 0 | D84: 0
A85: 01060032000000 | B85: COSTO PRIMO DE LA PRODUCCION | C85: =TRUNC(C80+C84,0) -> 0 | D85: 0
A86: 01060032000010
A87: 01060032000011 | B87: MAS:
A88: 01060032000012
A89: 01060033000000 | B89: MATERIA PRIMA INDIRECTA | C89: =VLOOKUP(A89,ResBal,8,FALSE) -> 0 | D89: 0
A90: 01060034000000 | B90: MANO DE OBRA INDIRECTA | C90: =VLOOKUP(A90,ResBal,8,FALSE) -> 0 | D90: 0
A91: 01060035000000 | B91: GASTOS DE FABRICACION | C91: =IF(Generales!C30="SI",TRUNC('ANEXO 7'!C116,0),IF(Generales!C31="SI",TRUNC('ANEXO 7'!C116,0),IF(Generales!C32="SI",TRUNC('ANEXO 7'!C116,0)*0,0))) -> 0 | D91: 0
A92: 01060035000010
A93: 01060036000000 | B93: COSTO DE PRODUCCION | C93: =TRUNC(C85+C89+C90+C91,0) -> 0 | D93: 0
A94: 01060036000010
A95: 01060036000011 | B95: MAS:
A96: 01060036000012
A97: 01060037000000 | B97: INVENTARIO INICIAL DE PRODUCCION EN PROCESO | C97: =VLOOKUP(A97,ResBal,8,FALSE) -> 0 | D97: 0
A98: 01060038000000 | B98: COMPRAS DE PRODUCCION EN PROCESO | C98: =VLOOKUP(A98,ResBal,8,FALSE) -> 0 | D98: 0
A99: 01060038000010
A100: 01060038000011 | B100: MENOS:
...

Sheet ANEXO 7
B1: 7.- ANALISIS COMPARATIVO DE LAS SUBCUENTAS DE GASTOS
A2: INDICE | B2: CONCEPTO | C2: GASTOS DE FABRICACION 2025 | D2: GASTOS DE FABRICACION 2024 | E2: GASTOS DE VENTA 2025 | F2: GASTOS DE VENTA 2024 | G2: GASTOS DE ADMINISTRACION 2025 | H2: GASTOS DE ADMINISTRACION 2024 | I2: GASTOS GENERALES 2025 | J2: GASTOS GENERALES 2024 | K2: TOTAL 2025 | L2: TOTAL 2024 | M2: TOTAL DEDUCIBLES_x000D_ PARA ISR 2025 | N2: TOTAL DEDUCIBLES PARA ISR 2024 | O2: TOTAL NO_x000D_ DEDUCIBLES_x000D_ PARA ISR 2025 | P2: TOTAL NO DEDUCIBLES PARA ISR 2025
A3: 01070000000010
A4: 01070000000011 | B4: (CIFRAS EN PESOS)
A5: 01070000000012
A6: 01070000000013 | B6: REMUNERACIONES
A7: 01070000000014
A8: 01070000000000 | B8: SUELDOS Y SALARIOS | C8: =VLOOKUP($A8,ResBal,4,FALSE) -> 0 | D8: 0 | E8: =VLOOKUP($A8,ResBal,5,FALSE) -> 0 | F8: 0 | G8: =VLOOKUP($A8,ResBal,6,FALSE) -> 0 | H8: 0 | I8: =VLOOKUP($A8,ResBal,7,FALSE) -> 0 | J8: 0 | K8: =TRUNC(C8+E8+G8+I8,0) -> 0 | L8: =+F8+H8+J8 -> 0 | M8: =K8-O8 -> 0 | N8: =+L8 -> 0
A9: 01070001000000 | B9: COMPENSACIONES | C9: =VLOOKUP($A9,ResBal,4,FALSE) -> 0 | E9: =VLOOKUP($A9,ResBal,5,FALSE) -> 0 | G9: =VLOOKUP($A9,ResBal,6,FALSE) -> 0 | H9: 0 | I9: =VLOOKUP($A9,ResBal,7,FALSE) -> 0 | J9: 0 | K9: =TRUNC(C9+E9+G9+I9,0) -> 0 | L9: =+F9+H9+J9 -> 0 | M9: =K9-O9 -> 0 | N9: =+L9 -> 0
A10: 01070002000000 | B10: HORAS EXTRAS | C10: =VLOOKUP($A10,ResBal,4,FALSE) -> 0 | E10: =VLOOKUP($A10,ResBal,5,FALSE) -> 0 | G10: =VLOOKUP($A10,ResBal,6,FALSE) -> 0 | H10: 0 | I10: =VLOOKUP($A10,ResBal,7,FALSE) -> 0 | J10: 0 | K10: =TRUNC(C10+E10+G10+I10,0) -> 0 | L10: =+F10+H10+J10 -> 0 | M10: =K10-O10 -> 0 | N10: =+L10 -> 0
A11: 01070003000000 | B11: VACACIONES | C11: =VLOOKUP($A11,ResBal,4,FALSE) -> 0 | E11: =VLOOKUP($A11,ResBal,5,FALSE) -> 0 | G11: =VLOOKUP($A11,ResBal,6,FALSE) -> 0 | H11: 0 | I11: =VLOOKUP($A11,ResBal,7,FALSE) -> 0 | J11: 0 | K11: =TRUNC(C11+E11+G11+I11,0) -> 0 | L11: =+F11+H11+J11 -> 0 | M11: =K11-O11 -> 0 | N11: =+L11 -> 0
A12: 01070004000000 | B12: PRIMA VACACIONAL | C12: =VLOOKUP($A12,ResBal,4,FALSE) -> 0 | E12: =VLOOKUP($A12,ResBal,5,FALSE) -> 0 | G12: =VLOOKUP($A12,ResBal,6,FALSE) -> 0 | H12: 0 | I12: =VLOOKUP($A12,ResBal,7,FALSE) -> 0 | J12: 0 | K12: =TRUNC(C12+E12+G12+I12,0) -> 0 | L12: =+F12+H12+J12 -> 0 | M12: =K12-O12 -> 0 | N12: =+L12 -> 0
A13: 01070005000000 | B13: GRATIFICACIONES | C13: =VLOOKUP($A13,ResBal,4,FALSE) -> 0 | E13: =VLOOKUP($A13,ResBal,5,FALSE) -> 0 | G13: =VLOOKUP($A13,ResBal,6,FALSE) -> 0 | H13: 0 | I13: =VLOOKUP($A13,ResBal,7,FALSE) -> 0 | J13: 0 | K13: =TRUNC(C13+E13+G13+I13,0) -> 0 | L13: =+F13+H13+J13 -> 0 | M13: =K13-O13 -> 0 | N13: =+L13 -> 0
A14: 01070006000000 | B14: INDEMNIZACIONES | C14: =VLOOKUP($A14,ResBal,4,FALSE) -> 0 | E14: =VLOOKUP($A14,ResBal,5,FALSE) -> 0 | G14: =VLOOKUP($A14,ResBal,6,FALSE) -> 0 | H14: 0 | I14: =VLOOKUP($A14,ResBal,7,FALSE) -> 0 | J14: 0 | K14: =TRUNC(C14+E14+G14+I14,0) -> 0 | L14: =+F14+H14+J14 -> 0 | M14: =K14-O14 -> 0 | N14: =+L14 -> 0 | O14: 0 | P14: 0
A15: 01070007000000 | B15: OTRAS REMUNERACIONES (PTU causada) | G15: =VLOOKUP($A15,ResBal,6,FALSE) -> 0 | I15: =VLOOKUP($A15,ResBal,7,FALSE) -> 0 | K15: =TRUNC(C15+E15+G15+I15,0) -> 0 | L15: =+F15+H15+J15 -> 0 | M15: =TRUNC(E15+G15+I15+K15,0) -> 0 | N15: =+L15 -> 0
A16: 01070007000010
A17: 01070008000000 | B17: TOTAL DE REMUNERACIONES | C17: =TRUNC(SUM(C8:C14)+C15,0) -> 0 | D17: =TRUNC(SUM(D8:D14)+D15,0) -> 0 | E17: =TRUNC(SUM(E8:E14)+E15,0) -> 0 | F17: =TRUNC(SUM(F8:F14)+F15,0) -> 0 | G17: =TRUNC(SUM(G8:G14)+G15,0) -> 0 | H17: =TRUNC(SUM(H8:H14)+H15,0) -> 0 | I17: =TRUNC(SUM(I8:I14)+I15,0) -> 0 | K17: =TRUNC(SUM(K8:K14)+K15,0) -> 0 | L17: =TRUNC(SUM(L8:L14)+L15,0) -> 0 | M17: =TRUNC(SUM(M8:M14)+M15,0) -> 0 | N17: =TRUNC(SUM(N8:N14)+N15,0) -> 0 | O17: =TRUNC(SUM(O8:O14)+O15,0) -> 0 | P17: =TRUNC(SUM(P8:P14)+P15,0) -> 0
A18: 01070008000010
A19: 01070008000011 | B19: PRESTACIONES AL PERSONAL
A20: 01070008000012
A21: 01070009000000 | B21: PRESTACIONES DE RETIRO | C21: =VLOOKUP($A21,ResBal,4,FALSE) -> 0 | D21: 0 | E21: =VLOOKUP($A21,ResBal,5,FALSE) -> 0 | F21: 0 | G21: =VLOOKUP($A21,ResBal,6,FALSE) -> 0 | H21: 0 | I21: =VLOOKUP($A21,ResBal,7,FALSE) -> 0 | K21: =TRUNC(C21+E21+G21+I21,0) -> 0 | L21: =+F21+H21+J21 -> 0 | M21: =K21-O21 -> 0 | N21: =+L21 -> 0
A22: 01070010000000 | B22: ESTIMULOS AL PERSONAL | C22: =VLOOKUP($A22,ResBal,4,FALSE) -> 0 | E22: =VLOOKUP($A22,ResBal,5,FALSE) -> 0 | G22: =VLOOKUP($A22,ResBal,6,FALSE) -> 0 | I22: =VLOOKUP($A22,ResBal,7,FALSE) -> 0 | K22: =TRUNC(C22+E22+G22+I22,0) -> 0 | L22: =+F22+H22+J22 -> 0 | M22: =K22-O22 -> 0 | N22: =+L22 -> 0
A23: 01070011000000 | B23: PREVISION SOCIAL | C23: =VLOOKUP($A23,ResBal,4,FALSE) -> 0 | E23: =VLOOKUP($A23,ResBal,5,FALSE) -> 0 | G23: =VLOOKUP($A23,ResBal,6,FALSE) -> 0 | I23: =VLOOKUP($A23,ResBal,7,FALSE) -> 0 | K23: =TRUNC(C23+E23+G23+I23,0) -> 0 | L23: =+F23+H23+J23 -> 0 | M23: =K23-O23 -> 0 | N23: =+L23 -> 0
A24: 01070012000000 | B24: APORTACIONES PARA PLAN DE JUBILACION | C24: =VLOOKUP($A24,ResBal,4,FALSE) -> 0 | E24: =VLOOKUP($A24,ResBal,5,FALSE) -> 0 | G24: =VLOOKUP($A24,ResBal,6,FALSE) -> 0 | I24: =VLOOKUP($A24,ResBal,7,FALSE) -> 0 | K24: =TRUNC(C24+E24+G24+I24,0) -> 0 | L24: =+F24+H24+J24 -> 0 | M24: =K24-O24 -> 0 | N24: =+L24 -> 0
A25: 01070019000100 | B25: OTROS IMPUESTOS Y APORTACIONES DEFINIR | C25: =VLOOKUP($A25,ResBal,4,FALSE) -> 0 | E25: =VLOOKUP($A25,ResBal,5,FALSE) -> 0 | G25: =VLOOKUP($A25,ResBal,6,FALSE) -> 0 | I25: =VLOOKUP($A25,ResBal,7,FALSE) -> 0 | K25: =TRUNC(C25+E25+G25+I25,0) -> 0 | L25: =+F25+H25+J25 -> 0 | M25: =K25-O25 -> 0 | N25: =+L25 -> 0
A26: 01070013000000 | B26: OTRAS PRESTACIONES | G26: 0
A27: 01070013000010
A28: 01070014000000 | B28: TOTAL DE PRESTACIONES AL PERSONAL | C28: =TRUNC(SUM(C21:C24)+C26,0) -> 0 | D28: =TRUNC(SUM(D21:D24)+D26,0) -> 0 | E28: =TRUNC(SUM(E21:E24)+E26,0) -> 0 | F28: =TRUNC(SUM(F21:F24)+F26,0) -> 0 | G28: =TRUNC(SUM(G21:G24)+G26,0) -> 0 | H28: =TRUNC(SUM(H21:H24)+H26,0) -> 0 | I28: =TRUNC(SUM(I21:I25)+I26,0) -> 0 | K28: =TRUNC(SUM(K21:K25)+K26,0) -> 0 | M28: =TRUNC(SUM(M21:M25)+M26,0) -> 0 | N28: =+L28 -> 0 | O28: =TRUNC(SUM(O21:O24)+O26,0) -> 0 | P28: 0
A29: 01070014000010
A30: 01070014000011 | B30: IMPUESTOS Y APORTACIONES SOBRE SUELDOS Y SALARIOS
A31: 01070014000012
A32: 01070015000000 | B32: CUOTAS AL I.M.S.S. | C32: =VLOOKUP($A32,ResBal,4,FALSE) -> 0 | D32: 0 | E32: =VLOOKUP($A32,ResBal,5,FALSE) -> 0 | F32: 0 | G32: =VLOOKUP($A32,ResBal,6,FALSE) -> 0 | I32: =VLOOKUP($A32,ResBal,7,FALSE) -> 0 | K32: =TRUNC(C32+E32+G32+I32,0) -> 0 | L32: =+F32+H32+J32 -> 0 | M32: =K32-O32 -> 0 | N32: =+L32 -> 0
A33: 01070016000000 | B33: APORTACIONES AL INFONAVIT | C33: =VLOOKUP($A33,ResBal,4,FALSE) -> 0 | E33: =VLOOKUP($A33,ResBal,5,FALSE) -> 0 | G33: =VLOOKUP($A33,ResBal,6,FALSE) -> 0 | I33: =VLOOKUP($A33,ResBal,7,FALSE) -> 0 | K33: =TRUNC(C33+E33+G33+I33,0) -> 0 | L33: =+F33+H33+J33 -> 0 | M33: =K33-O33 -> 0 | N33: =+L33 -> 0
A34: 01070017000000 | B34: IMPUESTO SOBRE NOMINAS | C34: =VLOOKUP($A34,ResBal,4,FALSE) -> 0 | E34: =VLOOKUP($A34,ResBal,5,FALSE) -> 0 | G34: =VLOOKUP($A34,ResBal,6,FALSE) -> 0 | I34: =VLOOKUP($A34,ResBal,7,FALSE) -> 0 | K34: =TRUNC(C34+E34+G34+I34,0) -> 0 | L34: =+F34+H34+J34 -> 0 | M34: =K34-O34 -> 0 | N34: =+L34 -> 0
A35: 01070018000000 | B35: SEGURO DE RETIRO | C35: =VLOOKUP($A35,ResBal,4,FALSE) -> 0 | E35: =VLOOKUP($A35,ResBal,5,FALSE) -> 0 | G35: =VLOOKUP($A35,ResBal,6,FALSE) -> 0 | I35: =VLOOKUP($A35,ResBal,7,FALSE) -> 0 | K35: =TRUNC(C35+E35+G35+I35,0) -> 0 | L35: =+F35+H35+J35 -> 0 | M35: =K35-O35 -> 0 | N35: =+L35 -> 0
A36: 01070019000000 | B36: OTROS IMPUESTOS Y APORTACIONES
A37: 01070019000010
A38: 01070020000000 | B38: TOTAL DE IMPUESTOS Y APORTACIONES SOBRE SUELDOS Y SALARIOS | C38: =TRUNC(SUM(C32:C35)+C36,0) -> 0 | D38: =TRUNC(SUM(D32:D35)+D36,0) -> 0 | E38: =TRUNC(SUM(E32:E35)+E36,0) -> 0 | F38: =TRUNC(SUM(F32:F35)+F36,0) -> 0 | G38: =TRUNC(SUM(G32:G35)+G36,0) -> 0 | H38: =TRUNC(SUM(H32:H35)+H36,0) -> 0 | I38: =TRUNC(SUM(I32:I35)+I36,0) -> 0 | K38: =TRUNC(SUM(K32:K35)+K36,0) -> 0 | L38: =TRUNC(SUM(L32:L35)+L36,0) -> 0 | M38: =TRUNC(SUM(M32:M35)+M36,0) -> 0 | N38: =TRUNC(SUM(N32:N35)+N36,0) -> 0 | O38: =TRUNC(SUM(O32:O35)+O36,0) -> 0 | P38: =TRUNC(SUM(P32:P35)+P36,0) -> 0
A39: 01070020000010
A40: 01070020000011 | B40: HONORARIOS
A41: 01070020000012
A42: 01070021000000 | B42: A PERSONAS FISICAS RESIDENTES EN EL PAIS | C42: =VLOOKUP($A42,ResBal,4,FALSE) -> 0 | D42: 0 | E42: =VLOOKUP($A42,ResBal,5,FALSE) -> 0 | F42: 0 | G42: =VLOOKUP($A42,ResBal,6,FALSE) -> 0 | I42: =VLOOKUP($A42,ResBal,7,FALSE) -> 0 | J42: 0 | K42: =TRUNC(C42+E42+G42+I42,0) -> 0 | L42: =+F42+H42+J42 -> 0 | M42: =K42-O42 -> 0 | N42: =+L42 -> 0
A43: 01070022000000 | B43: A PERSONAS MORALES RESIDENTES EN EL PAIS | C43: =VLOOKUP($A43,ResBal,4,FALSE) -> 0 | E43: =VLOOKUP($A43,ResBal,5,FALSE) -> 0 | G43: =VLOOKUP($A43,ResBal,6,FALSE) -> 0 | I43: =VLOOKUP($A43,ResBal,7,FALSE) -> 0 | J43: 0 | K43: =TRUNC(C43+E43+G43+I43,0) -> 0 | L43: =+F43+H43+J43 -> 0 | M43: =K43-O43 -> 0 | N43: =+L43 -> 0
A44: 01070023000000 | B44: A RESIDENTES EN EL EXTRANJERO | C44: =VLOOKUP($A44,ResBal,4,FALSE) -> 0 | E44: =VLOOKUP($A44,ResBal,5,FALSE) -> 0 | G44: =VLOOKUP($A44,ResBal,6,FALSE) -> 0 | I44: =VLOOKUP($A44,ResBal,7,FALSE) -> 0 | J44: 0 | K44: =TRUNC(C44+E44+G44+I44,0) -> 0 | L44: =+F44+H44+J44 -> 0 | M44: =K44-O44 -> 0 | N44: =+L44 -> 0
A45: 01070024000000 | B45: SUBTOTAL | C45: =TRUNC(SUM(C42:C44),0) -> 0 | D45: =TRUNC(SUM(D42:D44),0) -> 0 | E45: =TRUNC(SUM(E42:E44),0) -> 0 | F45: =TRUNC(SUM(F42:F44),0) -> 0 | G45: =TRUNC(SUM(G42:G44),0) -> 0 | H45: =TRUNC(SUM(H42:H44),0) -> 0 | I45: =TRUNC(SUM(I42:I44),0) -> 0 | J45: =TRUNC(SUM(J42:J44),0) -> 0 | K45: =TRUNC(SUM(K42:K44),0) -> 0 | L45: =+F45+H45+J45 -> 0 | M45: =TRUNC(SUM(M42:M44),0) -> 0 | N45: =TRUNC(SUM(N42:N44),0) -> 0 | O45: =TRUNC(SUM(O42:O44),0) -> 0 | P45: =TRUNC(SUM(P42:P44),0) -> 0
A46: 01070025000000 | B46: AL CONSEJO DE ADMINISTRACION | C46: =VLOOKUP($A46,ResBal,4,FALSE) -> 0 | G46: =VLOOKUP($A46,ResBal,6,FALSE) -> 0 | I46: =VLOOKUP($A46,ResBal,7,FALSE) -> 0 | K46: =TRUNC(C46+E46+G46+I46,0) -> 0 | L46: =+F46+H46+J46 -> 0 | M46: =K46-O46 -> 0 | N46: =+L46 -> 0 | O46: 0 | P46: 0
A47: 01070025000010
A48: 01070026000000 | B48: TOTAL DE HONORARIOS | C48: =TRUNC(SUM(C45:C46),0) -> 0 | D48: =TRUNC(SUM(D45:D46),0) -> 0 | E48: =TRUNC(SUM(E45:E46),0) -> 0 | F48: =TRUNC(SUM(F45:F46),0) -> 0 | G48: =TRUNC(SUM(G45:G46),0) -> 0 | H48: =TRUNC(SUM(H45:H46),0) -> 0 | I48: =TRUNC(SUM(I45:I46),0) -> 0 | J48: =TRUNC(SUM(J45:J46),0) -> 0 | ... M48: =TRUNC(SUM(M45:M46),0) -> 0 | N48: =+L48 -> 0 | O48: =TRUNC(SUM(O45:O46),0) -> 0 | P48: 0
A49: 01070026000010
A50: 01070026000011 | B50: ARRENDAMIENTOS
A51: 01070026000012
A52: 01070027000000 | B52: A PERSONAS FISICAS RESIDENTES EN EL PAIS | C52: =VLOOKUP($A52,ResBal,4,FALSE) -> 0 | D52: 0 | E52: =VLOOKUP($A52,ResBal,5,FALSE) -> 0 | G52: =VLOOKUP($A52,ResBal,6,FALSE) -> 0 | H52: 0 | I52: =VLOOKUP($A52,ResBal,7,FALSE) -> 0 | J52: 0 | K52: =TRUNC(C52+E52+G52+I52,0) -> 0 | L52: =+F52+H52+J52 -> 0 | M52: =K52-O52 -> 0 | N52: =+L52 -> 0
A53: 01070028000000 | B53: A PERSONAS MORALES RESIDENTES EN EL PAIS | C53: =VLOOKUP($A53,ResBal,4,FALSE) -> 0 | E53: =VLOOKUP($A53,ResBal,5,FALSE) -> 0 | G53: =VLOOKUP($A53,ResBal,6,FALSE) -> 0 | I53: =VLOOKUP($A53,ResBal,7,FALSE) -> 0 | J53: 0 | K53: =TRUNC(C53+E53+G53+I53,0) -> 0 | L53: =+F53+H53+J53 -> 0 | M53: =K53-O53 -> 0 | N53: =+L53 -> 0
A54: 01070029000000 | B54: A RESIDENTES EN EL EXTRANJERO | C54: =VLOOKUP($A54,ResBal,4,FALSE) -> 0 | E54: =VLOOKUP($A54,ResBal,5,FALSE) -> 0 | G54: =VLOOKUP($A54,ResBal,6,FALSE) -> 0 | I54: =VLOOKUP($A54,ResBal,7,FALSE) -> 0 | J54: 0 | K54: =TRUNC(C54+E54+G54+I54,0) -> 0 | L54: =+F54+H54+J54 -> 0 | M54: =K54-O54 -> 0 | N54: =+L54 -> 0
A55: 01070029000010
A56: 01070030000000 | B56: TOTAL DE ARRENDAMIENTOS | C56: =TRUNC(SUM(C52:C54),0) -> 0 | D56: =TRUNC(SUM(D52:D54),0) -> 0 | E56: =TRUNC(SUM(E52:E54),0) -> 0 | F56: =TRUNC(SUM(F52:F54),0) -> 0 | G56: =TRUNC(SUM(G52:G54),0) -> 0 | H56: =TRUNC(SUM(H52:H54),0) -> 0 | I56: =TRUNC(SUM(I52:I54),0) -> 0 | J56: =TRUNC(SUM(J52:J54),0) -> 0 | ... O56: =TRUNC(SUM(O52:O54),0) -> 0 | P56: 0
A57: 01070030000010
A58: 01070030000011 | B58: DEPRECIACIONES Y AMORTIZACIONES
A59: 01070030000012
A60: 01070031000000 | B60: DEPRECIACIONES | C60: =VLOOKUP($A60,ResBal,4,FALSE) -> 0 | D60: 0 | E60: =VLOOKUP($A60,ResBal,5,FALSE) -> 0 | G60: =VLOOKUP($A60,ResBal,6,FALSE) -> 0 | H60: 0 | I60: =VLOOKUP($A60,ResBal,7,FALSE) -> 0 | J60: 0 | K60: =TRUNC(C60+E60+G60+I60,0) -> 0 | L60: =+F60+H60+J60 -> 0 | O60: =K60-M60 -> 0 | P60: =+L60 -> 0
A61: 01070031000010
A62: 01070032000000 | B62: TOTAL DE DEPRECIACIONES | C62: =TRUNC(SUM(C60:C61),0) -> 0 | D62: =TRUNC(SUM(D60:D61),0) -> 0 | E62: =TRUNC(SUM(E60:E61),0) -> 0 | F62: =TRUNC(SUM(F60:F61),0) -> 0 | G62: =TRUNC(SUM(G60:G61),0) -> 0 | H62: =TRUNC(SUM(H60:H61),0) -> 0 | I62: =TRUNC(SUM(I60:I61),0) -> 0 | J62: =TRUNC(SUM(J60:J61),0) -> 0 | ... M62: =TRUNC(SUM(M60:M61),0) -> 0 | N62: 0 | O62: =TRUNC(SUM(O60:O61),0) -> 0
A63: 01070032000010
A64: 01070033000000 | B64: AMORTIZACIONES | C64: =VLOOKUP($A64,ResBal,4,FALSE) -> 0 | D64: 0 | E64: =VLOOKUP($A64,ResBal,5,FALSE) -> 0 | G64: =VLOOKUP($A64,ResBal,6,FALSE) -> 0 | H64: 0 | I64: =VLOOKUP($A64,ResBal,7,FALSE) -> 0 | K64: =TRUNC(C64+E64+G64+I64,0) -> 0 | L64: 0 | O64: =K64-M64 -> 0
A65: 01070033000010
A66: 01070034000000 | B66: TOTAL DE AMORTIZACIONES | C66: =TRUNC(SUM(C64:C64),0) -> 0 | D66: =TRUNC(SUM(D64:D64),0) -> 0 | E66: =TRUNC(SUM(E64:E64),0) -> 0 | F66: =TRUNC(SUM(F64:F64),0) -> 0 | G66: =TRUNC(SUM(G64:G64),0) -> 0 | H66: =TRUNC(SUM(H64:H64),0) -> 0 | I66: =TRUNC(SUM(I64:I64),0) -> 0 | J66: 0 | K66: =TRUNC(SUM(K64:K64),0) -> 0 | L66: =TRUNC(SUM(L64:L64),0) -> 0 | M66: =TRUNC(SUM(M64:M64),0) -> 0 | N66: 0 | O66: =TRUNC(SUM(O64:O64),0) -> 0
A67: 01070034000010
A68: 01070034000011 | B68: OTROS GASTOS
A69: 01070034000012
A70: 01070035000000 | B70: COMBUSTIBLES Y LUBRICANTES | C70: =VLOOKUP($A70,ResBal,4,FALSE) -> 0 | D70: 0 | E70: =VLOOKUP($A70,ResBal,5,FALSE) -> 0 | G70: =VLOOKUP($A70,ResBal,6,FALSE) -> 0 | I70: =VLOOKUP($A70,ResBal,7,FALSE) -> 0 | J70: 0 | K70: =TRUNC(C70+E70+G70+I70,0) -> 0 | L70: =+F70+H70+J70 -> 0 | M70: =K70-O70 -> 0 | N70: =+L70 -> 0
A71: 01070036000000 | B71: CORREOS | C71: =VLOOKUP($A71,ResBal,4,FALSE) -> 0 | E71: =VLOOKUP($A71,ResBal,5,FALSE) -> 0 | G71: =VLOOKUP($A71,ResBal,6,FALSE) -> 0 | I71: =VLOOKUP($A71,ResBal,7,FALSE) -> 0 | J71: 0 | K71: =TRUNC(C71+E71+G71+I71,0) -> 0 | L71: =+F71+H71+J71 -> 0 | M71: =K71-O71 -> 0 | N71: =+L71 -> 0
A72: 01070037000000 | B72: TELEX E INTERNET | C72: =VLOOKUP($A72,ResBal,4,FALSE) -> 0 | E72: =VLOOKUP($A72,ResBal,5,FALSE) -> 0 | G72: =VLOOKUP($A72,ResBal,6,FALSE) -> 0 | I72: =VLOOKUP($A72,ResBal,7,FALSE) -> 0 | J72: 0 | K72: =TRUNC(C72+E72+G72+I72,0) -> 0 | L72: =+F72+H72+J72 -> 0 | M72: =K72-O72 -> 0 | N72: =+L72 -> 0
A73: 01070038000000 | B73: VIATICOS Y GASTOS DE VIAJE | C73: =VLOOKUP($A73,ResBal,4,FALSE) -> 0 | E73: =VLOOKUP($A73,ResBal,5,FALSE) -> 0 | G73: =VLOOKUP($A73,ResBal,6,FALSE) -> 0 | I73: =VLOOKUP($A73,ResBal,7,FALSE) -> 0 | J73: 0 | K73: =TRUNC(C73+E73+G73+I73,0) -> 0 | L73: =+F73+H73+J73 -> 0 | M73: =K73-O73 -> 0 | N73: =+L73 -> 0
A74: 01070039000000 | B74: GASTOS DE REPRESENTACION | C74: =VLOOKUP($A74,ResBal,4,FALSE) -> 0 | E74: =VLOOKUP($A74,ResBal,5,FALSE) -> 0 | G74: =VLOOKUP($A74,ResBal,6,FALSE) -> 0 | I74: =VLOOKUP($A74,ResBal,7,FALSE) -> 0 | J74: 0 | K74: =TRUNC(C74+E74+G74+I74,0) -> 0 | L74: =+F74+H74+J74 -> 0 | M74: =K74-O74 -> 0 | N74: =+L74 -> 0
A75: 01070040000000 | B75: TELEFONO | C75: =VLOOKUP($A75,ResBal,4,FALSE) -> 0 | E75: =VLOOKUP($A75,ResBal,5,FALSE) -> 0 | G75: =VLOOKUP($A75,ResBal,6,FALSE) -> 0 | I75: =VLOOKUP($A75,ResBal,7,FALSE) -> 0 | J75: 0 | K75: =TRUNC(C75+E75+G75+I75,0) -> 0 | L75: =+F75+H75+J75 -> 0 | M75: =K75-O75 -> 0 | N75: =+L75 -> 0
A76: 01070041000000 | B76: AGUA | C76: =VLOOKUP($A76,ResBal,4,FALSE) -> 0 | E76: =VLOOKUP($A76,ResBal,5,FALSE) -> 0 | G76: =VLOOKUP($A76,ResBal,6,FALSE) -> 0 | I76: =VLOOKUP($A76,ResBal,7,FALSE) -> 0 | J76: 0 | K76: =TRUNC(C76+E76+G76+I76,0) -> 0 | L76: =+F76+H76+J76 -> 0 | M76: =K76-O76 -> 0 | N76: =+L76 -> 0
A77: 01070042000000 | B77: ELECTRICIDAD | C77: =VLOOKUP($A77,ResBal,4,FALSE) -> 0 | E77: =VLOOKUP($A77,ResBal,5,FALSE) -> 0 | G77: =VLOOKUP($A77,ResBal,6,FALSE) -> 0 | I77: =VLOOKUP($A77,ResBal,7,FALSE) -> 0 | J77: 0 | K77: =TRUNC(C77+E77+G77+I77,0) -> 0 | L77: =+F77+H77+J77 -> 0 | M77: =K77-O77 -> 0 | N77: =+L77 -> 0
A78: 01070043000000 | B78: VIGILANCIA Y LIMPIEZA | C78: =VLOOKUP($A78,ResBal,4,FALSE) -> 0 | E78: =VLOOKUP($A78,ResBal,5,FALSE) -> 0 | G78: =VLOOKUP($A78,ResBal,6,FALSE) -> 0 | I78: =VLOOKUP($A78,ResBal,7,FALSE) -> 0 | J78: 0 | K78: =TRUNC(C78+E78+G78+I78,0) -> 0 | L78: =+F78+H78+J78 -> 0 | M78: =K78-O78 -> 0 | N78: =+L78 -> 0
A79: 01070044000000 | B79: MATERIALES DE OFICINA | C79: =VLOOKUP($A79,ResBal,4,FALSE) -> 0 | E79: =VLOOKUP($A79,ResBal,5,FALSE) -> 0 | G79: =VLOOKUP($A79,ResBal,6,FALSE) -> 0 | I79: =VLOOKUP($A79,ResBal,7,FALSE) -> 0 | J79: 0 | K79: =TRUNC(C79+E79+G79+I79,0) -> 0 | L79: =+F79+H79+J79 -> 0 | M79: =K79-O79 -> 0 | N79: =+L79 -> 0
A80: 01070045000000 | B80: GASTOS LEGALES | C80: =VLOOKUP($A80,ResBal,4,FALSE) -> 0 | E80: =VLOOKUP($A80,ResBal,5,FALSE) -> 0 | G80: =VLOOKUP($A80,ResBal,6,FALSE) -> 0 | I80: =VLOOKUP($A80,ResBal,7,FALSE) -> 0 | J80: 0 | K80: =TRUNC(C80+E80+G80+I80,0) -> 0 | L80: =+F80+H80+J80 -> 0 | M80: =K80-O80 -> 0 | N80: =+L80 -> 0
A81: 01070046000000 | B81: MANTENIMIENTO Y CONSERVACION | C81: =VLOOKUP($A81,ResBal,4,FALSE) -> 0 | E81: =VLOOKUP($A81,ResBal,5,FALSE) -> 0 | G81: =VLOOKUP($A81,ResBal,6,FALSE) -> 0 | I81: =VLOOKUP($A81,ResBal,7,FALSE) -> 0 | J81: 0 | K81: =TRUNC(C81+E81+G81+I81,0) -> 0 | L81: =+F81+H81+J81 -> 0 | M81: =K81-O81 -> 0 | N81: =+L81 -> 0
A82: 01070047000000 | B82: SEGUROS Y FIANZAS | C82: =VLOOKUP($A82,ResBal,4,FALSE) -> 0 | E82: =VLOOKUP($A82,ResBal,5,FALSE) -> 0 | G82: =VLOOKUP($A82,ResBal,6,FALSE) -> 0 | I82: =VLOOKUP($A82,ResBal,7,FALSE) -> 0 | J82: 0 | K82: =TRUNC(C82+E82+G82+I82,0) -> 0 | L82: =+F82+H82+J82 -> 0 | M82: =K82-O82 -> 0 | N82: =+L82 -> 0
A83: 01070048000000 | B83: GASTOS NO DEDUCIBLES | C83: =VLOOKUP($A83,ResBal,4,FALSE) -> 0 | E83: =VLOOKUP($A83,ResBal,5,FALSE) -> 0 | G83: =VLOOKUP($A83,ResBal,6,FALSE) -> 0 | I83: =VLOOKUP($A83,ResBal,7,FALSE) -> 0 | J83: 0 | K83: =TRUNC(C83+E83+G83+I83,0) -> 0 | L83: =+F83+H83+J83 -> 0 | M83: 0 | N83: =+L83 -> 0 | O83: =K83-M83 -> 0 | P83: =+L83 -> 0
A84: 01070049000000 | B84: OTROS IMPUESTOS Y DERECHOS | C84: =VLOOKUP($A84,ResBal,4,FALSE) -> 0 | E84: =VLOOKUP($A84,ResBal,5,FALSE) -> 0 | G84: =VLOOKUP($A84,ResBal,6,FALSE) -> 0 | I84: =VLOOKUP($A84,ResBal,7,FALSE) -> 0 | J84: 0 | K84: =TRUNC(C84+E84+G84+I84,0) -> 0 | L84: =+F84+H84+J84 -> 0 | M84: =K84-O84 -> 0 | N84: =+L84 -> 0 | O84: 0 | P84: 0
A85: 01070050000000 | B85: RECARGOS FISCALES | C85: =VLOOKUP($A85,ResBal,4,FALSE) -> 0 | E85: =VLOOKUP($A85,ResBal,5,FALSE) -> 0 | G85: =VLOOKUP($A85,ResBal,6,FALSE) -> 0 | I85: =VLOOKUP($A85,ResBal,7,FALSE) -> 0 | J85: 0 | K85: =TRUNC(C85+E85+G85+I85,0) -> 0 | L85: =+F85+H85+J85 -> 0 | M85: =K85-O85 -> 0 | N85: =+L85 -> 0 | O85: 0 | P85: 0
A86: 01070051000000 | B86: CUOTAS Y SUSCRIPCIONES | C86: =VLOOKUP($A86,ResBal,4,FALSE) -> 0 | E86: =VLOOKUP($A86,ResBal,5,FALSE) -> 0 | G86: =VLOOKUP($A86,ResBal,6,FALSE) -> 0 | I86: =VLOOKUP($A86,ResBal,7,FALSE) -> 0 | J86: 0 | K86: =TRUNC(C86+E86+G86+I86,0) -> 0 | L86: =+F86+H86+J86 -> 0 | M86: =K86-O86 -> 0 | N86: =+L86 -> 0 | O86: 0 | P86: 0
A87: 01070052000000 | B87: PROPAGANDA Y PUBLICIDAD | C87: =VLOOKUP($A87,ResBal,4,FALSE) -> 0 | E87: =VLOOKUP($A87,ResBal,5,FALSE) -> 0 | G87: =VLOOKUP($A87,ResBal,6,FALSE) -> 0 | I87: =VLOOKUP($A87,ResBal,7,FALSE) -> 0 | J87: 0 | K87: =TRUNC(C87+E87+G87+I87,0) -> 0 | L87: =+F87+H87+J87 -> 0 | M87: =K87-O87 -> 0 | N87: =+L87 -> 0 | O87: 0 | P87: 0
A88: 01070053000000 | B88: FOTOCOPIADO | C88: =VLOOKUP($A88,ResBal,4,FALSE) -> 0 | E88: =VLOOKUP($A88,ResBal,5,FALSE) -> 0 | G88: =VLOOKUP($A88,ResBal,6,FALSE) -> 0 | I88: =VLOOKUP($A88,ResBal,7,FALSE) -> 0 | J88: 0 | K88: =TRUNC(C88+E88+G88+I88,0) -> 0 | L88: =+F88+H88+J88 -> 0 | M88: =K88-O88 -> 0 | N88: =+L88 -> 0 | O88: 0 | P88: 0
A89: 01070054000000 | B89: DONATIVOS | C89: =VLOOKUP($A89,ResBal,4,FALSE) -> 0 | E89: =VLOOKUP($A89,ResBal,5,FALSE) -> 0 | G89: =VLOOKUP($A89,ResBal,6,FALSE) -> 0 | I89: =VLOOKUP($A89,ResBal,7,FALSE) -> 0 | J89: 0 | K89: =TRUNC(C89+E89+G89+I89,0) -> 0 | L89: =+F89+H89+J89 -> 0 | M89: =K89-O89 -> 0 | N89: =+L89 -> 0 | O89: 0 | P89: 0
A90: 01070055000000 | B90: ASISTENCIA TECNICA | C90: =VLOOKUP($A90,ResBal,4,FALSE) -> 0 | E90: =VLOOKUP($A90,ResBal,5,FALSE) -> 0 | G90: =VLOOKUP($A90,ResBal,6,FALSE) -> 0 | I90: =VLOOKUP($A90,ResBal,7,FALSE) -> 0 | J90: 0 | K90: =TRUNC(C90+E90+G90+I90,0) -> 0 | L90: =+F90+H90+J90 -> 0 | M90: =K90-O90 -> 0 | N90: =+L90 -> 0 | O90: 0 | P90: 0
A91: 01070056000000 | B91: FLETES | C91: =VLOOKUP($A91,ResBal,4,FALSE) -> 0 | E91: =VLOOKUP($A91,ResBal,5,FALSE) -> 0 | G91: =VLOOKUP($A91,ResBal,6,FALSE) -> 0 | I91: =VLOOKUP($A91,ResBal,7,FALSE) -> 0 | J91: 0 | K91: =TRUNC(C91+E91+G91+I91,0) -> 0 | L91: =+F91+H91+J91 -> 0 | M91: =K91-O91 -> 0 | N91: =+L91 -> 0 | O91: 0 | P91: 0
A92: 01070057000000 | B92: IMPUESTO DE IMPORTACION | C92: =VLOOKUP($A92,ResBal,4,FALSE) -> 0 | E92: =VLOOKUP($A92,ResBal,5,FALSE) -> 0 | G92: =VLOOKUP($A92,ResBal,6,FALSE) -> 0 | I92: =VLOOKUP($A92,ResBal,7,FALSE) -> 0 | J92: 0 | K92: =TRUNC(C92+E92+G92+I92,0) -> 0 | L92: =+F92+H92+J92 -> 0 | M92: =K92-O92 -> 0 | N92: =+L92 -> 0 | O92: 0 | P92: 0
A93: 01070058000000 | B93: IMPUESTO DE EXPORTACION | C93: =VLOOKUP($A93,ResBal,4,FALSE) -> 0 | E93: =VLOOKUP($A93,ResBal,5,FALSE) -> 0 | G93: =VLOOKUP($A93,ResBal,6,FALSE) -> 0 | I93: =VLOOKUP($A93,ResBal,7,FALSE) -> 0 | J93: 0 | K93: =TRUNC(C93+E93+G93+I93,0) -> 0 | L93: =+F93+H93+J93 -> 0 | M93: =K93-O93 -> 0 | N93: =+L93 -> 0 | O93: 0 | P93: 0
A94: 01070059000000 | B94: REGALIAS SIN RETENCION | C94: =VLOOKUP($A94,ResBal,4,FALSE) -> 0 | E94: =VLOOKUP($A94,ResBal,5,FALSE) -> 0 | G94: =VLOOKUP($A94,ResBal,6,FALSE) -> 0 | I94: =VLOOKUP($A94,ResBal,7,FALSE) -> 0 | J94: 0 | K94: =TRUNC(C94+E94+G94+I94,0) -> 0 | L94: =+F94+H94+J94 -> 0 | M94: =K94-O94 -> 0 | N94: =+L94 -> 0 | O94: 0 | P94: 0
A95: 01070060000000 | B95: REGALIAS SUJETAS AL 5% | C95: =VLOOKUP($A95,ResBal,4,FALSE) -> 0 | E95: =VLOOKUP($A95,ResBal,5,FALSE) -> 0 | G95: =VLOOKUP($A95,ResBal,6,FALSE) -> 0 | I95: =VLOOKUP($A95,ResBal,7,FALSE) -> 0 | J95: 0 | K95: =TRUNC(C95+E95+G95+I95,0) -> 0 | L95: =+F95+H95+J95 -> 0 | M95: =K95-O95 -> 0 | N95: =+L95 -> 0 | O95: 0 | P95: 0
... A103: 01070068000000 | B103: COMISIONES BANCARIAS | C103: =VLOOKUP($A103,ResBal,4,FALSE) -> 0 | E103: =VLOOKUP($A103,ResBal,5,FALSE) -> 0 | G103: =VLOOKUP($A103,ResBal,6,FALSE) -> 0 | I103: =VLOOKUP($A103,ResBal,7,FALSE) -> 0 | J103: 0 | K103: =TRUNC(C103+E103+G103+I103,0) -> 0 | L103: =+F103+H103+J103 -> 0 | M103: =K103-O103 -> 0 | N103: =+L103 -> 0 | O103: 0 | P103: 0
A104: 01070069000000 | B104: OTROS | C104: =SUM(C105:C111) -> 0 | D104: =SUM(D105:D111) -> 0 | E104: =SUM(E105:E111) -> 0 | F104: =SUM(F105:F111) -> 0 | G104: =SUM(G105:G111) -> 0 | H104: =SUM(H105:H111) -> 0 | I104: =SUM(I105:I111) -> 0 | J104: =SUM(J105:J111) -> 0 | ... P104: =SUM(P105:P111) -> 0
A105: 01070069000100 | B105: VARIOS | C105: =VLOOKUP($A105,ResBal,4,FALSE) -> 0 | E105: =VLOOKUP($A105,ResBal,5,FALSE) -> 0 | G105: =VLOOKUP($A105,ResBal,6,FALSE) -> 0 | H105: =VLOOKUP($A105,ResBal,6,FALSE) -> 0 | I105: =VLOOKUP($A105,ResBal,7,FALSE) -> 0 | J105: 0 | K105: =TRUNC(C105+E105+G105+I105,0) -> 0 | L105: =+F105+H105+J105 -> 0 | M105: =K105-O105 -> 0 | N105: =+L105 -> 0
A106: 01070069000200 | B106: SERVICIOS ADMINISTRATIVOS, FINANCIEROS Y CONTABLES | C106: =VLOOKUP($A106,ResBal,4,FALSE) -> 0 | E106: =VLOOKUP($A106,ResBal,5,FALSE) -> 0 | G106: =VLOOKUP($A106,ResBal,6,FALSE) -> 0 | H106: =VLOOKUP($A106,ResBal,6,FALSE) -> 0 | I106: =VLOOKUP($A106,ResBal,7,FALSE) -> 0 | J106: 0 | K106: =TRUNC(C106+E106+G106+I106,0) -> 0 | L106: =+F106+H106+J106 -> 0 | M106: =K106-O106 -> 0 | N106: =+L106 -> 0
A107: 01070069000300 | B107: ROPA Y UNIFOMES | C107: =VLOOKUP($A107,ResBal,4,FALSE) -> 0 | E107: =VLOOKUP($A107,ResBal,5,FALSE) -> 0 | G107: =VLOOKUP($A107,ResBal,6,FALSE) -> 0 | H107: =VLOOKUP($A107,ResBal,6,FALSE) -> 0 | I107: =VLOOKUP($A107,ResBal,7,FALSE) -> 0 | J107: 0 | K107: =TRUNC(C107+E107+G107+I107,0) -> 0 | L107: =+F107+H107+J107 -> 0 | M107: =K107-O107 -> 0 | N107: =+L107 -> 0
...

Sheet prueba imss
I1: R
C2: INSTITUTO MEXICANO DEL SEGURO SOCIAL
C3: DELEGACION REGIONAL ESTADO DE MEXICO PONIENTE
C4: SUBDELEGACIÓN TLALNEPANTLA DE BAZ
C6: NOMBRE O RAZON SOCIAL | D6: , S.A. DE C.V.
C7: FOLIO DE CORRECCIÓN: | D7: 0
C8: PERIODO QUE REGULARIZA: | D8: EJERCICIO | E8: 2007 | F8: PERIODO DEL: | G8: 39234 | H8: AL: | I8: 39447
C9: REGISTRO(S) PATRONAL(ES): | D9: 0
C10: 0 | L10: SUELDOS, SALARIOS Y PRESTACIONES
C11: DETERMINACION DE LA BASE DE COTIZACIÓN OMITIDA
C12: CONCEPTO | H12: IMPORTE | I12: IMPORTE | L12: 6200-01 | M12: SUELDO GTES ADMON | N12: 3148092
C13: SUELDOS Y SALARIOS REGISTRADOS EN BALANZA DE COMPROBACIÓN O AUXILIAR DE NÓMINA | H13: =+'ANEXO 7'!K17+'ANEXO 7'!K28 -> 0 | L13: 6200-02 | M13: SUELDO GTE DE DISTRITO | N13: 541633
C14: SUELDOS Y SALARIOS MANIFESTADOS EN LA DECLARACIÓN ANUAL DE ISR | L14: 6200-05 | M14: SUELDOS EJECUTIVOS | N14: 1132667
C15: BASE MAYOR | I15: =H13 -> 0 | L15: 6200-06 | M15: SUELDO GERENTE DE TIENDA | N15: 1270098
L16: 6200-07 | M16: SUELDO SUPERVISORES | N16: 771910
C17: MAS | L17: 6200-09 | M17: SUELDOS EMPLEADOS GENERALES | N17: 4488054
C18: VARIABLES DEL 6o. BIMESTRE DEL EJERCICIO INMEDIATO ANTERIOR | L18: 6200-10 | M18: SUELDOS ADMINISTRATIVOS | N18: 4207734
L19: 6200-13 | M19: DIA FESTIVO | N19: 228907
L20: 6200-14 | M20: AGUINALDO | N20: 720545
L21: 6200-17 | M21: PRIMA DOMINICAL | N21: 170564
C22: MENOS | I22: =SUM(H23:H40) -> 0 | L22: 6200-28 | M22: SUELDO SUBGERENTES DE TIENDA | N22: 218933
C23: VARIABLES DEL 6o. BIMESTRE DEL EJERCICIO O DEL ULTIMO BIMESTRE DEL PERIODO ADICIONAL | L23: 6200-11 | M23: COMPENSACIONES | N23: 1829767
C24: TIEMPO EXTRA DOBLE | L24: 6200-15 | M24: VACACIONES | N24: 520869
C25: FONDO DE AHORRO | L25: 6200-16 | M25: PRIMA VACACIONAL | N25: 151854
C26: DESPENSA (40% SOBRE SMGDF) | L26: 6200-18 | M26: GRATIFICACIONES | N26: 159127
C27: ALIMENTACION | L27: 7502-04 | M27: PTU | N27: 221375
C28: HABITACION | L28: 6200-21 | M28: PRIMAS DE ANTIGUEDAD | N28: 4108
C29: PTU | L29: 6200-12 | M29: BONO DE PRODUCTIVIDAD | N29: 1191209
C30: VACACIONES | H30: 0 | L30: 6200-29 | M30: SUELDO ADMINISTRATIVO TIENDA | N30: 828166
C31: DIA FESTIVO
C32: PREMIO DE ASISTENCIA | M32: TOTAL SUELDOS Y SALARIOS | N32: =SUM(N12:N31) -> 21805612
C33: PREMIO DE PUNTUALIDAD
C34: PREVISION SOCIAL | N34: =I42-N32 -> -21805612
C35: HONORARIOS PERSONAS FISICAS
C36: HONORARIOS ASIMILABLES A SALARIOS | H36: 0
C37: MAQUILAS (PERSONAS MORALES) | H37: 0
C39: EXCEDENTES DE SALARIOS TOPADO Y FINIQUITOS
C42: IGUAL A: BASE DE COTIZACION AUTODETERMINADA | I42: =+I15-I22 -> 0
C44: MENOS: BASE DE COTIZACION PAGADA | I44: =+#REF! -> #REF!
C46: IGUAL A: BASE DE COTIZACION OMITIDA | I46: =+I42-I44 -> #REF!
C48: CONCEPTOS QUE INTEGRAN LA BASE DE COTIZACIÓN OMITIDA: | H48: IMPORTE | I48: =SUM(H49:H51) -> 0
C52: ANEXAR COPIA DE LA DECLARACIÓN ANUAL DE ISR (POR EJERCICIO)
G53: NOMBRE Y FIRMA DEL PATRON O REPRESENTANTE LEGAL
G55: Porcentaje | I55: =I46/I44 -> #REF!

Sheet OTROS GASTOS
B1: 8.- ANALISIS COMPARATIVO DE LAS SUBCUENTAS DE OTROS GASTOS
A2: INDICE | B2: CONCEPTO | C2: 2023 | D2: 2022 | E2: DEDUCIBLES PARA ISR 2023 | F2: DEDUCIBLES PARA ISR 2022 | G2: NO DEDUCIBLES PARA ISR 2023 | H2: NO DEDUCIBLES PARA ISR 2022
A3: 01080000000010
A4: 01080000000011 | B4: (CIFRAS EN PESOS)
A5: 01080000000012
A6: 01080000000000 | B6: PERDIDA EN VENTA DE TERRENOS | C6: =TRUNC(E6+G6,0) -> 0 | D6: 0 | E6: =VLOOKUP($A6,ResBal,8,FALSE)-G6 -> 0 | F6: 0
A7: 01080001000000 | B7: PERDIDA EN VENTA DE EDIFICIOS Y CONSTRUCCIONES | C7: =TRUNC(E7+G7,0) -> 0 | D7: 0 | E7: =VLOOKUP($A7,ResBal,8,FALSE)-G7 -> 0 | F7: 0
A8: 01080002000000 | B8: PERDIDA EN VENTA DE MAQUINARIA | C8: =TRUNC(E8+G8,0) -> 0 | D8: 0 | E8: =VLOOKUP($A8,ResBal,8,FALSE)-G8 -> 0 | F8: 0
A9: 01080003000000 | B9: PERDIDA EN VENTA DE EQUIPO DE TRANSPORTE | C9: =TRUNC(E9+G9,0) -> 0 | D9: 0 | E9: =VLOOKUP($A9,ResBal,8,FALSE)-G9 -> 0 | F9: 0
A10: 01080004000000 | B10: PERDIDA EN VENTA DE MOBILIARIO Y EQUIPO | C10: =TRUNC(E10+G10,0) -> 0 | D10: 0 | E10: =VLOOKUP($A10,ResBal,8,FALSE)-G10 -> 0 | F10: 0
A11: 01080005000000 | B11: PERDIDA EN VENTA DE EQUIPO DE COMPUTO | C11: =TRUNC(E11+G11,0) -> 0 | D11: 0 | E11: =VLOOKUP($A11,ResBal,8,FALSE)-G11 -> 0 | F11: 0
A12: 01080006000000 | B12: PERDIDA EN ENAJENACION DE ACCIONES | C12: =TRUNC(E12+G12,0) -> 0 | D12: 0 | E12: =VLOOKUP($A12,ResBal,8,FALSE)-G12 -> 0 | F12: 0
A13: 01080007000000 | B13: PARTICIPACION DE LOS TRABAJADORES EN LAS UTILIDADES DETERMINADA | C13: =TRUNC(E13+G13,0) -> 0 | D13: 0 | E13: =VLOOKUP($A13,ResBal,8,FALSE)-G13 -> 0 | F13: 0
A14: 01080008000000 | B14: PARTICIPACION DE LOS TRABAJADORES EN LAS UTILIDADES DIFERIDA | C14: =TRUNC(E14+G14,0) -> 0 | D14: 0 | E14: =VLOOKUP($A14,ResBal,8,FALSE)-G14 -> 0 | F14: 0
A15: 01080009000000 | B15: PERDIDA POR DETERIORO DE ACTIVOS | C15: =TRUNC(E15+G15,0) -> 0 | D15: 0 | E15: =VLOOKUP($A15,ResBal,8,FALSE)-G15 -> 0 | F15: 0
A16: 01080010000000 | B16: OTROS
A17: 01080010000010
A18: 01080011000000 | B18: EFECTO DE REEXPRESION | C18: =TRUNC(E18+G18,0) -> 0 | D18: 0 | E18: 0 | F18: 0
A19: 01080011000010
A20: 01080012000000 | B20: TOTAL | C20: =TRUNC(SUM(C6:C15)+C16+C18,0) -> 0 | D20: 0 | E20: =TRUNC(SUM(E6:E15)+E16+E18,0) -> 0 | F20: 0 | G20: =TRUNC(SUM(G6:G15)+G16+G18,0) -> 0 | H20: =TRUNC(SUM(H6:H15)+H16+H18,0) -> 0

Sheet ANEXO - 8
B1: 8.- ANALISIS COMPARATIVO DE LAS SUBCUENTAS DEL RESULTADO INTEGRAL DE FINANCIAMIENTO
A2: INDICE | B2: CONCEPTO | C2: 2023 | D2: 2022 | E2: ACUMULABLES O DEDUCIBLES PARA ISR 2023 | F2: ACUMULABLES O DEDUCIBLES PARA ISR 2022 | G2: NO ACUMULABLES O NO_x000D_ AFECTOS AL ISR_x000D_ (INGRESOS) NO DEDUCIBLES_x000D_ (GASTOS)_x000D_ PARA ISR 2023 | H2: NO ACUMULABLES O NO AFECTOS AL ISR (INGRESOS) NO DEDUCIBLES (GASTOS) PARA ISR 2022
A3: 01090000000010
A4: 01090000000011 | B4: (CIFRAS EN PESOS)
A5: 01090000000012
A6: 01090000000013 | B6: INTERESES A FAVOR
A7: 01090000000014
A8: 01090000000015 | B8: NACIONALES
A9: 01090000000016
A10: 01090000000000 | B10: BANCARIOS | C10: =TRUNC(E10+G10,0) -> 0 | D10: 0 | E10: =-VLOOKUP($A10,ResBal,8,FALSE)-G10 -> 0 | F10: 0 | G10: 0
A11: 01090001000000 | B11: PERSONAS FISICAS | C11: =TRUNC(E11+G11,0) -> 0 | D11: 0 | E11: =-VLOOKUP($A11,ResBal,8,FALSE)-G11 -> 0 | F11: 0
A12: 01090002000000 | B12: PERSONAS MORALES | C12: =TRUNC(E12+G12,0) -> 0 | D12: 0 | E12: =-VLOOKUP($A12,ResBal,8,FALSE)-G12 -> 0 | F12: 0
A13: 01090002000010
A14: 01090002000011 | B14: EXTRANJEROS
A15: 01090002000012
A16: 01090003000000 | B16: BANCARIOS | C16: =TRUNC(E16+G16,0) -> 0 | D16: 0 | E16: =-VLOOKUP($A16,ResBal,8,FALSE)-G16 -> 0 | F16: 0
A17: 01090004000000 | B17: PERSONAS FISICAS | C17: =TRUNC(E17+G17,0) -> 0 | D17: 0 | E17: =-VLOOKUP($A17,ResBal,8,FALSE)-G17 -> 0 | F17: 0
A18: 01090005000000 | B18: PERSONAS MORALES | C18: =TRUNC(E18+G18,0) -> 0 | D18: 0 | E18: =-VLOOKUP($A18,ResBal,8,FALSE)-G18 -> 0 | F18: 0
A19: 01090006000000 | B19: EFECTO DE REEXPRESION | C19: =TRUNC(E19+G19,0) -> 0 | D19: 0 | E19: =-VLOOKUP($A19,ResBal,8,FALSE)-G19 -> 0 | F19: 0
A20: 01090007000000 | B20: TOTAL DE INTERESES A FAVOR | C20: =TRUNC(SUM(C10:C19),0) -> 0 | D20: 0 | E20: =TRUNC(SUM(E10:E19),0) -> 0 | F20: 0 | G20: =TRUNC(SUM(G10:G19),0) -> 0 | H20: =TRUNC(SUM(H10:H19),0) -> 0
A21: 01090007000010
A22: 01090007000011 | B22: INTERESES A CARGO
A23: 01090007000012
A24: 01090007000013 | B24: NACIONALES
A25: 01090007000014
A26: 01090008000000 | B26: BANCARIOS | C26: =TRUNC(E26+G26,0) -> 0 | D26: 0 | E26: =VLOOKUP($A26,ResBal,8,FALSE)-G26 -> 0 | F26: 0
A27: 01090009000000 | B27: PERSONAS FISICAS | C27: =TRUNC(E27+G27,0) -> 0 | D27: 0 | E27: =VLOOKUP($A27,ResBal,8,FALSE)-G27 -> 0 | F27: 0
A28: 01090010000000 | B28: PERSONAS MORALES | C28: =TRUNC(E28+G28,0) -> 0 | D28: 0 | E28: =VLOOKUP($A28,ResBal,8,FALSE)-G28 -> 0 | F28: 0
A29: 01090010000010
A30: 01090010000011 | B30: EXTRANJEROS
A31: 01090010000012
A32: 01090011000000 | B32: BANCARIOS | C32: =TRUNC(E32+G32,0) -> 0 | D32: 0 | E32: =VLOOKUP($A32,ResBal,8,FALSE)-G32 -> 0 | F32: 0
A33: 01090012000000 | B33: PERSONAS FISICAS | C33: =TRUNC(E33+G33,0) -> 0 | D33: 0 | E33: =VLOOKUP($A33,ResBal,8,FALSE)-G33 -> 0 | F33: 0
A34: 01090013000000 | B34: PERSONAS MORALES | C34: =TRUNC(E34+G34,0) -> 0 | D34: 0 | E34: =VLOOKUP($A34,ResBal,8,FALSE)-G34 -> 0 | F34: 0
A35: 01090014000000 | B35: EFECTO DE REEXPRESION | C35: =TRUNC(E35+G35,0) -> 0 | D35: 0 | E35: =VLOOKUP($A35,ResBal,8,FALSE)-G35 -> 0 | F35: 0
A36: 01090015000000 | B36: TOTAL DE INTERESES A CARGO | C36: =TRUNC(SUM(C26:C35),0) -> 0 | D36: 0 | E36: =TRUNC(SUM(E26:E35),0) -> 0 | F36: 0 | G36: =TRUNC(SUM(G26:G35),0) -> 0 | H36: =TRUNC(SUM(H26:H35),0) -> 0
A37: 01090015000010
A38: 01090015000011 | B38: RESULTADO CAMBIARIO
A39: 01090015000012
A40: 01090016000000 | B40: PERDIDA CAMBIARIA | C40: =TRUNC(E40+G40,0) -> 0 | D40: 0 | E40: =-VLOOKUP($A40,ResBal,8,FALSE)-G40 -> 0 | F40: 0 | G40: 0
A41: 01090017000000 | B41: EFECTO DE REEXPRESION | C41: =TRUNC(E41+G41,0) -> 0 | D41: 0 | E41: =VLOOKUP($A41,ResBal,8,FALSE)-G41 -> 0 | F41: 0
A42: 01090018000000 | B42: UTILIDAD CAMBIARIA | C42: =TRUNC(E42+G42,0) -> 0 | D42: 0 | E42: =-VLOOKUP($A42,ResBal,8,FALSE)-G42 -> 0 | F42: 0
A43: 01090019000000 | B43: EFECTO DE REEXPRESION | E43: =-VLOOKUP($A43,ResBal,8,FALSE)-G43 -> 0 | F43: 0
A44: 01090020000000 | B44: TOTAL DE RESULTADO CAMBIARIO | C44: =TRUNC(SUM(C42:C43)+SUM(C40:C41),0) -> 0 | D44: 0 | E44: =TRUNC(SUM(E42:E43)+SUM(E40:E41),0) -> 0 | F44: 0 | G44: =TRUNC(SUM(G42:G43)+SUM(G40:G41),0) -> 0 | H44: =TRUNC(SUM(H42:H43)+SUM(H40:H41),0) -> 0
A45: 01090020000010
A46: 01090020000011 | B46: RESULTADO POR POSICION MONETARIA
A47: 01090020000012
A48: 01090021000000 | B48: RESULTADO POR POSICION MONETARIA FAVORABLE | C48: =TRUNC(E48+G48,0) -> 0 | D48: 0 | E48: =-VLOOKUP($A48,ResBal,8,FALSE)-G48 -> 0 | F48: 0
A49: 01090022000000 | B49: EFECTO DE REEXPRESION | C49: =TRUNC(E49+G49,0) -> 0 | D49: 0 | E49: =-VLOOKUP($A49,ResBal,8,FALSE)-G49 -> 0 | F49: 0
A50: 01090023000000 | B50: RESULTADO POR POSICION MONETARIA DESFAVORABLE | C50: =TRUNC(E50+G50,0) -> 0 | D50: 0 | E50: =VLOOKUP($A50,ResBal,8,FALSE)-G50 -> 0 | F50: 0
A51: 01090024000000 | B51: EFECTO DE REEXPRESION | C51: =TRUNC(E51+G51,0) -> 0 | D51: 0 | E51: =VLOOKUP($A51,ResBal,8,FALSE)-G51 -> 0 | F51: 0
A52: 01090025000000 | B52: CAMBIOS EN EL VALOR RAZONABLE DE ACTIVOS Y PASIVOS FINANCIEROS | C52: =TRUNC(E52+G52,0) -> 0 | D52: 0 | E52: =VLOOKUP($A52,ResBal,8,FALSE)-G52 -> 0 | F52: 0
A53: 01090026000000 | B53: EFECTO DE REEXPRESION | C53: =TRUNC(E53+G53,0) -> 0 | D53: 0 | E53: =VLOOKUP($A53,ResBal,8,FALSE)-G53 -> 0 | F53: 0
A54: 01090027000000 | B54: TOTAL DE RESULTADO POR POSICION MONETARIA | C54: =TRUNC(SUM(C48:C49)+SUM(C50:C51)+SUM(C52:C53),0) -> 0 | D54: 0 | E54: =TRUNC(SUM(E48:E49)+SUM(E50:E51)+SUM(E52:E53),0) -> 0 | F54: 0 | G54: =TRUNC(SUM(G48:G49)+SUM(G50:G51)+SUM(G52:G53),0) -> 0 | H54: =TRUNC(SUM(H48:H49)+SUM(H50:H51)+SUM(H52:H53),0) -> 0
A55: 01090027000010
A56: 01090027000011 | B56: OTROS CONCEPTOS FINANCIEROS
A57: 01090027000012
A58: 01090028000000 | B58: OTROS A FAVOR
A59: 01090029000000 | B59: EFECTO DE REEXPRESION
A60: 01090030000000 | B60: OTROS A CARGO
A61: 01090031000000 | B61: EFECTO DE REEXPRESION
A62: 01090032000000 | B62: TOTAL DE OTROS CONCEPTOS FINANCIEROS | C62: =TRUNC(C58+C59+C60+C61,0) -> 0 | D62: 0 | E62: =TRUNC(E58+E59+E60+E61,0) -> 0 | F62: 0 | G62: =TRUNC(G58+G59+G60+G61,0) -> 0 | H62: =TRUNC(H58+H59+H60+H61,0) -> 0
A63: 01090033000000 | B63: TOTAL DE RESULTADO INTEGRAL DE FINANCIAMIENTO | C63: =TRUNC(C20-C36+C44+C54+C62,0) -> 0 | D63: 0 | E63: =TRUNC(E20-E36+E44+E54+E62,0) -> 0 | F63: 0 | G63: =TRUNC(G20-G36+G44+G54+G62,0) -> 0 | H63: =TRUNC(H20-H36+H44+H54+H62,0) -> 0

Sheet ANEXO 11
B1: 11.- RELACION DE PAGOS PROVISIONALES Y PAGOS MENSUALES DEFINITIVOS
A2: INDICE | B2: CONCEPTO | C2: CONTRIBUCION A CARGO DETERMINADA POR AUDITORIA | D2: CONTRIBUCION A CARGO DETERMINADA POR EL CONTRIBUYENTE | E2: DIFERENCIA DE LA CONTRIBUCION A CARGO | F2: SALDO A FAVOR DETERMINADO POR AUDITORIA | G2: SALDO A FAVOR DETERMINADO POR EL CONTRIBUYENTE | H2: DIFERENCIA DEL SALDO A FAVOR
A3: 01110000000010
A4: 01110000000011 | B4: (CIFRAS EN PESOS)
A5: 01110000000012
A6: 01110000000013 | B6: PAGOS PROVISIONALES DEL IMPUESTO SOBRE LA RENTA (I.S.R.)
A7: 01110000000000 | B7: ENERO | C7: =#REF! -> #REF! | D7: =#REF! -> #REF! | E7: =C7-D7 -> #REF! | H7: =F7-G7 -> 0
A8: 01110001000000 | B8: FEBRERO | C8: =#REF! -> #REF! | D8: =#REF! -> #REF! | E8: =C8-D8 -> #REF! | H8: =F8-G8 -> 0
A9: 01110002000000 | B9: MARZO | C9: =#REF! -> #REF! | D9: =#REF! -> #REF! | E9: =C9-D9 -> #REF! | H9: =F9-G9 -> 0
A10: 01110003000000 | B10: ABRIL | C10: =#REF! -> #REF! | D10: =#REF! -> #REF! | E10: =C10-D10 -> #REF! | H10: =F10-G10 -> 0
A11: 01110004000000 | B11: MAYO | C11: =#REF! -> #REF! | D11: =#REF! -> #REF! | E11: =C11-D11 -> #REF! | H11: =F11-G11 -> 0
A12: 01110005000000 | B12: JUNIO | C12: =#REF! -> #REF! | D12: =#REF! -> #REF! | E12: =C12-D12 -> #REF! | H12: =F12-G12 -> 0
A13: 01110006000000 | B13: JULIO | C13: =#REF! -> #REF! | D13: =#REF! -> #REF! | E13: =C13-D13 -> #REF! | H13: =F13-G13 -> 0
A14: 01110007000000 | B14: AGOSTO | C14: =#REF! -> #REF! | D14: =#REF! -> #REF! | E14: =C14-D14 -> #REF! | H14: =F14-G14 -> 0
A15: 01110008000000 | B15: SEPTIEMBRE | C15: =#REF! -> #REF! | D15: =#REF! -> #REF! | E15: =C15-D15 -> #REF! | H15: =F15-G15 -> 0
A16: 01110009000000 | B16: OCTUBRE | C16: =#REF! -> #REF! | D16: =#REF! -> #REF! | E16: =C16-D16 -> #REF! | H16: =F16-G16 -> 0
A17: 01110010000000 | B17: NOVIEMBRE | C17: =#REF! -> #REF! | D17: =#REF! -> #REF! | E17: =C17-D17 -> #REF! | H17: =F17-G17 -> 0
A18: 01110011000000 | B18: DICIEMBRE | C18: =#REF! -> #REF! | D18: =#REF! -> #REF! | E18: =C18-D18 -> #REF! | H18: =F18-G18 -> 0
A19: 01110011000010
A20: 01110012000000 | B20: TOTAL DE PAGOS PROVISIONALES | C20: =TRUNC(SUM(C7:C18),0) -> #REF! | D20: =TRUNC(SUM(D7:D18),0) -> #REF! | E20: =TRUNC(SUM(E7:E18),0) -> #REF! | F20: =TRUNC(SUM(F7:F18),0) -> 0 | G20: =TRUNC(SUM(G7:G18),0) -> 0 | H20: =TRUNC(SUM(H7:H18),0) -> 0
A21: 01110012000010
A22: 01110012000011 | B22: PAGOS DEFINITIVOS DE IMPUESTO SOBRE LA RENTA DERIVADO DE DIVIDENDOS O UTILIDADES DISTRIBUIDOS NO PROVENIENTES DE CUFIN NI DE CUFINRE
A23: 01110012000012
A24: 01110013000000 | B24: ENERO | E24: =C24-D24 -> 0 | H24: =F24-G24 -> 0
A25: 01110014000000 | B25: FEBRERO | E25: =C25-D25 -> 0 | H25: =F25-G25 -> 0
A26: 01110015000000 | B26: MARZO | E26: =C26-D26 -> 0 | H26: =F26-G26 -> 0
A27: 01110016000000 | B27: ABRIL | E27: =C27-D27 -> 0 | H27: =F27-G27 -> 0
A28: 01110017000000 | B28: MAYO | E28: =C28-D28 -> 0 | H28: =F28-G28 -> 0
A29: 01110018000000 | B29: JUNIO | E29: =C29-D29 -> 0 | H29: =F29-G29 -> 0
A30: 01110019000000 | B30: JULIO | E30: =C30-D30 -> 0 | H30: =F30-G30 -> 0
A31: 01110020000000 | B31: AGOSTO | E31: =C31-D31 -> 0 | H31: =F31-G31 -> 0
A32: 01110021000000 | B32: SEPTIEMBRE | E32: =C32-D32 -> 0 | H32: =F32-G32 -> 0
A33: 01110022000000 | B33: OCTUBRE | E33: =C33-D33 -> 0 | H33: =F33-G33 -> 0
A34: 01110023000000 | B34: NOVIEMBRE | E34: =C34-D34 -> 0 | H34: =F34-G34 -> 0
A35: 01110024000000 | B35: DICIEMBRE | E35: =C35-D35 -> 0 | H35: =F35-G35 -> 0
A36: 01110024000010
A37: 01110025000000 | B37: TOTAL DE PAGOS | C37: =TRUNC(SUM(C24:C35),0) -> 0 | D37: =TRUNC(SUM(D24:D35),0) -> 0 | E37: =TRUNC(SUM(E24:E35),0) -> 0 | F37: =TRUNC(SUM(F24:F35),0) -> 0 | G37: =TRUNC(SUM(G24:G35),0) -> 0 | H37: =TRUNC(SUM(H24:H35),0) -> 0
A38: 01110025000010
A39: 01110025000011 | B39: PAGOS PROVISIONALES DEL IMPUESTO EMPRESARIAL A TASA ÚNICA (I.E.T.U.)
A40: 01110025000012
A41: 01110026000000 | B41: ENERO | C41: =#REF! -> #REF! | D41: =#REF! -> #REF! | E41: =C41-D41 -> #REF! | H41: =F41-G41 -> 0
A42: 01110027000000 | B42: FEBRERO | C42: =#REF! -> #REF! | D42: =#REF! -> #REF! | E42: =C42-D42 -> #REF! | H42: =F42-G42 -> 0
A43: 01110028000000 | B43: MARZO | C43: =#REF! -> #REF! | D43: =#REF! -> #REF! | E43: =C43-D43 -> #REF! | H43: =F43-G43 -> 0
A44: 01110029000000 | B44: ABRIL | C44: =#REF! -> #REF! | D44: =#REF! -> #REF! | E44: =C44-D44 -> #REF! | H44: =F44-G44 -> 0
A45: 01110030000000 | B45: MAYO | C45: =#REF! -> #REF! | D45: =#REF! -> #REF! | E45: =C45-D45 -> #REF! | H45: =F45-G45 -> 0
A46: 01110031000000 | B46: JUNIO | C46: =#REF! -> #REF! | D46: =#REF! -> #REF! | E46: =C46-D46 -> #REF! | H46: =F46-G46 -> 0
A47: 01110032000000 | B47: JULIO | C47: =#REF! -> #REF! | D47: =#REF! -> #REF! | E47: =C47-D47 -> #REF! | H47: =F47-G47 -> 0
A48: 01110033000000 | B48: AGOSTO | C48: =#REF! -> #REF! | D48: =#REF! -> #REF! | E48: =C48-D48 -> #REF! | H48: =F48-G48 -> 0
A49: 01110034000000 | B49: SEPTIEMBRE | C49: =#REF! -> #REF! | D49: =#REF! -> #REF! | E49: =C49-D49 -> #REF! | H49: =F49-G49 -> 0
A50: 01110035000000 | B50: OCTUBRE | C50: =#REF! -> #REF! | D50: =#REF! -> #REF! | E50: =C50-D50 -> #REF! | H50: =F50-G50 -> 0
A51: 01110036000000 | B51: NOVIEMBRE | C51: =#REF! -> #REF! | D51: =#REF! -> #REF! | E51: =C51-D51 -> #REF! | H51: =F51-G51 -> 0
A52: 01110037000000 | B52: DICIEMBRE | C52: =#REF! -> #REF! | D52: =#REF! -> #REF! | E52: =C52-D52 -> #REF! | H52: =F52-G52 -> 0
A53: 01110037000010
A54: 01110038000000 | B54: TOTAL DE PAGOS PROVISIONALES | C54: =TRUNC(SUM(C41:C52),0) -> #REF! | D54: =TRUNC(SUM(D41:D52),0) -> #REF! | E54: =TRUNC(SUM(E41:E52),0) -> #REF! | F54: =TRUNC(SUM(F41:F52),0) -> 0 | G54: =TRUNC(SUM(G41:G52),0) -> 0 | H54: =TRUNC(SUM(H41:H52),0) -> 0
A55: 01110038000010
A56: 01110038000011 | B56: PAGOS DIRECTOS EFECTUADOS POR EL CONTRIBUYENTE DEL IMPUESTO A LOS DEPOSITOS EN EFECTIVO (I.D.E.)
A57: 01110038000012
A58: 01110039000000 | B58: ENERO | E58: =C58-D58 -> 0 | H58: =F58-G58 -> 0
A59: 01110040000000 | B59: FEBRERO | E59: =C59-D59 -> 0 | H59: =F59-G59 -> 0
A60: 01110041000000 | B60: MARZO | E60: =C60-D60 -> 0 | H60: =F60-G60 -> 0
A61: 01110042000000 | B61: ABRIL | E61: =C61-D61 -> 0 | H61: =F61-G61 -> 0
A62: 01110043000000 | B62: MAYO | E62: =C62-D62 -> 0 | H62: =F62-G62 -> 0
A63: 01110044000000 | B63: JUNIO | E63: =C63-D63 -> 0 | H63: =F63-G63 -> 0
A64: 01110045000000 | B64: JULIO | E64: =C64-D64 -> 0 | H64: =F64-G64 -> 0
A65: 01110046000000 | B65: AGOSTO | E65: =C65-D65 -> 0 | H65: =F65-G65 -> 0
A66: 01110047000000 | B66: SEPTIEMBRE | E66: =C66-D66 -> 0 | H66: =F66-G66 -> 0
A67: 01110048000000 | B67: OCTUBRE | E67: =C67-D67 -> 0 | H67: =F67-G67 -> 0
A68: 01110049000000 | B68: NOVIEMBRE | E68: =C68-D68 -> 0 | H68: =F68-G68 -> 0
A69: 01110050000000 | B69: DICIEMBRE | E69: =C69-D69 -> 0 | H69: =F69-G69 -> 0
A70: 01110050000010
A71: 01110051000000 | B71: TOTAL DE PAGOS | C71: =TRUNC(SUM(C58:C69),0) -> 0 | D71: =TRUNC(SUM(D58:D69),0) -> 0 | E71: =TRUNC(SUM(E58:E69),0) -> 0 | F71: =TRUNC(SUM(F58:F69),0) -> 0 | G71: =TRUNC(SUM(G58:G69),0) -> 0 | H71: =TRUNC(SUM(H58:H69),0) -> 0
A72: 01110051000010
A73: 01110051000011 | B73: PAGOS MENSUALES DEFINITIVOS DEL IMPUESTO AL VALOR AGREGADO (I.V.A.)
A74: 01110051000012
A75: 01110052000000 | B75: ENERO | C75: =#REF! -> #REF! | D75: =#REF! -> #REF! | E75: =C75-D75 -> #REF! | H75: =F75-G75 -> 0
A76: 01110053000000 | B76: FEBRERO | C76: =#REF! -> #REF! | D76: =#REF! -> #REF! | E76: =C76-D76 -> #REF! | H76: =F76-G76 -> 0
A77: 01110054000000 | B77: MARZO | C77: =#REF! -> #REF! | D77: =#REF! -> #REF! | E77: =C77-D77 -> #REF! | H77: =F77-G77 -> 0
A78: 01110055000000 | B78: ABRIL | C78: =#REF! -> #REF! | D78: =#REF! -> #REF! | E78: =C78-D78 -> #REF! | H78: =F78-G78 -> 0
A79: 01110056000000 | B79: MAYO | C79: =#REF! -> #REF! | D79: =#REF! -> #REF! | E79: =C79-D79 -> #REF! | H79: =F79-G79 -> 0
A80: 01110057000000 | B80: JUNIO | C80: =#REF! -> #REF! | D80: =#REF! -> #REF! | E80: =C80-D80 -> #REF! | H80: =F80-G80 -> 0
A81: 01110058000000 | B81: JULIO | C81: =#REF! -> #REF! | D81: =#REF! -> #REF! | E81: =C81-D81 -> #REF! | H81: =F81-G81 -> 0
A82: 01110059000000 | B82: AGOSTO | C82: =#REF! -> #REF! | D82: =#REF! -> #REF! | E82: =C82-D82 -> #REF! | H82: =F82-G82 -> 0
A83: 01110060000000 | B83: SEPTIEMBRE | C83: =#REF! -> #REF! | D83: =#REF! -> #REF! | E83: =C83-D83 -> #REF! | H83: =F83-G83 -> 0
A84: 01110061000000 | B84: OCTUBRE | C84: =#REF! -> #REF! | D84: =#REF! -> #REF! | E84: =C84-D84 -> #REF! | H84: =F84-G84 -> 0
A85: 01110062000000 | B85: NOVIEMBRE | C85: =#REF! -> #REF! | D85: =#REF! -> #REF! | E85: =C85-D85 -> #REF! | H85: =F85-G85 -> 0
A86: 01110063000000 | B86: DICIEMBRE | C86: =#REF! -> #REF! | D86: =#REF! -> #REF! | E86: =C86-D86 -> #REF! | H86: =F86-G86 -> 0
A87: 01110063000010
A88: 01110064000000 | B88: TOTAL DE PAGOS MENSUALES DEFINITIVOS | C88: =TRUNC(SUM(C75:C86),0) -> #REF! | D88: =TRUNC(SUM(D75:D86),0) -> #REF! | E88: =TRUNC(SUM(E75:E86),0) -> #REF! | F88: =TRUNC(SUM(F75:F86),0) -> 0 | G88: =TRUNC(SUM(G75:G86),0) -> 0 | H88: =TRUNC(SUM(H75:H86),0) -> 0
A89: 01110064000010
A90: 01110064000011 | B90: PAGOS MENSUALES DEFINITIVOS DEL IMPUESTO ESPECIAL SOBRE PRODUCCION Y SERVICIOS (I.E.P.S.)
A91: 01110064000012
A92: 01110065000000 | B92: ENERO | E92: =C92-D92 -> 0 | H92: =F92-G92 -> 0
A93: 01110066000000 | B93: FEBRERO | E93: =C93-D93 -> 0 | H93: =F93-G93 -> 0
A94: 01110067000000 | B94: MARZO | E94: =C94-D94 -> 0 | H94: =F94-G94 -> 0
A95: 01110068000000 | B95: ABRIL | E95: =C95-D95 -> 0 | H95: =F95-G95 -> 0
A96: 01110069000000 | B96: MAYO | E96: =C96-D96 -> 0 | H96: =F96-G96 -> 0
A97: 01110070000000 | B97: JUNIO | E97: =C97-D97 -> 0 | H97: =F97-G97 -> 0
A98: 01110071000000 | B98: JULIO | E98: =C98-D98 -> 0 | H98: =F98-G98 -> 0
A99: 01110072000000 | B99: AGOSTO | E99: =C99-D99 -> 0 | H99: =F99-G99 -> 0
A100: 01110073000000 | B100: SEPTIEMBRE | E100: =C100-D100 -> 0 | H100: =F100-G100 -> 0
...

Sheet ANEXO 12
B1: 12.- DETERMINACION DE PAGOS PROVISIONALES Y PAGOS MENSUALES DEFINITIVOS CUANDO EXISTAN DIFERENCIAS ENTRE LO CALCULADO POR AUDITORIA Y EL CONTRIBUYENTE
A2: INDICE | B2: CONCEPTO | C2: ENERO | D2: FEBRERO | E2: MARZO | F2: ABRIL | G2: MAYO | H2: JUNIO | I2: JULIO | J2: AGOSTO | K2: SEPTIEMBRE | L2: OCTUBRE | M2: NOVIEMBRE | N2: DICIEMBRE | O2: TOTAL
A3: 01120000000010
A4: 01120000000011 | B4: (CIFRAS EN PESOS)
A5: 01120000000012
A6: 01120000000013 | B6: PAGOS PROVISIONALES DEL IMPUESTO SOBRE LA RENTA (I.S.R.)
A7: 01120000000014
A8: 01120000000015 | B8: PERSONAS MORALES
A9: 01120000000000 | B9: SUMA DE INGRESOS NOMINALES DE MESES ANTERIORES DEL EJERCICIO | D9: =C11 -> 0 | E9: =D11 -> 0 | F9: =E11 -> 0 | G9: =F11 -> 0 | H9: =G11 -> 0 | I9: =H11 -> 0 | J9: =I11 -> 0 | K9: =J11 -> 0 | ... N9: =M11 -> 0
A10: 01120001000000 | B10: INGRESOS NOMINALES DEL MES QUE DECLARA
A11: 01120002000000 | B11: TOTAL DE INGRESOS NOMINALES | C11: =TRUNC(C9+C10,0) -> 0 | D11: =TRUNC(D9+D10,0) -> 0 | E11: =TRUNC(E9+E10,0) -> 0 | F11: =TRUNC(F9+F10,0) -> 0 | G11: =TRUNC(G9+G10,0) -> 0 | H11: =TRUNC(H9+H10,0) -> 0 | I11: =TRUNC(I9+I10,0) -> 0 | J11: =TRUNC(J9+J10,0) -> 0 | ... N11: =TRUNC(N9+N10,0) -> 0
A12: 01120002000010 | B12: POR:
A13: 01120003000000 | B13: COEFICIENTE DE UTILIDAD
A14: 01120004000000 | B14: UTILIDAD FISCAL | C14: =TRUNC(C11*C13,0) -> 0 | D14: =TRUNC(D11*D13,0) -> 0 | E14: =TRUNC(E11*E13,0) -> 0 | F14: =TRUNC(F11*F13,0) -> 0 | G14: =TRUNC(G11*G13,0) -> 0 | H14: =TRUNC(H11*H13,0) -> 0 | I14: =TRUNC(I11*I13,0) -> 0 | J14: =TRUNC(J11*J13,0) -> 0 | ... N14: =TRUNC(N11*N13,0) -> 0
A15: 01120004000010 | B15: MAS:
A16: 01120005000000 | B16: DOCEAVA PARTE DEL INVENTARIO ACUMULABLE EN LOS TERMINOS DEL ULTIMO PARRAFO DE LA FRACC. V, DEL ART. 3 DE DISPOSICIONES TRANSITORIAS DE LA LEY DEL ISR, DEL DECRETO POR EL QUE SE REFORMAN... DE LA LEY DEL ISR..., PUBLICADO EN EL D.O.F. DEL 01/12/2004
A17: 01120006000000 | B17: NUMERO DE MESES A QUE SE REFIERE EL PAGO PROVISIONAL | C17: 1 | D17: 2 | E17: 3 | F17: 4 | G17: 5 | H17: 6 | I17: 7 | J17: 8 | K17: 9 | L17: 10 | M17: 11 | N17: 12
A18: 01120007000000 | B18: RESULTADO DE LA APLICACION DE LA DOCEAVA PARTE POR EL NUMERO DE MESES | C18: =TRUNC((C16)*C17,0) -> 0 | D18: =TRUNC((D16)*D17,0) -> 0 | E18: =TRUNC((E16)*E17,0) -> 0 | F18: =TRUNC((F16)*F17,0) -> 0 | G18: =TRUNC((G16)*G17,0) -> 0 | H18: =TRUNC((H16)*H17,0) -> 0 | I18: =TRUNC((I16)*I17,0) -> 0 | J18: =TRUNC((J16)*J17,0) -> 0 | ... N18: =TRUNC((N16)*N17,0) -> 0
A19: 01120008000000 | B19: UTILIDAD FISCAL PARA PAGOS PROVISIONALES | C19: =TRUNC(C14+C18,0) -> 0 | D19: =TRUNC(D14+D18,0) -> 0 | E19: =TRUNC(E14+E18,0) -> 0 | F19: =TRUNC(F14+F18,0) -> 0 | G19: =TRUNC(G14+G18,0) -> 0 | H19: =TRUNC(H14+H18,0) -> 0 | I19: =TRUNC(I14+I18,0) -> 0 | J19: =TRUNC(J14+J18,0) -> 0 | ... N19: =TRUNC(N14+N18,0) -> 0
A20: 01120008000010 | B20: (MAS) MENOS :
A21: 01120009000000 | B21: ANTICIPOS Y RENDIMIENTOS DISTRIBUIDOS EN EL PERIODO
A22: 01120010000000 | B22: PERDIDAS FISCALES DE EJERCICIOS ANTERIORES PENDIENTES DE DISMINUIR
A23: 01120011000000 | B23: ESTIMULO FISCAL POR DEDUCCION INMEDIATA (ARTICULOS PRIMERO DEL DECRETO PUBLICADO EN EL DOF EL 28 DE NOVIEMBRE DE 2006 Y/O 1.2. DEL DECRETO PUBLICADO EN EL DIARIO OFICIAL DE LA FEDERACION EL 30 DE MARZO DE 2012)
A24: 01120012000000 | B24: ESTIMULO FISCAL POR PARTICIPACION DE LOS TRABAJADORES EN LAS UTILIDADES DE LAS EMPRESAS PAGADAS EN EL MISMO EJERCICIO (ARTICULO SEGUNDO DEL DECRETO PUBLICADO EN EL DOF EL 28 DE NOVIEMBRE DE 2006 Y/O 1.1. DEL DECRETO PUBLICADO EN EL DIARIO OFICIAL DE LA FEDERACION EL 30 DE MARZO DE 2012)
A25: 01120013000000 | B25: DEDUCCION ADICIONAL DEL FOMENTO AL PRIMER EMPLEO
A26: 01120014000000 | B26: BASE GRAVABLE DEL PAGO PROVISIONAL | C26: =TRUNC(C19-C21-C22+C23-C24-C25,0) -> 0 | D26: =TRUNC(D19-D21-D22+D23-D24-D25,0) -> 0 | E26: =TRUNC(E19-E21-E22+E23-E24-E25,0) -> 0 | F26: =TRUNC(F19-F21-F22+F23-F24-F25,0) -> 0 | G26: =TRUNC(G19-G21-G22+G23-G24-G25,0) -> 0 | H26: =TRUNC(H19-H21-H22+H23-H24-H25,0) -> 0 | I26: =TRUNC(I19-I21-I22+I23-I24-I25,0) -> 0 | J26: =TRUNC(J19-J21-J22+J23-J24-J25,0) -> 0 | ... N26: =TRUNC(N19-N21-N22+N23-N24-N25,0) -> 0
A27: 01120015000000 | B27: TASA DEL IMPUESTO SOBRE LA RENTA
A28: 01120016000000 | B28: PAGO PROVISIONAL DEL MES | C28: =TRUNC(C26*C27 / 100,0) -> 0 | D28: =TRUNC(D26*D27 / 100,0) -> 0 | E28: =TRUNC(E26*E27 / 100,0) -> 0 | F28: =TRUNC(F26*F27 /100,0) -> 0 | G28: =TRUNC(G26*G27 /100,0) -> 0 | H28: =TRUNC(H26*H27 /100,0) -> 0 | I28: =TRUNC(I26*I27 /100,0) -> 0 | J28: =TRUNC(J26*J27 /100,0) -> 0 | K28: =TRUNC(K26*K27 /100,0) -> 0 | L28: =TRUNC(L26*L27 / 100,0) -> 0 | M28: =TRUNC(M26*M27 / 100,0) -> 0 | N28: =TRUNC(N26*N27 / 100,0) -> 0
A29: 01120016000010 | B29: MENOS:
A30: 01120017000000 | B30: REDUCCIONES
A31: 01120018000000 | B31: CREDITO FISCAL POR INVERSION CINEMATOGRAFICA (ARTICULO 1.8. DEL DECRETO PUBLICADO EN EL DIARIO OFICIAL DE LA FEDERACION EL 30 DE MARZO DE 2012)
A32: 01120019000000 | B32: PAGOS PROVISIONALES DEL MISMO EJERCICIO EFECTUADOS CON ANTERIORIDAD
A33: 01120020000000 | B33: RETENCIONES DE IMPUESTO SOBRE LA RENTA
A34: 01120021000000 | B34: IMPUESTO A LOS DEPOSITOS EN EFECTIVO EFECTIVAMENTE PAGADO Y ACREDITADO EN EL MES
A35: 01120022000000 | B35: IMPUESTO A LOS DEPOSITOS EN EFECTIVO ESTIMADO Y ACREDITADO EN EL MES
A36: 01120023000000 | B36: I.E.P.S. ACREDITABLE DE ALCOHOL, ALCOHOL DESNATURALIZADO Y MIELES INCRISTALIZABLES DE PRODUCTOS DISTINTOS DE BEBIDAS ALCOHOLICAS
A37: 01120024000000 | B37: OTRAS CANTIDADES A CARGO
A38: 01120025000000 | B38: OTRAS CANTIDADES A FAVOR
A39: 01120026000000 | B39: PAGO PROVISIONAL DEL MES DETERMINADO POR AUDITORIA | C39: =TRUNC(C28-SUM(C30:C36)+C37-C38,0) -> 0 | D39: =TRUNC(D28-SUM(D30:D36)+D37-D38,0) -> 0 | E39: =TRUNC(E28-SUM(E30:E36)+E37-E38,0) -> 0 | F39: =TRUNC(F28-SUM(F30:F36)+F37-F38,0) -> 0 | G39: =TRUNC(G28-SUM(G30:G36)+G37-G38,0) -> 0 | H39: =TRUNC(H28-SUM(H30:H36)+H37-H38,0) -> 0 | I39: =TRUNC(I28-SUM(I30:I36)+I37-I38,0) -> 0 | J39: =TRUNC(J28-SUM(J30:J36)+J37-J38,0) -> 0 | ... N39: =TRUNC(N28-SUM(N30:N36)+N37-N38,0) -> 0
A40: 01120027000000 | B40: PAGO PROVISIONAL DEL MES DETERMINADO POR EL CONTRIBUYENTE
A41: 01120028000000 | B41: DIFERENCIA | C41: =TRUNC(C39-C40,0) -> 0 | D41: =TRUNC(D39-D40,0) -> 0 | E41: =TRUNC(E39-E40,0) -> 0 | F41: =TRUNC(F39-F40,0) -> 0 | G41: =TRUNC(G39-G40,0) -> 0 | H41: =TRUNC(H39-H40,0) -> 0 | I41: =TRUNC(I39-I40,0) -> 0 | J41: =TRUNC(J39-J40,0) -> 0 | ... N41: =TRUNC(N39-N40,0) -> 0
A42: 01120028000010 | B42: MENOS:
A43: 01120029000000 | B43: IEPS ACREDITABLE
A44: 01120030000000 | B44: IMPUESTO A CARGO DETERMINADO POR AUDITORIA | C44: =TRUNC(C39-C43,0) -> 0 | D44: =TRUNC(D39-D43,0) -> 0 | E44: =TRUNC(E39-E43,0) -> 0 | F44: =TRUNC(F39-F43,0) -> 0 | G44: =TRUNC(G39-G43,0) -> 0 | H44: =TRUNC(H39-H43,0) -> 0 | I44: =TRUNC(I39-I43,0) -> 0 | J44: =TRUNC(J39-J43,0) -> 0 | ... N44: =TRUNC(N39-N43,0) -> 0
A45: 01120031000000 | B45: IMPUESTO A CARGO DETERMINADO POR EL CONTRIBUYENTE
A46: 01120032000000 | B46: DIFERENCIA | C46: =TRUNC(C44-C45,0) -> 0 | D46: =TRUNC(D44-D45,0) -> 0 | E46: =TRUNC(E44-E45,0) -> 0 | F46: =TRUNC(F44-F45,0) -> 0 | G46: =TRUNC(G44-G45,0) -> 0 | H46: =TRUNC(H44-H45,0) -> 0 | I46: =TRUNC(I44-I45,0) -> 0 | J46: =TRUNC(J44-J45,0) -> 0 | ... N46: =TRUNC(N44-N45,0) -> 0
A47: 01120032000010
A48: 01120032000011 | B48: PERSONAS FISICAS
A49: 01120032000012
A50: 01120033000000 | B50: SUMA DE INGRESOS DE MESES ANTERIORES DEL EJERCICIO | D50: =C52 -> 0 | E50: =D52 -> 0 | F50: =E52 -> 0 | G50: =F52 -> 0 | H50: =G52 -> 0 | I50: =H52 -> 0 | J50: =I52 -> 0 | K50: =J52 -> 0 | ... N50: =M52 -> 0
A51: 01120034000000 | B51: INGRESOS DEL PERIODO
A52: 01120035000000 | B52: TOTAL DE INGRESOS | C52: =TRUNC(C50+C51,0) -> 0 | D52: =TRUNC(D50+D51,0) -> 0 | E52: =TRUNC(E50+E51,0) -> 0 | F52: =TRUNC(F50+F51,0) -> 0 | G52: =TRUNC(G50+G51,0) -> 0 | H52: =TRUNC(H50+H51,0) -> 0 | I52: =TRUNC(I50+I51,0) -> 0 | J52: =TRUNC(J50+J51,0) -> 0 | ... N52: =TRUNC(N50+N51,0) -> 0
A53: 01120036000000 | B53: INGRESOS EXENTOS
A54: 01120037000000 | B54: SUMA DE DEDUCCIONES AUTORIZADAS DE MESES ANTERIORES | D54: =C58 -> 0 | E54: =D58 -> 0 | F54: =E58 -> 0 | G54: =F58 -> 0 | H54: =G58 -> 0 | I54: =H58 -> 0 | J54: =I58 -> 0 | K54: =J58 -> 0 | ... N54: =M58 -> 0
A55: 01120038000000 | B55: DEDUCCIONES AUTORIZADAS
A56: 01120039000000 | B56: DEDUCCION DEL IMPUESTO LOCAL O CEDULAR
A57: 01120040000000 | B57: DEDUCCION DE INVERSIONES
A58: 01120041000000 | B58: TOTAL DE DEDUCCIONES | C58: =TRUNC(SUM(C54:C57),0) -> 0 | D58: =TRUNC(SUM(D54:D57),0) -> 0 | E58: =TRUNC(SUM(E54:E57),0) -> 0 | F58: =TRUNC(SUM(F54:F57),0) -> 0 | G58: =TRUNC(SUM(G54:G57),0) -> 0 | H58: =TRUNC(SUM(H54:H57),0) -> 0 | I58: =TRUNC(SUM(I54:I57),0) -> 0 | J58: =TRUNC(SUM(J54:J57),0) -> 0 | ... N58: =TRUNC(SUM(N54:N57),0) -> 0
A59: 01120042000000 | B59: PARTICIPACION DE LOS TRABAJADORES EN LAS UTILIDADES DE LAS EMPRESAS PAGADA EN EL EJERCICIO
A60: 01120043000000 | B60: PERDIDAS FISCALES DE EJERCICIOS ANTERIORES PENDIENTES DE APLICAR
A61: 01120044000000 | B61: DEDUCCION ADICIONAL DEL FOMENTO AL PRIMER EMPLEO (APLICABLE CONTRA LA UTILIDAD FISCAL)
A62: 01120045000000 | B62: BASE GRAVABLE DEL PAGO PROVISIONAL | C62: =TRUNC(C52-SUM(C58:C61),0) -> 0 | D62: =TRUNC(D52-SUM(D58:D61),0) -> 0 | E62: =TRUNC(E52-SUM(E58:E61),0) -> 0 | F62: =TRUNC(F52-SUM(F58:F61),0) -> 0 | G62: =TRUNC(G52-SUM(G58:G61),0) -> 0 | H62: =TRUNC(H52-SUM(H58:H61),0) -> 0 | I62: =TRUNC(I52-SUM(I58:I61),0) -> 0 | J62: =TRUNC(J52-SUM(J58:J61),0) -> 0 | ... N62: =TRUNC(N52-SUM(N58:N61),0) -> 0
A63: 01120046000000 | B63: IMPUESTO DETERMINADO
A64: 01120047000000 | B64: IMPUESTO DEL PERIODO ENTERADO A LA ENTIDAD FEDERATIVA
A65: 01120048000000 | B65: RESULTADO DE LA COMPARACION | C65: =TRUNC(IF(C64>C63,C64,C63-C64),0) -> 0 | D65: =TRUNC(IF(D64>D63,D64,D63-D64),0) -> 0 | E65: =TRUNC(IF(E64>E63,E64,E63-E64),0) -> 0 | F65: =TRUNC(IF(F64>F63,F64,F63-F64),0) -> 0 | G65: =TRUNC(IF(G64>G63,G64,G63-G64),0) -> 0 | H65: =TRUNC(IF(H64>H63,H64,H63-H64),0) -> 0 | I65: =TRUNC(IF(I64>I63,I64,I63-I64),0) -> 0 | J65: =TRUNC(IF(J64>J63,J64,J63-J64),0) -> 0 | ... N65: =TRUNC(IF(N64>N63,N64,N63-N64),0) -> 0
A66: 01120048000010 | B66: MENOS:
A67: 01120049000000 | B67: PAGOS PROVISIONALES DEL MISMO EJERCICIO EFECTUADOS CON ANTERIORIDAD
A68: 01120050000000 | B68: RETENCIONES DE IMPUESTO SOBRE LA RENTA
A69: 01120051000000 | B69: IMPUESTO A LOS DEPOSITOS EN EFECTIVO EFECTIVAMENTE PAGADO Y ACREDITADO EN EL MES
A70: 01120052000000 | B70: IMPUESTO A LOS DEPOSITOS EN EFECTIVO ESTIMADO Y ACREDITADO EN EL MES
A71: 01120053000000 | B71: OTRAS CANTIDADES A CARGO
A72: 01120054000000 | B72: OTRAS CANTIDADES A FAVOR
A73: 01120054000010
A74: 01120055000000 | B74: PAGO PROVISIONAL DEL MES DETERMINADO POR AUDITORIA | C74: =C65-C67-C68-C69-C70+C71-C72 -> 0 | D74: =D65-D67-D68-D69-D70+D71-D72 -> 0 | E74: =E65-E67-E68-E69-E70+E71-E72 -> 0 | F74: =F65-F67-F68-F69-F70+F71-F72 -> 0 | G74: =G65-G67-G68-G69-G70+G71-G72 -> 0 | H74: =H65-H67-H68-H69-H70+H71-H72 -> 0 | I74: =I65-I67-I68-I69-I70+I71-I72 -> 0 | J74: =J65-J67-J68-J69-J70+J71-J72 -> 0 | ... N74: =N65-N67-N68-N69-N70+N71-N72 -> 0
A75: 01120056000000 | B75: PAGO PROVISIONAL DEL MES DETERMINADO POR EL CONTRIBUYENTE
A76: 01120057000000 | B76: DIFERENCIA | C76: =TRUNC(C74-C75,0) -> 0 | D76: =TRUNC(D74-D75,0) -> 0 | E76: =TRUNC(E74-E75,0) -> 0 | F76: =TRUNC(F74-F75,0) -> 0 | G76: =TRUNC(G74-G75,0) -> 0 | H76: =TRUNC(H74-H75,0) -> 0 | I76: =TRUNC(I74-I75,0) -> 0 | J76: =TRUNC(J74-J75,0) -> 0 | ... N76: =TRUNC(N74-N75,0) -> 0
A77: 01120057000010 | B77: MENOS:
A78: 01120058000000 | B78: IEPS ACREDITABLE
A79: 01120059000000 | B79: IMPUESTO A CARGO DETERMINADO POR AUDITORIA | C79: =TRUNC(C74-C78,0) -> 0 | D79: =TRUNC(D74-D78,0) -> 0 | E79: =TRUNC(E74-E78,0) -> 0 | F79: =TRUNC(F74-F78,0) -> 0 | G79: =TRUNC(G74-G78,0) -> 0 | H79: =TRUNC(H74-H78,0) -> 0 | I79: =TRUNC(I74-I78,0) -> 0 | J79: =TRUNC(J74-J78,0) -> 0 | ... N79: =TRUNC(N74-N78,0) -> 0
A80: 01120060000000 | B80: IMPUESTO A CARGO DETERMINADO POR EL CONTRIBUYENTE
A81: 01120061000000 | B81: DIFERENCIA | C81: =TRUNC(C79-C80,0) -> 0 | D81: =TRUNC(D79-D80,0) -> 0 | E81: =TRUNC(E79-E80,0) -> 0 | F81: =TRUNC(F79-F80,0) -> 0 | G81: =TRUNC(G79-G80,0) -> 0 | H81: =TRUNC(H79-H80,0) -> 0 | I81: =TRUNC(I79-I80,0) -> 0 | J81: =TRUNC(J79-J80,0) -> 0 | ... N81: =TRUNC(N79-N80,0) -> 0
A82: 01120061000010
A83: 01120061000011 | B83: PAGOS PROVISIONALES DEL IMPUESTO EMPRESARIAL A TASA ÚNICA (I.E.T.U.)
A84: 01120061000012
A85: 01120062000000 | B85: SUMA DE INGRESOS PERCIBIDOS DE MESES ANTERIORES DEL EJERCICIO | D85: =C87 -> 0 | E85: =D87 -> 0 | F85: =E87 -> 0 | G85: =F87 -> 0 | H85: =G87 -> 0 | I85: =H87 -> 0 | J85: =I87 -> 0 | K85: =J87 -> 0 | ... N85: =M87 -> 0
A86: 01120063000000 | B86: INGRESOS PERCIBIDOS DEL PERIODO (MES AL QUE CORRESPONDE EL PAGO)
A87: 01120064000000 | B87: TOTAL DE INGRESOS PERCIBIDOS | C87: =TRUNC(C85+C86,0) -> 0 | D87: =TRUNC(D85+D86,0) -> 0 | E87: =TRUNC(E85+E86,0) -> 0 | F87: =TRUNC(F85+F86,0) -> 0 | G87: =TRUNC(G85+G86,0) -> 0 | H87: =TRUNC(H85+H86,0) -> 0 | I87: =TRUNC(I85+I86,0) -> 0 | J87: =TRUNC(J85+J86,0) -> 0 | ... N87: =TRUNC(N85+N86,0) -> 0
A88: 01120064000010
A89: 01120064000011 | B89: MENOS.- INGRESOS POR LOS QUE NO SE PAGARA EL IMPUESTO (EXENTOS):
A90: 01120065000000 | B90: AGROPECUARIOS DE MESES ANTERIORES DEL EJERCICIO | D90: =C91 -> 0 | E90: =D90+D91 -> 0 | F90: =E90+E91 -> 0 | G90: =F90+F91 -> 0 | H90: =G90+G91 -> 0 | I90: =H90+H91 -> 0 | J90: =I90+I91 -> 0 | K90: =J90+J91 -> 0 | L90: =K90+K91 -> 0 | ... N90: =M90+M91 -> 0
A91: 01120066000000 | B91: AGROPECUARIOS DEL PERIODO (MES AL QUE CORRESPONDE EL PAGO)
A92: 01120067000000 | B92: INCISO a) FRACCION VI, ARTICULO 4 LIETU DE MESES ANTERIORES DEL EJERCICIO | D92: =C93 -> 0 | E92: =D92+D93 -> 0 | F92: =E92+E93 -> 0 | G92: =F92+F93 -> 0 | H92: =G92+G93 -> 0 | I92: =H92+H93 -> 0 | J92: =I92+I93 -> 0 | K92: =J92+J93 -> 0 | L92: =K92+K93 -> 0 | ... N92: =M92+M93 -> 0
A93: 01120068000000 | B93: INCISO a) FRACCION VI, ARTICULO 4 LIETU DEL PERIODO (MES AL QUE CORRESPONDE EL PAGO)
A94: 01120069000000 | B94: FONDOS DE PENSIONES Y JUBILACIONES DEL EXTRANJERO DE MESES ANTERIORES DEL EJERCICIO | D94: =C95 -> 0 | E94: =D94+D95 -> 0 | F94: =E94+E95 -> 0 | G94: =F94+F95 -> 0 | H94: =G94+G95 -> 0 | I94: =H94+H95 -> 0 | J94: =I94+I95 -> 0 | K94: =J94+J95 -> 0 | L94: =K94+K95 -> 0 | ... N94: =M94+M95 -> 0
A95: 01120070000000 | B95: FONDOS DE PENSIONES Y JUBILACIONES DEL EXTRANJERO DEL PERIODO (MES AL QUE CORRESPONDE EL PAGO)
A96: 01120071000000 | B96: CAJAS DE AHORRO DE MESES ANTERIORES DEL EJERCICIO | D96: =C97 -> 0 | E96: =D96+D97 -> 0 | F96: =E96+E97 -> 0 | G96: =F96+F97 -> 0 | H96: =G96+G97 -> 0 | I96: =H96+H97 -> 0 | J96: =I96+I97 -> 0 | K96: =J96+J97 -> 0 | L96: =K96+K97 -> 0 | ... N96: =M96+M97 -> 0
A97: 01120072000000 | B97: CAJAS DE AHORRO DEL PERIODO (MES AL QUE CORRESPONDE EL PAGO)
A98: 01120073000000 | B98: OTROS DE MESES ANTERIORES DEL EJERCICIO | D98: =C99 -> 0 | E98: =D98+D99 -> 0 | F98: =E98+E99 -> 0 | G98: =F98+F99 -> 0 | H98: =G98+G99 -> 0 | I98: =H98+H99 -> 0 | J98: =I98+I99 -> 0 | K98: =J98+J99 -> 0 | L98: =K98+K99 -> 0 | ... N98: =M98+M99 -> 0
A99: 01120074000000 | B99: OTROS DEL PERIODO (MES AL QUE CORRESPONDE EL PAGO)
A100: 01120075000000 | B100: TOTAL DE INGRESOS EXENTOS DE MESES ANTERIORES DEL EJERCICIO | D100: =TRUNC(D90+D92+D94+D96+D98,0) -> 0 | E100: =TRUNC(E90+E92+E94+E96+E98,0) -> 0 | F100: =TRUNC(F90+F92+F94+F96+F98,0) -> 0 | G100: =TRUNC(G90+G92+G94+G96+G98,0) -> 0 | H100: =TRUNC(H90+H92+H94+H96+H98,0) -> 0 | I100: =TRUNC(I90+I92+I94+I96+I98,0) -> 0 | J100: =TRUNC(J90+J92+J94+J96+J98,0) -> 0 | K100: =TRUNC(K90+K92+K94+K96+K98,0) -> 0 | ... N100: =TRUNC(N90+N92+N94+N96+N98,0) -> 0
...

Sheet ANEXO 14
B1: 14.- OPERACIONES CON RESIDENTES EN EL EXTRANJERO
A2: INDICE | B2: CONCEPTO | C2: NUMERO DE IDENTIFICACION FISCAL | D2: PAIS DE RESIDENCIA | E2: CONCEPTO DEL PAGO | F2: IMPORTE | G2: TASA | H2: I.S.R. POR RETENCION DETERMINADO POR AUDITORIA ANTES DE APLICACIONES | I2: CREDITO FISCAL_x000D_ A QUE SE REFIERE EL_x000D_ ARTICULO 1.6. DEL DECRETO PUBLICADO EN _x000D_ EL DIARIO OFICIAL DE LA FEDERACION EL_x000D_ 30 DE MARZO DE 2012 | J2: I.S.R. DETERMINADO POR AUDITORIA | K2: I.S.R. RETENIDO PAGADO | L2: DIFERENCIA | M2: APLICO LOS BENEFICIOS DE ALGUN TRATADO CELEBRADO POR MEXICO PARA EVITAR LA DOBLE TRIBUTACION (SI O NO)
A3: 01140000000010
A4: 01140000000011 | B4: (CIFRAS EN PESOS)
A5: 01140000000012
A6: 01140000000013 | B6: NOTA: SOLAMENTE SE CAPTURA LA INFORMACIÓN DE ESTE ANEXO CUANDO SE HAYA ANOTADO “SI” EN EL CONCEPTO “01D060000”, DEL ANEXO DE DATOS GENERALES
A7: 01140000000014
A8: 01140000000015 | B8: NOMBRE, DENOMINACION O RAZON SOCIAL DEL RESIDENTE EN EL EXTRANJERO
A9: 01140000000016
A10: 01140000000017 | B10: PARTES RELACIONADAS
A11: 01140000000018
A12: 01140000000000 | H12: =TRUNC(F12*G12 /100,0) -> 0 | J12: =TRUNC(H12-I12,0) -> 0 | L12: =TRUNC(J12-K12,0) -> 0
A13: 01140000000010
A14: 01140001000000 | B14: TOTAL DE PARTES RELACIONADAS | F14: =TRUNC(SUM(F12:F13),0) -> 0 | H14: =TRUNC(SUM(H12:H13),0) -> 0 | I14: =TRUNC(SUM(I12:I13),0) -> 0 | J14: =TRUNC(SUM(J12:J13),0) -> 0 | K14: =TRUNC(SUM(K12:K13),0) -> 0 | L14: =TRUNC(SUM(L12:L13),0) -> 0
A15: 01140001000010
A16: 01140001000011 | B16: PARTES NO RELACIONADAS
A17: 01140001000012
A18: 01140002000000 | H18: =TRUNC(F18*G18 /100,0) -> 0 | J18: =TRUNC(H18-I18,0) -> 0 | L18: =TRUNC(J18-K18,0) -> 0
A19: 01140002000010
A20: 01140003000000 | B20: TOTAL DE PARTES NO RELACIONADAS | F20: =TRUNC(SUM(F18:F19),0) -> 0 | H20: =TRUNC(SUM(H18:H19),0) -> 0 | I20: =TRUNC(SUM(I18:I19),0) -> 0 | J20: =TRUNC(SUM(J18:J19),0) -> 0 | K20: =TRUNC(SUM(K18:K19),0) -> 0 | L20: =TRUNC(SUM(L18:L19),0) -> 0
A21: 01140003000010
A22: 01140004000000 | B22: TOTAL DE OPERACIONES CON RESIDENTES EN EL EXTRANJERO | F22: =TRUNC(F14+F20,0) -> 0 | H22: =TRUNC(H14+H20,0) -> 0 | I22: =TRUNC(I14+I20,0) -> 0 | J22: =TRUNC(J14+J20,0) -> 0 | K22: =TRUNC(K14+K20,0) -> 0 | L22: =TRUNC(L14+L20,0) -> 0

Sheet ANEXO 15
B1: 15.- RESPONSABILIDAD SOLIDARIA POR OPERACIONES DE RESIDENTES EN EL EXTRANJERO (EXCLUSIVAMENTE ENAJENACION DE ACCIONES)
A2: INDICE | B2: CONCEPTO | C2: NUMERO DE IDENTIFICACION FISCAL | D2: PAIS DE RESIDENCIA DE LA ENTIDAD EXTRANJERA | E2: FECHA DE LA OPERACIÓN | F2: CONCEPTO ESPECIFICO DE LA OPERACION | G2: MONTO DE LA OPERACION EN MONEDA EXTRANJERA | H2: TIPO DE MONEDA | I2: MONTO DE LA OPERACION EN MONEDA NACIONAL SUJETA AL PAGO DEL I.S.R. | J2: EXISTE DICTAMEN DE ENAJENACION DE ACCIONES POR LA OPERACION REALIZADA (SI O NO)
A3: 01150000000010
A4: 01150000000011 | B4: (CIFRAS EN PESOS)
A5: 01150000000012
A6: 01150000000013 | B6: NOTA: SOLAMENTE SE CAPTURA LA INFORMACIÓN DE ESTE ANEXO CUANDO SE HAYA ANOTADO “SI” EN EL CONCEPTO “01D061000”, DEL ANEXO DE DATOS GENERALES
A7: 01150000000014 | B7: NOMBRE, DENOMINACION O RAZON SOCIAL DE LA ENTIDAD EXTRANJERA POR LA CUAL EL CONTRIBUYENTE ES RESPONSABLE SOLIDARIO
A8: 01150000000015
A9: 01150000000000
A10: 01150000000010
A11: 01150001000000 | B11: TOTAL | G11: =SUM(G9:G10) -> 0 | I11: =SUM(I9:I10) -> 0

Sheet ANEXO 16
B1: 16.- DETERMINACION MENSUAL DEL IMPUESTO A LOS DEPOSITOS EN EFECTIVO | L1: VS. ISR | M1: VS. RETENC | N1: COMP | O1: DEV | P1: ESTIMACION | Q1: EST PAG BANCO
A2: INDICE | B2: CONCEPTO | C2: TOTAL DE DEPOSITOS EN EFECTIVO (ART. 1 L.I.D.E.) | D2: DEPOSITOS POR LOS QUE NO SE ESTA OBLIGADO AL PAGO DEL IMPUESTO (ART. 2 L.I.D.E.) | E2: ADQUISICION EN EFECTIVO DE CHEQUES DE CAJA | F2: DEPOSITOS EN EFECTIVO GRAVADOS Y ADQUISICION EN EFECTIVO DE CHEQUES DE CAJA | G2: TASA DEL IMPUESTO | H2: IMPUESTO CORRESPONDIENTE | I2: TOTAL DEL IMPUESTO RECAUDADO POR LA INSTITUCION DEL SISTEMA FINANCIERO | J2: IMPUESTO PAGADO DIRECTAMENTE POR EL CONTRIBUYENTE | K2: DIFERENCIA A CARGO O A FAVOR | L2: OPCION ARTICULO 8 DE LA L.I.D.E. (IMPUESTO A LOS DEPOSITOS EN EFECTIVO EFECTIVAMENTE PAGADO) ACREDITADO CONTRA PAGO PROVISIONAL DEL I.S.R. | M2: OPCION ARTICULO 8 DE LA L.I.D.E. (IMPUESTO A LOS DEPOSITOS EN EFECTIVO EFECTIVAMENTE PAGADO) ACREDITADO CONTRA I.S.R. RETENIDO A TERCEROS | N2: OPCION ARTICULO 8 DE LA L.I.D.E. (IMPUESTO A LOS DEPOSITOS EN EFECTIVO EFECTIVAMENTE PAGADO) COMPENSADO CONTRA CONTRIBUCIONES FEDERALES | O2: OPCION ARTICULO 8 DE LA L.I.D.E. (IMPUESTO A LOS DEPOSITOS EN EFECTIVO EFECTIVAMENTE PAGADO) POR EL QUE SE SOLICITO DEVOLUCION | P2: OPCION ARTICULO 9 DE LA L.I.D.E. (ACREDITAMIENTO POR ESTIMACION DEL I.D.E.) IMPUESTO A LOS DEPOSITOS EN EFECTIVO ESTIMADO APLICADO CONTRA PAGO PROVISIONAL DEL I.S.R. | Q2: OPCION ARTICULO 9 DE LA L.I.D.E. (ACREDITAMIENTO POR ESTIMACION DEL I.D.E.) IMPUESTO A LOS DEPOSITOS EN EFECTIVO EFECTIVAMENTE PAGADO (RECAUDADO POR LA INSTITUCION DEL SISTEMA FINANCIERO) | R2: DIFERENCIA A CARGO | S2: DIFERENCIA A FAVOR
A3: 01160000000010
A4: 01160000000011 | B4: (CIFRAS EN PESOS)
A5: 01160000000012 | B5: ENERO
A6: 01160000000013
A7: 01160000000000 | B7: NOMBRE DE LA INSTITUCION RECAUDADORA EN LOS TERMINOS DE LA LEY DEL I.D.E. [ESPECIFIQUE] | D7: =IF(C7>15000,15000,C7) -> 0 | F7: =TRUNC(C7-D7+E7,0) -> 0 | G7: 3.00 | H7: =ROUND(F7*G7/100,0) -> 0 | K7: =TRUNC(H7-I7-J7,0) -> 0 | R7: =IF(P7>Q7,P7-Q7,0) -> 0 | S7: =IF(P7<Q7,Q7-P7,0) -> 0
A8: 01160000000010
A9: 01160001000000 | B9: TOTAL | C9: =SUM(C7:C8) -> 0 | D9: =SUM(D7:D8) -> 0 | E9: =SUM(E7:E8) -> 0 | F9: =SUM(F7:F8) -> 0 | H9: =SUM(H7:H8) -> 0 | I9: =SUM(I7:I8) -> 0 | J9: =SUM(J7:J8) -> 0 | K9: =SUM(K7:K8) -> 0 | L9: =SUM(L7:L8) -> 0 | M9: =SUM(M7:M8) -> 0 | N9: =SUM(N7:N8) -> 0 | O9: =SUM(O7:O8) -> 0 | ... S9: =SUM(S7:S8) -> 0
A10: 01160001000010
A11: 01160001000011 | B11: FEBRERO
A12: 01160001000012
A13: 01160002000000 | B13: NOMBRE DE LA INSTITUCION RECAUDADORA EN LOS TERMINOS DE LA LEY DEL I.D.E. [ESPECIFIQUE] | D13: =IF(C13>15000,15000,C13) -> 0 | F13: =TRUNC(C13-D13+E13,0) -> 0 | G13: 3.00 | H13: =ROUND(F13*G13/100,0) -> 0 | K13: =TRUNC(H13-I13-J13,0) -> 0 | R13: =IF(P13>Q13,P13-Q13,0) -> 0 | S13: =IF(P13<Q13,Q13-P13,0) -> 0
A14: 01160002000010
A15: 01160003000000 | B15: TOTAL | C15: =SUM(C13:C14) -> 0 | D15: =SUM(D13:D14) -> 0 | E15: =SUM(E13:E14) -> 0 | F15: =SUM(F13:F14) -> 0 | H15: =SUM(H13:H14) -> 0 | I15: =SUM(I13:I14) -> 0 | J15: =SUM(J13:J14) -> 0 | K15: =SUM(K13:K14) -> 0 | L15: =SUM(L13:L14) -> 0 | M15: =SUM(M13:M14) -> 0 | N15: =SUM(N13:N14) -> 0 | O15: =SUM(O13:O14) -> 0 | ... S15: =SUM(S13:S14) -> 0
A16: 01160003000010
A17: 01160003000011 | B17: MARZO
A18: 01160003000012
A19: 01160004000000 | B19: NOMBRE DE LA INSTITUCION RECAUDADORA EN LOS TERMINOS DE LA LEY DEL I.D.E. [ESPECIFIQUE] | D19: =IF(C19>15000,15000,C19) -> 0 | F19: =TRUNC(C19-D19+E19,0) -> 0 | G19: 3.00 | H19: =ROUND(F19*G19/100,0) -> 0 | K19: =TRUNC(H19-I19-J19,0) -> 0 | R19: =IF(P19>Q19,P19-Q19,0) -> 0 | S19: =IF(P19<Q19,Q19-P19,0) -> 0
A20: 01160004000010
A21: 01160005000000 | B21: TOTAL | C21: =SUM(C19:C20) -> 0 | D21: =SUM(D19:D20) -> 0 | E21: =SUM(E19:E20) -> 0 | F21: =SUM(F19:F20) -> 0 | H21: =SUM(H19:H20) -> 0 | I21: =SUM(I19:I20) -> 0 | J21: =SUM(J19:J20) -> 0 | K21: =SUM(K19:K20) -> 0 | L21: =SUM(L19:L20) -> 0 | M21: =SUM(M19:M20) -> 0 | N21: =SUM(N19:N20) -> 0 | O21: =SUM(O19:O20) -> 0 | ... S21: =SUM(S19:S20) -> 0
A22: 01160005000010
A23: 01160005000011 | B23: ABRIL
A24: 01160005000012
A25: 01160006000000 | B25: NOMBRE DE LA INSTITUCION RECAUDADORA EN LOS TERMINOS DE LA LEY DEL I.D.E. [ESPECIFIQUE] | D25: =IF(C25>15000,15000,C25) -> 0 | F25: =TRUNC(C25-D25+E25,0) -> 0 | G25: 3.00 | H25: =ROUND(F25*G25/100,0) -> 0 | K25: =TRUNC(H25-I25-J25,0) -> 0 | R25: =IF(P25>Q25,P25-Q25,0) -> 0 | S25: =IF(P25<Q25,Q25-P25,0) -> 0
A26: 01160006000010
A27: 01160007000000 | B27: TOTAL | C27: =SUM(C25:C26) -> 0 | D27: =SUM(D25:D26) -> 0 | E27: =SUM(E25:E26) -> 0 | F27: =SUM(F25:F26) -> 0 | H27: =SUM(H25:H26) -> 0 | I27: =SUM(I25:I26) -> 0 | J27: =SUM(J25:J26) -> 0 | K27: =SUM(K25:K26) -> 0 | L27: =SUM(L25:L26) -> 0 | M27: =SUM(M25:M26) -> 0 | N27: =SUM(N25:N26) -> 0 | O27: =SUM(O25:O26) -> 0 | ... S27: =SUM(S25:S26) -> 0
A28: 01160007000010
A29: 01160007000011 | B29: MAYO
A30: 01160007000012
A31: 01160008000000 | B31: NOMBRE DE LA INSTITUCION RECAUDADORA EN LOS TERMINOS DE LA LEY DEL I.D.E. [ESPECIFIQUE] | D31: =IF(C31>15000,15000,C31) -> 0 | F31: =TRUNC(C31-D31+E31,0) -> 0 | G31: 3.00 | H31: =ROUND(F31*G31/100,0) -> 0 | K31: =TRUNC(H31-I31-J31,0) -> 0 | R31: =IF(P31>Q31,P31-Q31,0) -> 0 | S31: =IF(P31<Q31,Q31-P31,0) -> 0
A32: 01160008000010
A33: 01160009000000 | B33: TOTAL | C33: =SUM(C31:C32) -> 0 | D33: =SUM(D31:D32) -> 0 | E33: =SUM(E31:E32) -> 0 | F33: =SUM(F31:F32) -> 0 | H33: =SUM(H31:H32) -> 0 | I33: =SUM(I31:I32) -> 0 | J33: =SUM(J31:J32) -> 0 | K33: =SUM(K31:K32) -> 0 | L33: =SUM(L31:L32) -> 0 | M33: =SUM(M31:M32) -> 0 | N33: =SUM(N31:N32) -> 0 | O33: =SUM(O31:O32) -> 0 | ... S33: =SUM(S31:S32) -> 0
A34: 01160009000010
A35: 01160009000011 | B35: JUNIO
A36: 01160009000012
A37: 01160010000000 | B37: NOMBRE DE LA INSTITUCION RECAUDADORA EN LOS TERMINOS DE LA LEY DEL I.D.E. [ESPECIFIQUE] | D37: =IF(C37>15000,15000,C37) -> 0 | F37: =TRUNC(C37-D37+E37,0) -> 0 | G37: 3.00 | H37: =ROUND(F37*G37/100,0) -> 0 | K37: =TRUNC(H37-I37-J37,0) -> 0 | R37: =IF(P37>Q37,P37-Q37,0) -> 0 | S37: =IF(P37<Q37,Q37-P37,0) -> 0
A38: 01160010000010
A39: 01160011000000 | B39: TOTAL | C39: =SUM(C37:C38) -> 0 | D39: =SUM(D37:D38) -> 0 | E39: =SUM(E37:E38) -> 0 | F39: =SUM(F37:F38) -> 0 | H39: =SUM(H37:H38) -> 0 | I39: =SUM(I37:I38) -> 0 | J39: =SUM(J37:J38) -> 0 | K39: =SUM(K37:K38) -> 0 | L39: =SUM(L37:L38) -> 0 | M39: =SUM(M37:M38) -> 0 | N39: =SUM(N37:N38) -> 0 | O39: =SUM(O37:O38) -> 0 | ... S39: =SUM(S37:S38) -> 0
A40: 01160011000010
A41: 01160011000011 | B41: JULIO
A42: 01160011000012
A43: 01160012000000 | B43: NOMBRE DE LA INSTITUCION RECAUDADORA EN LOS TERMINOS DE LA LEY DEL I.D.E. [ESPECIFIQUE] | D43: =IF(C43>15000,15000,C43) -> 0 | F43: =TRUNC(C43-D43+E43,0) -> 0 | G43: 3.00 | H43: =ROUND(F43*G43/100,0) -> 0 | K43: =TRUNC(H43-I43-J43,0) -> 0 | R43: =IF(P43>Q43,P43-Q43,0) -> 0 | S43: =IF(P43<Q43,Q43-P43,0) -> 0
A44: 01160012000010
A45: 01160013000000 | B45: TOTAL | C45: =SUM(C43:C44) -> 0 | D45: =SUM(D43:D44) -> 0 | E45: =SUM(E43:E44) -> 0 | F45: =SUM(F43:F44) -> 0 | H45: =SUM(H43:H44) -> 0 | I45: =SUM(I43:I44) -> 0 | J45: =SUM(J43:J44) -> 0 | K45: =SUM(K43:K44) -> 0 | L45: =SUM(L43:L44) -> 0 | M45: =SUM(M43:M44) -> 0 | N45: =SUM(N43:N44) -> 0 | O45: =SUM(O43:O44) -> 0 | ... S45: =SUM(S43:S44) -> 0
A46: 01160013000010
A47: 01160013000011 | B47: AGOSTO
A48: 01160013000012
A49: 01160014000000 | B49: NOMBRE DE LA INSTITUCION RECAUDADORA EN LOS TERMINOS DE LA LEY DEL I.D.E. [ESPECIFIQUE] | D49: =IF(C49>15000,15000,C49) -> 0 | F49: =TRUNC(C49-D49+E49,0) -> 0 | G49: 3.00 | H49: =ROUND(F49*G49/100,0) -> 0 | K49: =TRUNC(H49-I49-J49,0) -> 0 | R49: =IF(P49>Q49,P49-Q49,0) -> 0 | S49: =IF(P49<Q49,Q49-P49,0) -> 0
A50: 01160014000010
A51: 01160015000000 | B51: TOTAL | C51: =SUM(C49:C50) -> 0 | D51: =SUM(D49:D50) -> 0 | E51: =SUM(E49:E50) -> 0 | F51: =SUM(F49:F50) -> 0 | H51: =SUM(H49:H50) -> 0 | I51: =SUM(I49:I50) -> 0 | J51: =SUM(J49:J50) -> 0 | K51: =SUM(K49:K50) -> 0 | L51: =SUM(L49:L50) -> 0 | M51: =SUM(M49:M50) -> 0 | N51: =SUM(N49:N50) -> 0 | O51: =SUM(O49:O50) -> 0 | ... S51: =SUM(S49:S50) -> 0
A52: 01160015000010
A53: 01160015000011 | B53: SEPTIEMBRE
A54: 01160015000012
A55: 01160016000000 | B55: NOMBRE DE LA INSTITUCION RECAUDADORA EN LOS TERMINOS DE LA LEY DEL I.D.E. [ESPECIFIQUE] | D55: =IF(C55>15000,15000,C55) -> 0 | F55: =TRUNC(C55-D55+E55,0) -> 0 | G55: 3.00 | H55: =ROUND(F55*G55/100,0) -> 0 | K55: =TRUNC(H55-I55-J55,0) -> 0 | R55: =IF(P55>Q55,P55-Q55,0) -> 0 | S55: =IF(P55<Q55,Q55-P55,0) -> 0
A56: 01160016000010
A57: 01160017000000 | B57: TOTAL | C57: =SUM(C55:C56) -> 0 | D57: =SUM(D55:D56) -> 0 | E57: =SUM(E55:E56) -> 0 | F57: =SUM(F55:F56) -> 0 | H57: =SUM(H55:H56) -> 0 | I57: =SUM(I55:I56) -> 0 | J57: =SUM(J55:J56) -> 0 | K57: =SUM(K55:K56) -> 0 | L57: =SUM(L55:L56) -> 0 | M57: =SUM(M55:M56) -> 0 | N57: =SUM(N55:N56) -> 0 | O57: =SUM(O55:O56) -> 0 | ... S57: =SUM(S55:S56) -> 0
A58: 01160017000010
A59: 01160017000011 | B59: OCTUBRE
A60: 01160017000012
A61: 01160018000000 | B61: NOMBRE DE LA INSTITUCION RECAUDADORA EN LOS TERMINOS DE LA LEY DEL I.D.E. [ESPECIFIQUE] | D61: =IF(C61>15000,15000,C61) -> 0 | F61: =TRUNC(C61-D61+E61,0) -> 0 | G61: 3.00 | H61: =ROUND(F61*G61/100,0) -> 0 | K61: =TRUNC(H61-I61-J61,0) -> 0 | R61: =IF(P61>Q61,P61-Q61,0) -> 0 | S61: =IF(P61<Q61,Q61-P61,0) -> 0
A62: 01160018000010
A63: 01160019000000 | B63: TOTAL | C63: =SUM(C61:C62) -> 0 | D63: =SUM(D61:D62) -> 0 | E63: =SUM(E61:E62) -> 0 | F63: =SUM(F61:F62) -> 0 | H63: =SUM(H61:H62) -> 0 | I63: =SUM(I61:I62) -> 0 | J63: =SUM(J61:J62) -> 0 | K63: =SUM(K61:K62) -> 0 | L63: =SUM(L61:L62) -> 0 | M63: =SUM(M61:M62) -> 0 | N63: =SUM(N61:N62) -> 0 | O63: =SUM(O61:O62) -> 0 | ... S63: =SUM(S61:S62) -> 0
A64: 01160019000010
A65: 01160019000011 | B65: NOVIEMBRE
A66: 01160019000012
A67: 01160020000000 | B67: NOMBRE DE LA INSTITUCION RECAUDADORA EN LOS TERMINOS DE LA LEY DEL I.D.E. [ESPECIFIQUE] | D67: =IF(C67>15000,15000,C67) -> 0 | F67: =TRUNC(C67-D67+E67,0) -> 0 | G67: 3.00 | H67: =ROUND(F67*G67/100,0) -> 0 | K67: =TRUNC(H67-I67-J67,0) -> 0 | R67: =IF(P67>Q67,P67-Q67,0) -> 0 | S67: =IF(P67<Q67,Q67-P67,0) -> 0
A68: 01160020000010
A69: 01160021000000 | B69: TOTAL | C69: =SUM(C67:C68) -> 0 | D69: =SUM(D67:D68) -> 0 | E69: =SUM(E67:E68) -> 0 | F69: =SUM(F67:F68) -> 0 | H69: =SUM(H67:H68) -> 0 | I69: =SUM(I67:I68) -> 0 | J69: =SUM(J67:J68) -> 0 | K69: =SUM(K67:K68) -> 0 | L69: =SUM(L67:L68) -> 0 | M69: =SUM(M67:M68) -> 0 | N69: =SUM(N67:N68) -> 0 | O69: =SUM(O67:O68) -> 0 | ... S69: =SUM(S67:S68) -> 0
A70: 01160021000010
A71: 01160021000011 | B71: DICIEMBRE
A72: 01160021000012
A73: 01160022000000 | B73: NOMBRE DE LA INSTITUCION RECAUDADORA EN LOS TERMINOS DE LA LEY DEL I.D.E. [ESPECIFIQUE] | D73: =IF(C73>15000,15000,C73) -> 0 | F73: =TRUNC(C73-D73+E73,0) -> 0 | G73: 3.00 | H73: =ROUND(F73*G73/100,0) -> 0 | K73: =TRUNC(H73-I73-J73,0) -> 0 | R73: =IF(P73>Q73,P73-Q73,0) -> 0 | S73: =IF(P73<Q73,Q73-P73,0) -> 0
A74: 01160022000010
A75: 01160023000000 | B75: TOTAL | C75: =SUM(C73:C74) -> 0 | D75: =SUM(D73:D74) -> 0 | E75: =SUM(E73:E74) -> 0 | F75: =SUM(F73:F74) -> 0 | H75: =SUM(H73:H74) -> 0 | I75: =SUM(I73:I74) -> 0 | J75: =SUM(J73:J74) -> 0 | K75: =SUM(K73:K74) -> 0 | L75: =SUM(L73:L74) -> 0 | M75: =SUM(M73:M74) -> 0 | N75: =SUM(N73:N74) -> 0 | O75: =SUM(O73:O74) -> 0 | ... S75: =SUM(S73:S74) -> 0
A76: 01160023000010
A77: 01160024000000 | B77: SUMA DE TOTALES MENSUALES | C77: =TRUNC(C9+C15+C21+C27+C33+C39+C45+C51+C57+C63+C69+C75,0) -> 0 | D77: =TRUNC(D9+D15+D21+D27+D33+D39+D45+D51+D57+D63+D69+D75,0) -> 0 | E77: =TRUNC(E9+E15+E21+E27+E33+E39+E45+E51+E57+E63+E69+E75,0) -> 0 | F77: =TRUNC(F9+F15+F21+F27+F33+F39+F45+F51+F57+F63+F69+F75,0) -> 0 | H77: =ROUND(H9+H15+H21+H27+H33+H39+H45+H51+H57+H63+H69+H75,0) -> 0 | I77: =TRUNC(I9+I15+I21+I27+I33+I39+I45+I51+I57+I63+I69+I75,0) -> 0 | J77: =TRUNC(J9+J15+J21+J27+J33+J39+J45+J51+J57+J63+J69+J75,0) -> 0 | K77: =TRUNC(K9+K15+K21+K27+K33+K39+K45+K51+K57+K63+K69+K75,0) -> 0 | L77: =TRUNC(L9+L15+L21+L27+L33+L39+L45+L51+L57+L63+L69+L75,0) -> 0 | M77: =TRUNC(M9+M15+M21+M27+M33+M39+M45+M51+M57+M63+M69+M75,0) -> 0 | N77: =TRUNC(N9+N15+N21+N27+N33+N39+N45+N51+N57+N63+N69+N75,0) -> 0 | O77: =TRUNC(O9+O15+O21+O27+O33+O39+O45+O51+O57+O63+O69+O75,0) -> 0 | P77: =TRUNC(P9+P15+P21+P27+P33+P39+P45+P51+P57+P63+P69+P75,0) -> 0 | ... S77: =TRUNC(S9+S15+S21+S27+S33+S39+S45+S51+S57+S63+S69+S75,0) -> 0

Sheet ANEXO 17
B1: 17.- RELACION DEL IMPUESTO A LOS DEPOSITOS EN EFECTIVO RECAUDADO Y PENDIENTE DE RECAUDAR (APLICABLE A LAS INSTITUCIONES DEL SISTEMA FINANCIERO A QUE SE REFIERE LA L.I.D.E.)
A2: INDICE | B2: CONCEPTO | C2: I.D.E. RECAUDADO EN EL EJERCICIO | D2: I.D.E. PENDIENTE DE RECAUDAR EN EL EJERCICIO
A3: 01170000000010
A4: 01170000000011 | B4: (CIFRAS EN PESOS)
A5: 01170000000012 | B5: NOTA: SOLAMENTE SE CAPTURA LA INFORMACIÓN DE ESTE ANEXO CUANDO SE HAYA ANOTADO “SI” EN EL CONCEPTO “01D026000”, DEL ANEXO DE DATOS GENERALES
A6: 01170000000013
A7: 01170000000000 | B7: ENERO
A8: 01170001000000 | B8: FEBRERO
A9: 01170002000000 | B9: MARZO
A10: 01170003000000 | B10: ABRIL
A11: 01170004000000 | B11: MAYO
A12: 01170005000000 | B12: JUNIO
A13: 01170006000000 | B13: JULIO
A14: 01170007000000 | B14: AGOSTO
A15: 01170008000000 | B15: SEPTIEMBRE
A16: 01170009000000 | B16: OCTUBRE
A17: 01170010000000 | B17: NOVIEMBRE
A18: 01170011000000 | B18: DICIEMBRE
A19: 01170011000010
A20: 01170012000000 | B20: TOTAL | C20: =TRUNC(SUM(C7:C18),0) -> 0 | D20: =TRUNC(SUM(D7:D18),0) -> 0

Sheet ANEXO - 10
B1: 10.- RELACION DE CONTRIBUCIONES POR PAGAR
A2: INDICE | B2: CONCEPTO | C2: IMPORTE CORRESPONDIENTE AL EJERCICIO FISCAL DICTAMINADO | D2: IMPORTE PROVENIENTE DE EJERCICIOS ANTERIORES | E2: TOTAL DE CONTRIBUCIONES POR PAGAR | F2: IMPORTE DE LA CONTRIBUCION EN LITIGIO | G2: FECHA DE PAGO | H2: INSTITUCION DE CREDITO O SAT | I2: NUMERO DE LA OPERACIÓN | J2: PAGO EN PARCIALIDADES (DATOS DEL ESCRITO LIBRE) NUMERO DE FOLIO | K2: PAGO EN PARCIALIDADES (DATOS DEL ESCRITO LIBRE) FECHA DE PRESENTACION | L2: PAGO EN PARCIALIDADES (DATOS DEL ESCRITO LIBRE) ADMINISTRACION RECEPTORA | M2: OFICIO DE AUTORIZACION DE PAGO EN PARCIALIDADES NUMERO | N2: OFICIO DE AUTORIZACION DE PAGO EN PARCIALIDADES FECHA
A3: 01180000000010
A4: 01180000000011 | B4: (CIFRAS EN PESOS)
A5: 01180000000012
A6: 01180000000013 | B6: IMPUESTO SOBRE LA RENTA CAUSADO COMO SUJETO DIRECTO
A7: 01180000000014
A8: 01180000000015
A9: 01180000000000 | B9: DETERMINADO POR EL CONTRIBUYENTE (DEL EJERCICIO) | C9: 0 | E9: =D9+C9 -> 0
A10: 01180001000000 | B10: DIFERENCIA DETERMINADA POR DICTAMEN NO CONSIDERADA POR EL CONTRIBUYENTE (DEL EJERCICIO DICTAMINADO)
A11: 01180001000010 | B11: PAGOS PROVISIONALES Y/O DEFINITIVOS DETERMINADOS POR EL CONTRIBUYENTE POR CONCEPTO DE:
A12: 01180001000011
A13: 01180001000012 | B13: IMPUESTO SOBRE LA RENTA PAGOS PROVISIONALES PROPIOS
A14: 01180001000013
A15: 01180002000000 | B15: CORRESPONDIENTE AL MES O PERIODO DE: | C15: 0 | D15: 0 | F15: 0 | G15: 19-01-2021 | H15: SAT | I15: 7883004451
A16: 01180002000010
A17: 01180002000011 | B17: IMPUESTO SOBRE LA RENTA POR SALARIOS Y EN GENERAL POR LA PRESTACION DE UN SERVICIO PERSONAL SUBORDINADO EN SU CARACTER DE RETENEDOR
A18: 01180002000012
A19: 01180003000000 | B19: CORRESPONDIENTE AL MES DE: DICIEMBRE | G19: 19-01-2021 | H19: SAT | I19: 7883004451
B20: COMPLEMENTARIA: ENERO 2019
B21: COMPLEMENTARIA: MARZO 2019
B22: COMPLEMENTARIA: MAYO 2019
B23: COMPLEMENTARIA: AGOSTO 2019
B24: COMPLEMENTARIA: SEP 2019
B25: COMPLEMENTARIA: OCT 2019
B26: COMPLEMENTARIA: NOV 2019
A27: 01180003000010
A28: 01180003000011 | B28: IMPUESTO SOBRE LA RENTA POR PAGO DE HONORARIOS EN SU CARÁCTER DE RETENEDOR
A29: 01180003000012
A30: 01180004000000 | B30: CORRESPONDIENTE AL MES DE: DICIEMBRE | G30: 19-01-2021 | H30: SAT | I30: 7883004451
A31: 01180004000010
A32: 01180004000011 | B32: IMPUESTO SOBRE LA RENTA POR PAGO DE ARRENDAMIENTOS EN SU CARACTER DE RETENEDOR
A33: 01180004000012
A34: 01180005000000 | B34: CORRESPONDIENTE AL MES DE: DICIEMBRE
A35: 01180005000010
A36: 01180005000011 | B36: IMPUESTO SOBRE LA RENTA POR ASIMILADOS A SALARIOS
A37: 01180005000012
A38: 01180006000000 | B38: CORRESPONDIENTE AL MES DE: DICIEMBRE | G38: 19-01-2021 | H38: SAT | I38: 7883004451
A39: 01180006000010
A40: 01180006000011 | B40: IMPUESTO SOBRE LA RENTA (OTRAS RETENCIONES A RESIDENTES EN MEXICO) EN SU CARACTER DE RETENEDOR
A41: 01180006000012
A42: 01180007000000 | B42: CORRESPONDIENTE AL MES DE:
A43: 01180007000010
A44: 01180007000011 | B44: IMPUESTO SOBRE LA RENTA SOBRE DIVIDENDOS COMO SUJETO DIRECTO
A45: 01180007000012
A46: 01180008000000 | B46: CORRESPONDIENTE AL MES DE:
A47: 01180008000010
A48: 01180008000011 | B48: IMPUESTO SOBRE LA RENTA REGIMENES FISCALES PREFERENTES COMO SUJETO DIRECTO
A49: 01180008000012
A50: 01180009000000 | B50: CORRESPONDIENTE AL EJERCICIO DE:
A51: 01180009000010
A52: 01180009000011 | B52: IMPUESTO SOBRE LA RENTA POR PAGOS AL EXTRANJERO EN SU CARACTER DE RETENEDOR
A53: 01180009000012
A54: 01180010000000 | B54: CORRESPONDIENTE AL MES DE: | G54: 19-01-2021 | H54: SAT | I54: 7883004451
A55: 01180010000010
A56: 01180010000011 | B56: IMPUESTO EMPRESARIAL A TASA ÚNICA CAUSADO COMO SUJETO DIRECTO
A57: 01180010000012
A58: 01180011000000 | B58: DETERMINADO POR EL CONTRIBUYENTE (DEL EJERCICIO) | E58: =C58+D58 -> 0
A59: 01180012000000 | B59: DIFERENCIA DETERMINADA POR DICTAMEN NO CONSIDERADA POR EL CONTRIBUYENTE (DEL EJERCICIO DICTAMINADO) | E59: =C59+D59 -> 0
A60: 01180012000010
A61: 01180012000011 | B61: PAGOS PROVISIONALES DETERMINADOS POR EL CONTRIBUYENTE:
A62: 01180012000012
A63: 01180013000000 | B63: CORRESPONDIENTE AL MES DE: DICIEMBRE
A64: 01180013000010
A65: 01180013000011 | B65: IMPUESTO A LOS DEPOSITOS EN EFECTIVO COMO SUJETO DIRECTO
A66: 01180013000012
A67: 01180014000000 | B67: DETERMINADO POR EL CONTRIBUYENTE (DEL EJERCICIO) | E67: =C67+D67 -> 0
A68: 01180015000000 | B68: DIFERENCIA DETERMINADA POR DICTAMEN NO CONSIDERADA POR EL CONTRIBUYENTE (DEL EJERCICIO DICTAMINADO) | E68: =C68+D68 -> 0
A69: 01180015000010
A70: 01180015000011 | B70: COMO RECAUDADOR
A71: 01180015000012
A72: 01180016000000 | B72: CORRESPONDIENTE AL MES DE:
A73: 01180016000010
A74: 01180016000011 | B74: INFORMACION DETERMINADA POR EL CONTRIBUYENTE:
A75: 01180016000012
A76: 01180016000013 | B76: IMPUESTO AL ACTIVO COMO SUJETO DIRECTO
A77: 01180016000014
A78: 01180017000000 | B78: CORRESPONDIENTE AL EJERCICIO DE: (ESPECIFIQUE EL EJERCICIO)
A79: 01180017000010
A80: 01180017000011 | B80: IMPUESTO AL VALOR AGREGADO CAUSADO COMO SUJETO DIRECTO
A81: 01180017000012
A82: 01180018000000 | B82: CORRESPONDIENTE AL MES DE: DICIEMBRE | G82: 19-01-2021 | H82: SAT | I82: 7883004451
A83: 01180018000010
A84: 01180018000011 | B84: IMPUESTO AL VALOR AGREGADO EN SU CARACTER DE RETENEDOR
A85: 01180018000012
A86: 01180019000000 | B86: CORRESPONDIENTE AL MES DE: DICIEMBRE | G86: 19-01-2021 | H86: SAT | I86: 7883004451
A87: 01180019000010
A88: 01180019000011 | B88: IMPUESTO ESPECIAL SOBRE PRODUCCION Y SERVICIOS CAUSADO COMO SUJETO DIRECTO
A89: 01180019000012
A90: 01180020000000 | B90: CORRESPONDIENTE AL MES DE:
A91: 01180020000010
A92: 01180020000011 | B92: IMPUESTO ESPECIAL SOBRE PRODUCCION Y SERVICIOS EN SU CARACTER DE RETENEDOR
A93: 01180020000012
A94: 01180021000000 | B94: CORRESPONDIENTE AL MES DE:
A95: 01180021000010
A96: 01180021000011 | B96: IMPUESTO SOBRE AUTOMOVILES NUEVOS
A97: 01180021000012
A98: 01180022000000 | B98: CORRESPONDIENTE AL MES DE:
A99: 01180022000010
A100: 01180022000011 | B100: APORTACIONES AL INSTITUTO MEXICANO DEL SEGURO SOCIAL
...

Sheet ANEXO 20
B1: 20.- INTEGRACION DEL INVENTARIO ACUMULABLE
A2: INDICE | B2: CONCEPTO | C2: VALOR DEL INVENTARIO ACUMULABLE AL 31 DE DICIEMBRE DE 2004 | D2: PORCENTAJE DE ACUMULACION | E2: INVENTARIO ACUMULABLE
A3: 01200000000010
A4: 01200000000011 | B4: (CIFRAS EN PESOS)
A5: 01200000000012 | B5: NOTA: SOLAMENTE SE CAPTURA LA INFORMACIÓN DE ESTE ANEXO CUANDO SE HAYA ANOTADO “SI” EN EL CONCEPTO “01D032000”, DEL ANEXO DE DATOS GENERALES
A6: 01200000000013
A7: 01200000000000 | B7: 2005 | E7: =ROUND(C7*D7/100,0) -> 0
A8: 01200000000010
A9: 01200001000000 | B9: 2006 | E9: =ROUND(C9*D9/100,0) -> 0
A10: 01200001000010
A11: 01200002000000 | B11: 2007 | E11: =ROUND(C11*D11/100,0) -> 0
A12: 01200002000010
A13: 01200003000000 | B13: 2008 | E13: =ROUND(C13*D13/100,0) -> 0
A14: 01200003000010
A15: 01200004000000 | B15: 2009 | E15: =ROUND(C15*D15/100,0) -> 0
A16: 01200004000010
A17: 01200005000000 | B17: 2010 | E17: =ROUND(C17*D17/100,0) -> 0
A18: 01200005000010
A19: 01200006000000 | B19: 2011 | E19: =ROUND(C19*D19/100,0) -> 0
A20: 01200006000010
A21: 01200007000000 | B21: 2012 | E21: =ROUND(C21*D21/100,0) -> 0
A22: 01200007000010
A23: 01200008000000 | B23: TOTAL | E23: =TRUNC(SUM(E7:E22),0) -> 0

Sheet ANEXO 22
B1: 22.- CUENTA DE UTILIDAD FISCAL NETA. CUFIN
A2: INDICE | B2: CONCEPTO | C2: 2012 | D2: 2011 | E2: 2010 | F2: 2009 | G2: 2008 | H2: 2007 | I2: 2006 | J2: 2005 | K2: 2004 | L2: 2003 | M2: 2002 | N2: 2001 | O2: 2000 | P2: 1999 | Q2: 1998 | R2: 1997 | S2: 1996 | T2: 1995 | U2: 1994 | V2: 1993 | W2: 1992 | X2: 1991 | Y2: 1990 | Z2: 1989 | AA2: 1988 | AB2: 1987 | AC2: 1986 | AD2: 1985 | AE2: 1984 | AF2: 1983 | AG2: 1982 | AH2: 1981 | AI2: 1980 | AJ2: 1979 | AK2: 1978 | AL2: 1977 | AM2: 1976 | AN2: 1975
A3: 01220000000010
A4: 01220000000011 | B4: (CIFRAS EN PESOS)
A5: 01220000000012
A6: 01220000000000 | B6: SALDO INICIAL CUFIN | C6: =TRUNC(D50,0) -> 0 | D6: =TRUNC(E50,0) -> 0 | E6: =TRUNC(F50,0) -> 0 | F6: =TRUNC(G50,0) -> 0 | G6: =TRUNC(H50,0) -> 0 | H6: =TRUNC(I50,0) -> 0 | I6: =TRUNC(J50,0) -> 0 | J6: =TRUNC(K50,0) -> 0 | ... AM6: =TRUNC(AN50,0) -> 0
A7: 01220000000010
A8: 01220000000011 | B8: POR:
A9: 01220001000000 | B9: FACTOR DE ACTUALIZACION AL MES EN QUE SE PERCIBAN DIVIDENDOS
A10: 01220001000010 | B10: IGUAL:
A11: 01220002000000 | B11: SALDO CUFIN ACTUALIZADO ANTES DE QUE SE PERCIBAN DIVIDENDOS | C11: =TRUNC((C6*C9),0) -> 0 | D11: =TRUNC((D6*D9),0) -> 0 | E11: =TRUNC((E6*E9),0) -> 0 | F11: =TRUNC((F6*F9),0) -> 0 | G11: =TRUNC((G6*G9),0) -> 0 | H11: =TRUNC((H6*H9),0) -> 0 | I11: =TRUNC((I6*I9),0) -> 0 | J11: =TRUNC((J6*J9),0) -> 0 | ... AM11: =TRUNC((AM6*AM9),0) -> 0
A12: 01220002000010 | B12: MAS:
A13: 01220003000000 | B13: DIVIDENDOS COBRADOS
A14: 01220003000010 | B14: IGUAL:
A15: 01220004000000 | B15: SALDO CUFIN ACTUALIZADO DESPUES DEL COBRO DE DIVIDENDOS | C15: =TRUNC((C11+C13),0) -> 0 | D15: =TRUNC((D11+D13),0) -> 0 | E15: =TRUNC((E11+E13),0) -> 0 | F15: =TRUNC((F11+F13),0) -> 0 | G15: =TRUNC((G11+G13),0) -> 0 | H15: =TRUNC((H11+H13),0) -> 0 | I15: =TRUNC((I11+I13),0) -> 0 | J15: =TRUNC((J11+J13),0) -> 0 | ... AM15: =TRUNC((AM11+AM13),0) -> 0
A16: 01220004000010
A17: 01220004000011 | B17: POR:
A18: 01220005000000 | B18: FACTOR DE ACTUALIZACION
A19: 01220005000010 | B19: IGUAL:
A20: 01220006000000 | B20: SALDO CUFIN ACTUALIZADO ANTES DE QUE SE RECIBA CUFIN POR FUSION O ESCISION | C20: =TRUNC((C15*C18),0) -> 0 | D20: =TRUNC((D15*D18),0) -> 0 | E20: =TRUNC((E15*E18),0) -> 0 | F20: =TRUNC((F15*F18),0) -> 0 | G20: =TRUNC((G15*G18),0) -> 0 | H20: =TRUNC((H15*H18),0) -> 0 | I20: =TRUNC((I15*I18),0) -> 0 | J20: =TRUNC((J15*J18),0) -> 0 | ... AM20: =TRUNC((AM15*AM18),0) -> 0
A21: 01220006000010 | B21: MAS:
A22: 01220007000000 | B22: CUFIN PROVENIENTE DE FUSION O ESCISION
A23: 01220007000010 | B23: IGUAL:
A24: 01220008000000 | B24: SALDO CUFIN ACTUALIZADO DESPUES DEL REGISTRO POR FUSION O ESCISION | C24: =TRUNC((C20+C22),0) -> 0 | D24: =TRUNC((D20+D22),0) -> 0 | E24: =TRUNC((E20+E22),0) -> 0 | F24: =TRUNC((F20+F22),0) -> 0 | G24: =TRUNC((G20+G22),0) -> 0 | H24: =TRUNC((H20+H22),0) -> 0 | I24: =TRUNC((I20+I22),0) -> 0 | J24: =TRUNC((J20+J22),0) -> 0 | ... AM24: =TRUNC((AM20+AM22),0) -> 0
A25: 01220008000010
A26: 01220008000011 | B26: POR:
A27: 01220009000000 | B27: FACTOR DE ACTUALIZACION
A28: 01220009000010 | B28: IGUAL:
A29: 01220010000000 | B29: SALDO CUFIN ACTUALIZADO ANTES DE QUE SE DISTRIBUYAN DIVIDENDOS | C29: =TRUNC((C24*C27),0) -> 0 | D29: =TRUNC((D24*D27),0) -> 0 | E29: =TRUNC((E24*E27),0) -> 0 | F29: =TRUNC((F24*F27),0) -> 0 | G29: =TRUNC((G24*G27),0) -> 0 | H29: =TRUNC((H24*H27),0) -> 0 | I29: =TRUNC((I24*I27),0) -> 0 | J29: =TRUNC((J24*J27),0) -> 0 | ... AM29: =TRUNC((AM24*AM27),0) -> 0
A30: 01220010000010 | B30: MENOS:
A31: 01220011000000 | B31: DIVIDENDOS PAGADOS, INCLUSO POR DISMINUCION O REDUCCION DE CAPITAL
A32: 01220011000010 | B32: IGUAL:
A33: 01220012000000 | B33: SALDO CUFIN ACTUALIZADO DESPUES DEL PAGO DE DIVIDENDOS | C33: =TRUNC((C29-C31),0) -> 0 | D33: =TRUNC((D29-D31),0) -> 0 | E33: =TRUNC((E29-E31),0) -> 0 | F33: =TRUNC((F29-F31),0) -> 0 | G33: =TRUNC((G29-G31),0) -> 0 | H33: =TRUNC((H29-H31),0) -> 0 | I33: =TRUNC((I29-I31),0) -> 0 | J33: =TRUNC((J29-J31),0) -> 0 | ... AM33: =TRUNC((AM29-AM31),0) -> 0
A34: 01220012000010
A35: 01220012000011 | B35: POR:
A36: 01220013000000 | B36: FACTOR DE ACTUALIZACION AL ULTIMO MES DEL EJERCICIO DE QUE SE TRATE
A37: 01220013000010 | B37: IGUAL:
A38: 01220014000000 | B38: SALDO FINAL DE CUFIN ACTUALIZADO HASTA EL ULTIMO MES DEL EJERCICIO DE QUE SE TRATE | C38: =TRUNC((C33*C36),0) -> 0 | D38: =TRUNC((D33*D36),0) -> 0 | E38: =TRUNC((E33*E36),0) -> 0 | F38: =TRUNC((F33*F36),0) -> 0 | G38: =TRUNC((G33*G36),0) -> 0 | H38: =TRUNC((H33*H36),0) -> 0 | I38: =TRUNC((I33*I36),0) -> 0 | J38: =TRUNC((J33*J36),0) -> 0 | ... AM38: =TRUNC((AM33*AM36),0) -> 0
A39: 01220014000010
A40: 01220014000011
A41: 01220015000000 | B41: MENOS LA DIFERENCIA ACTUALIZADA A QUE SE REFIERE EL ART. 88, 4º PARRAFO L.I.S.R. (EJERCICIOS 2002 A 2012)
A42: 01220016000000 | B42: DIFERENCIA DE LA SUMA DEL I.S.R., PARTIDAS NO DEDUCIBLES Y LA P.T.U. DE LAS EMPRESAS (FRACC. I ART. 10 L.I.S.R.) QUE EXCEDA DEL RESULTADO FISCAL DEL EJERCICIO | C42: =TRUNC((C108),0) -> #REF! | D42: =TRUNC((D108),0) -> 0 | E42: =TRUNC((E108),0) -> 0 | F42: =TRUNC((F108),0) -> 0 | G42: =TRUNC((G108),0) -> 0 | H42: =TRUNC((H108),0) -> 0 | I42: =TRUNC((I108),0) -> 0 | J42: =TRUNC((J108),0) -> 0 | ... M42: =TRUNC((M108),0) -> 0
A43: 01220016000010 | B43: POR:
A44: 01220017000000 | B44: FACTOR DE ACTUALIZACION
A45: 01220018000000 | B45: DIFERENCIA ACTUALIZADA DE LA SUMA DEL I.S.R., PARTIDAS NO DEDUCIBLES Y LA P.T.U. DE LAS EMPRESAS (FRACC. I ART. 10 L.I.S.R.) QUE EXCEDA DEL RESULTADO FISCAL DEL EJERCICIO
A46: 01220018000010
A47: 01220018000011 | B47: MAS:
A48: 01220019000000 | B48: UTILIDAD FISCAL NETA DEL EJERCICIO | C48: =TRUNC(IF(C112>0,C112, 0),0) -> #REF! | D48: =TRUNC(IF(D112>0,D112, 0),0) -> 0 | E48: =TRUNC(IF(E112>0,E112, 0),0) -> 0 | F48: =TRUNC(IF(F112>0,F112, 0),0) -> 0 | G48: =TRUNC(IF(G112>0,G112, 0),0) -> 0 | H48: =TRUNC(IF(H112>0,H112, 0),0) -> 0 | I48: =TRUNC(IF(I112>0,I112, 0),0) -> 0 | J48: =TRUNC(IF(J112>0,J112, 0),0) -> 0 | K48: =TRUNC(IF(K97>0,K97, 0),0) -> 0 | L48: =TRUNC(IF(L97>0,L97, 0),0) -> 0 | M48: =TRUNC(IF(M97>0,M97, 0),0) -> 0 | N48: =TRUNC((N83),0) -> 0 | O48: =TRUNC((O83),0) -> 0 | P48: =TRUNC((P83),0) -> 0 | Q48: =TRUNC((Q72),0) -> 0 | R48: =TRUNC((R72),0) -> 0 | S48: =TRUNC((S72),0) -> 0 | T48: =TRUNC((T72),0) -> 0 | U48: =TRUNC((U72),0) -> 0 | V48: =TRUNC((V72),0) -> 0 | W48: =TRUNC((W72),0) -> 0 | X48: =TRUNC((X72),0) -> 0 | ... Z48: =TRUNC((Z72),0) -> 0 | AA48: =TRUNC((AA61),0) -> 0 | AB48: =TRUNC((AB61),0) -> 0 | AC48: =TRUNC((AC61),0) -> 0 | AD48: =TRUNC((AD61),0) -> 0 | AE48: =TRUNC((AE61),0) -> 0 | AF48: =TRUNC((AF61),0) -> 0 | AG48: =TRUNC((AG61),0) -> 0 | AH48: =TRUNC((AH61),0) -> 0 | ... AN48: =TRUNC((AN61),0) -> 0
A49: 01220019000010
A50: 01220020000000 | B50: CUFIN TOTAL AL CIERRE DEL EJERCICIO | C50: =TRUNC(C38-C42+C48,0) -> #REF! | D50: =TRUNC(D38-D42+D48,0) -> 0 | E50: =TRUNC(E38-E42+E48,0) -> 0 | F50: =TRUNC(F38-F42+F48,0) -> 0 | G50: =TRUNC(G38-G42+G48,0) -> 0 | H50: =TRUNC(H38-H42+H48,0) -> 0 | I50: =TRUNC(I38-I42+I48,0) -> 0 | J50: =TRUNC(J38-J42+J48,0) -> 0 | ... AN50: =TRUNC(AN38-AN42+AN48,0) -> 0
A51: 01220020000010
A52: 01220020000011 | B52: EJERCICIOS DE 1975 A 1988:
A53: 01220020000012
A54: 01220021000000 | B54: INGRESO GLOBAL GRAVABLE O RESULTADO FISCAL. TITULOS II Y VII
A55: 01220021000010 | B55: MENOS:
A56: 01220022000000 | B56: I.S.R. TITULOS II Y VII
A57: 01220023000000 | B57: P.T.U.
A58: 01220024000000 | B58: NETO | AA58: =TRUNC((+AA54-AA56-AA57),0) -> 0 | AB58: =TRUNC((+AB54-AB56-AB57),0) -> 0 | AC58: =TRUNC((+AC54-AC56-AC57),0) -> 0 | AD58: =TRUNC((+AD54-AD56-AD57),0) -> 0 | AE58: =TRUNC((+AE54-AE56-AE57),0) -> 0 | AF58: =TRUNC((+AF54-AF56-AF57),0) -> 0 | AG58: =TRUNC((+AG54-AG56-AG57),0) -> 0 | AH58: =TRUNC((+AH54-AH56-AH57),0) -> 0 | ... AN58: =TRUNC((+AN54-AN56-AN57),0) -> 0
A59: 01220025000000 | B59: PARTIDAS NO DEDUCIBLES, EXCEPTO PROVISIONES Y RESERVAS. ARTICULO 25 FRACCS. IX Y X L.I.S.R.
A60: 01220025000010 | B60: IGUAL:
A61: 01220026000000 | B61: UTILIDAD FISCAL NETA DEL EJERCICIO | AA61: =TRUNC(IF((+AA58-AA59)>0,(+AA58-AA59),0),0) -> 0 | AB61: =TRUNC(IF((+AB58-AB59)>0,(+AB58-AB59),0),0) -> 0 | AC61: =TRUNC(IF((+AC58-AC59)>0,(+AC58-AC59),0),0) -> 0 | AD61: =TRUNC(IF((+AD58-AD59)>0,(+AD58-AD59),0),0) -> 0 | AE61: =TRUNC(IF((+AE58-AE59)>0,(+AE58-AE59),0),0) -> 0 | AF61: =TRUNC(IF((+AF58-AF59)>0,(+AF58-AF59),0),0) -> 0 | AG61: =TRUNC(IF((+AG58-AG59)>0,(+AG58-AG59),0),0) -> 0 | AH61: =TRUNC(IF((+AH58-AH59)>0,(+AH58-AH59),0),0) -> 0 | ... AN61: =TRUNC(IF((+AN58-AN59)>0,(+AN58-AN59),0),0) -> 0
A62: 01220026000010
A63: 01220026000011 | B63: EJERCICIOS DE 1989 A 1998
A64: 01220026000012
A65: 01220027000000 | B65: RESULTADO FISCAL. TITULO II
A66: 01220027000010 | B66: MENOS:
A67: 01220028000000 | B67: I.S.R. TITULO II
A68: 01220029000000 | B68: P.T.U.
A69: 01220030000000 | B69: NETO | Q69: =TRUNC((+Q65-Q67-Q68),0) -> 0 | R69: =TRUNC((+R65-R67-R68),0) -> 0 | S69: =TRUNC((+S65-S67-S68),0) -> 0 | T69: =TRUNC((+T65-T67-T68),0) -> 0 | U69: =TRUNC((+U65-U67-U68),0) -> 0 | V69: =TRUNC((+V65-V67-V68),0) -> 0 | W69: =TRUNC((+W65-W67-W68),0) -> 0 | X69: =TRUNC((+X65-X67-X68),0) -> 0 | ... Z69: =TRUNC((+Z65-Z67-Z68),0) -> 0
A70: 01220031000000 | B70: PARTIDAS NO DEDUCIBLES, EXCEPTO PROVISIONES Y RESERVAS. ARTICULO 25 FRACCS. IX Y X L.I.S.R.
A71: 01220031000010 | B71: IGUAL:
A72: 01220032000000 | B72: UTILIDAD FISCAL NETA DEL EJERCICIO | Q72: =TRUNC(IF((+Q69-Q70)>0,(+Q69-Q70),0),0) -> 0 | R72: =TRUNC(IF((+R69-R70)>0,(+R69-R70),0),0) -> 0 | S72: =TRUNC(IF((+S69-S70)>0,(+S69-S70),0),0) -> 0 | T72: =TRUNC(IF((+T69-T70)>0,(+T69-T70),0),0) -> 0 | U72: =TRUNC(IF((+U69-U70)>0,(+U69-U70),0),0) -> 0 | V72: =TRUNC(IF((+V69-V70)>0,(+V69-V70),0),0) -> 0 | W72: =TRUNC(IF((+W69-W70)>0,(+W69-W70),0),0) -> 0 | X72: =TRUNC(IF((+X69-X70)>0,(+X69-X70),0),0) -> 0 | ... Z72: =TRUNC(IF((+Z69-Z70)>0,(+Z69-Z70),0),0) -> 0
A73: 01220032000010
A74: 01220032000011 | B74: EJERCICIOS DE 1999 A 2001
A75: 01220032000012
A76: 01220033000000 | B76: RESULTADO FISCAL. TITULO II
A77: 01220033000010 | B77: MENOS:
A78: 01220034000000 | B78: UTILIDAD FISCAL REINVERTIDA. ART. 10 3ER. PARRAFO L.I.S.R.
A79: 01220035000000 | B79: P.T.U.
A80: 01220036000000 | B80: PARTIDAS NO DEDUCIBLES, EXCEPTO PROVISIONES Y RESERVAS. ARTICULO 25 FRACCS. IX Y X L.I.S.R.
A81: 01220037000000 | B81: I.S.R. TITULO II ART. 10 1ER. PARRAFO
A82: 01220037000010 | B82: IGUAL:
A83: 01220038000000 | B83: UTILIDAD FISCAL NETA DEL EJERCICIO | N83: =TRUNC(IF((N76-N78-N79-N80-N81)>0,(N76-N78-N79-N80-N81),0),0) -> 0 | O83: =TRUNC(IF((O76-O78-O79-O80-O81)>0,(O76-O78-O79-O80-O81),0),0) -> 0 | P83: =TRUNC(IF((P76-P78-P79-P80-P81)>0,(P76-P78-P79-P80-P81),0),0) -> 0
A84: 01220038000010
A85: 01220038000011 | B85: EJERCICIOS DE 2002 A 2004
A86: 01220038000012
A87: 01220039000000 | B87: RESULTADO FISCAL. TITULO II
A88: 01220039000010 | B88: MENOS:
A89: 01220040000000 | B89: I.S.R. TITULO II ART. 10 1ER. PARRAFO
A90: 01220041000000 | B90: PARTIDAS NO DEDUCIBLES, EXCEPTO PROVISIONES Y RESERVAS. ARTICULO 32 FRACCS. VIII Y IX L.I.S.R.
A91: 01220041000010 | B91: IGUAL:
A92: 01220042000000 | B92: RESULTADO POSITIVO | K92: =TRUNC(IF(K87-SUM(K89:K90)>0,K87-SUM(K89:K90), 0),0) -> 0 | L92: =TRUNC(IF(L87-SUM(L89:L90)>0,L87-SUM(L89:L90), 0),0) -> 0 | M92: =TRUNC(IF(M87-SUM(M89:M90)>0,M87-SUM(M89:M90), 0),0) -> 0
A93: 01220043000000 | B93: RESULTADO NEGATIVO (DIFERENCIA A QUE SE REFIERE EL ART. 88, 4º PARRAFO DE LA L.I.S.R.) | K93: =TRUNC(IF(K87-SUM(K89:K90)<0,-K87+SUM(K89:K90), 0),0) -> 0 | L93: =TRUNC(IF(L87-SUM(L89:L90)<0,-L87+SUM(L89:L90), 0),0) -> 0 | M93: =TRUNC(IF(M87-SUM(M89:M90)<0,-M87+SUM(M89:M90), 0),0) -> 0
A94: 01220043000010 | B94: CUANDO EL RESULTADO ES POSITIVO, MENOS:
A95: 01220044000000 | B95: IMPUESTO ACREDITADO ART. 11 FRAC. II ENTRE FACTOR ART. 2o. TRANSITORIO L.I.S.R. FRACCS. X Y LXXXII
A96: 01220044000010 | B96: IGUAL:
A97: 01220045000000 | B97: UTILIDAD FISCAL NETA DEL EJERCICIO CUANDO EL RESULTADO ES POSITIVO | K97: =TRUNC(IF(K92>0,K92-K95, 0),0) -> 0 | L97: =TRUNC(IF(L92>0,L92-L95, 0),0) -> 0 | M97: =TRUNC(IF(M92>0,M92-M95, 0),0) -> 0
A98: 01220045000010
A99: 01220045000011 | B99: EJERCICIOS DE 2005 A 2012
A100: 01220045000012
...

Sheet ANEXO 23
B1: 23.- CUENTA DE UTILIDAD FISCAL NETA REINVERTIDA.- CUFINRE
A2: INDICE | B2: CONCEPTO | C2: 2012 | D2: 2011 | E2: 2010 | F2: 2009 | G2: 2008 | H2: 2007 | I2: 2006 | J2: 2005 | K2: 2004 | L2: 2003 | M2: 2002 | N2: 2001 | O2: 2000 | P2: 1999
A3: 01230000000010
A4: 01230000000011 | B4: (CIFRAS EN PESOS)
A5: 01230000000012
A6: 01230000000000 | B6: SALDO INICIAL DE CUFINRE | C6: =TRUNC(D49,0) -> 0 | D6: =TRUNC(E49,0) -> 0 | E6: =TRUNC(F49,0) -> 0 | F6: =TRUNC(G49,0) -> 0 | G6: =TRUNC(H49,0) -> 0 | H6: =TRUNC(I49,0) -> 0 | I6: =TRUNC(J49,0) -> 0 | J6: =TRUNC(K49,0) -> 0 | ... O6: =TRUNC(P49,0) -> 0
A7: 01230000000010 | B7: POR:
A8: 01230001000000 | B8: FACTOR DE ACTUALIZACION
A9: 01230001000010 | B9: IGUAL A:
A10: 01230002000000 | B10: SALDO CUFINRE ACTUALIZADO ANTES DE QUE SE RECIBA CUFINRE POR FUSION O ESCISION | C10: =TRUNC((C6*C8),0) -> 0 | D10: =TRUNC((D6*D8),0) -> 0 | E10: =TRUNC((E6*E8),0) -> 0 | F10: =TRUNC((F6*F8),0) -> 0 | G10: =TRUNC((G6*G8),0) -> 0 | H10: =TRUNC((H6*H8),0) -> 0 | I10: =TRUNC((I6*I8),0) -> 0 | J10: =TRUNC((J6*J8),0) -> 0 | ... O10: =TRUNC((O6*O8),0) -> 0
A11: 01230002000010 | B11: MAS:
A12: 01230003000000 | B12: CUFINRE PROVENIENTE DE FUSION O ESCISION
A13: 01230003000010 | B13: IGUAL A:
A14: 01230004000000 | B14: SALDO CUFINRE DESPUES DEL REGISTRO POR FUSION O ESCISION | C14: =TRUNC((C10+C12),0) -> 0 | D14: =TRUNC((D10+D12),0) -> 0 | E14: =TRUNC((E10+E12),0) -> 0 | F14: =TRUNC((F10+F12),0) -> 0 | G14: =TRUNC((G10+G12),0) -> 0 | H14: =TRUNC((H10+H12),0) -> 0 | I14: =TRUNC((I10+I12),0) -> 0 | J14: =TRUNC((J10+J12),0) -> 0 | ... O14: =TRUNC((O10+O12),0) -> 0
A15: 01230004000010 | B15: POR:
A16: 01230005000000 | B16: FACTOR DE ACTUALIZACION
A17: 01230005000010 | B17: IGUAL A:
A18: 01230006000000 | B18: SALDO CUFINRE ACTUALIZADO ANTES DE QUE SE DISTRIBUYAN DIVIDENDOS, INCLUSIVE POR DISMINUCION O REDUCCION DE CAPITAL | C18: =TRUNC((C14*C16),0) -> 0 | D18: =TRUNC((D14*D16),0) -> 0 | E18: =TRUNC((E14*E16),0) -> 0 | F18: =TRUNC((F14*F16),0) -> 0 | G18: =TRUNC((G14*G16),0) -> 0 | H18: =TRUNC((H14*H16),0) -> 0 | I18: =TRUNC((I14*I16),0) -> 0 | J18: =TRUNC((J14*J16),0) -> 0 | ... O18: =TRUNC((O14*O16),0) -> 0
A19: 01230006000010 | B19: MENOS:
A20: 01230007000000 | B20: DIVIDENDOS PAGADOS
A21: 01230007000010 | B21: IGUAL A:
A22: 01230008000000 | B22: SALDO CUFINRE DESPUES DEL PAGO DE DIVIDENDOS | C22: =TRUNC((C18-C20),0) -> 0 | D22: =TRUNC((D18-D20),0) -> 0 | E22: =TRUNC((E18-E20),0) -> 0 | F22: =TRUNC((F18-F20),0) -> 0 | G22: =TRUNC((G18-G20),0) -> 0 | H22: =TRUNC((H18-H20),0) -> 0 | I22: =TRUNC((I18-I20),0) -> 0 | J22: =TRUNC((J18-J20),0) -> 0 | ... O22: =TRUNC((O18-O20),0) -> 0
A23: 01230008000010 | B23: POR:
A24: 01230009000000 | B24: FACTOR DE ACTUALIZACION AL ULTIMO MES DEL EJERCICIO DE QUE SE TRATE
A25: 01230009000010 | B25: IGUAL A:
A26: 01230010000000 | B26: SALDO FINAL DE CUFINRE ACTUALIZADO HASTA EL ULTIMO MES DEL EJERCICIO DE QUE SE TRATE | C26: =TRUNC(C22*C24,0) -> 0 | D26: =TRUNC(D22*D24,0) -> 0 | E26: =TRUNC(E22*E24,0) -> 0 | F26: =TRUNC(F22*F24,0) -> 0 | G26: =TRUNC(G22*G24,0) -> 0 | H26: =TRUNC(H22*H24,0) -> 0 | I26: =TRUNC(I22*I24,0) -> 0 | J26: =TRUNC(J22*J24,0) -> 0 | ... O26: =TRUNC(O22*O24,0) -> 0
A27: 01230010000010
A28: 01230010000011 | B28: DETERMINACION DEL SALDO DE CUFINRE DE LOS
A29: 01230010000012 | B29: EJERCICIOS 1999 A 2001
A30: 01230010000013
A31: 01230011000000 | B31: RESULTADO FISCAL
A32: 01230011000010 | B32: MAS:
A33: 01230012000000 | B33: P.T.U. DEDUCIDA EN LOS TERMINOS DE LA FRACCION III DEL ARTICULO 25 L.I.S.R.
A34: 01230012000010 | B34: MENOS:
A35: 01230013000000 | B35: P.T.U. DEL EJERCICIO
A36: 01230014000000 | B36: PARTIDAS NO DEDUCIBLES EXCEPTO PROVISIONES Y RESERVAS ART. 25 FRACCIONES IX Y X L.I.S.R.
A37: 01230015000000 | B37: UTILIDAD POR INGRESOS PROVENIENTES DE FUENTE DE RIQUEZA UBICADOS EN EL EXTRANJERO
A38: 01230015000010 | B38: IGUAL A:
A39: 01230016000000 | B39: UTILIDAD FISCAL REINVERTIDA DEL EJERCICIO ART. 10 3ER. PARRAFO L.I.S.R. | N39: =TRUNC((N31+N33-N35-N36-N37),0) -> 0 | O39: =TRUNC((O31+O33-O35-O36-O37),0) -> 0 | P39: =TRUNC((P31+P33-P35-P36-P37),0) -> 0
A40: 01230016000010 | B40: MENOS:
A41: 01230017000000 | B41: I.S.R. APLICABLE A LA UTILIDAD FISCAL REINVERTIDA
A42: 01230017000010 | B42: IGUAL A:
A43: 01230018000000 | B43: RESULTADO | N43: =TRUNC((N39-N41),0) -> 0 | O43: =TRUNC((O39-O41),0) -> 0 | P43: =TRUNC((P39-P41),0) -> 0
A44: 01230018000010 | B44: POR:
A45: 01230019000000 | B45: FACTOR ART. 124-A. 3ER. PARRAFO L.I.S.R.
A46: 01230019000010 | B46: IGUAL A:
A47: 01230020000000 | B47: UTILIDAD FISCAL NETA REINVERTIDA DEL EJERCICIO | N47: =TRUNC((N43*N45),0) -> 0 | O47: =TRUNC((O43*O45),0) -> 0 | P47: =TRUNC((P43*P45),0) -> 0
A48: 01230020000010
A49: 01230021000000 | B49: CUFINRE TOTAL | C49: =TRUNC(C26,0) -> 0 | D49: =TRUNC(D26,0) -> 0 | E49: =TRUNC(E26,0) -> 0 | F49: =TRUNC(F26,0) -> 0 | G49: =TRUNC(G26,0) -> 0 | H49: =TRUNC(H26,0) -> 0 | I49: =TRUNC(I26,0) -> 0 | J49: =TRUNC(J26,0) -> 0 | ... M49: =TRUNC(M26,0) -> 0 | N49: =TRUNC(N26+N47,0) -> 0 | O49: =TRUNC(O26+O47,0) -> 0 | P49: =TRUNC(P47,0) -> 0

Sheet ANEXO 24
B1: 24.- OPERACIONES FINANCIERAS DERIVADAS CONTRATADAS CON RESIDENTES EN EL EXTRANJERO
A2: INDICE | B2: CONCEPTO | C2: NUMERO DE IDENTIFICACION FISCAL | D2: PAIS DE RESIDENCIA | E2: FECHA DE CELEBRACION DEL CONTRATO QUE LE DIO ORIGEN A LA OPERACIÓN | F2: TIPO DE OPERACION CONTRATADA, DEUDA O CAPITAL | G2: MONTO CONTRATADO | H2: TIPO DE MONEDA | I2: TASA DE INTERES | J2: VIGENCIA DEL | K2: VIGENCIA AL | L2: INDIQUE SI SE CONTRATO CON UNA PARTE RELACIONADA (SI O NO)
A3: 01240000000010
A4: 01240000000011 | B4: (CIFRAS EN PESOS)
A5: 01240000000012
A6: 01240000000013 | B6: NOTA: SOLAMENTE SE CAPTURA LA INFORMACIÓN DE ESTE ANEXO CUANDO SE HAYA ANOTADO “SI” EN EL CONCEPTO “01D062000", DEL ANEXO DE DATOS GENERALES
A7: 01240000000014
A8: 01240000000015 | B8: NOMBRE, DENOMINACION O RAZON SOCIAL DEL RESIDENTE EN EL EXTRANJERO
A9: 01240000000016
A10: 01240000000000
A11: 01240000000010
A12: 01240001000000 | B12: TOTAL | G12: =SUM(G10:G11) -> 0

Sheet ANEXO 25
